Workbook

Sheet YTD Summary
B1: 44196
B3: Year to Date
B4: =+B1 -> 44196
C5: Actual | D5: Budget | E5: Forecast | G5: Variance to Budget | H5: Variancer to Forecast | I5: % to Budget | J5: % to Forecast
A6: Total Exchange Revenue | B6: Exchange Revenue | C6: =SUMIF(IS!$P$7:$AA$7,"YTD",(INDEX(IS!$P$11:$AA$77,MATCH('YTD Summary'!A6,IS!$A$11:$A$77,0)*MATCH('YTD Summary'!$C$5,IS!$P$8:$AA$8,0),MATCH('YTD Summary'!$B$1,IS!$P$9:$AA$9)))) -> 6462761.8 | D6: #N/A | E6: #N/A | G6: =+C6-D6 -> #N/A | H6: =+C6-E6 -> #N/A | I6: =IFERROR(+G6/D6,0) -> 0 | J6: =IFERROR(+H6/E6,0) -> 0
A7: Total Licensing | B7: Licensing | C7: =SUMIF(IS!$P$7:$AA$7,"YTD",(INDEX(IS!$P$11:$AA$77,MATCH('YTD Summary'!A7,IS!$A$11:$A$77,0)*MATCH('YTD Summary'!$C$5,IS!$P$8:$AA$8,0),MATCH('YTD Summary'!$B$1,IS!$P$9:$AA$9)))) -> 15862500 | D7: #N/A | E7: #N/A | G7: =+C7-D7 -> #N/A | H7: =+C7-E7 -> #N/A | I7: =IFERROR(+G7/D7,0) -> 0 | J7: =IFERROR(+H7/E7,0) -> 0
A8: Total Commissions | B8: Commissions | C8: =SUMIF(IS!$P$7:$AA$7,"YTD",(INDEX(IS!$P$11:$AA$77,MATCH('YTD Summary'!A8,IS!$A$11:$A$77,0)*MATCH('YTD Summary'!$C$5,IS!$P$8:$AA$8,0),MATCH('YTD Summary'!$B$1,IS!$P$9:$AA$9)))) -> 1540597.5 | D8: #N/A | E8: #N/A | G8: =+C7-D7 -> #N/A | H8: =+C8-E8 -> #N/A | I8: =IFERROR(+G8/D8,0) -> 0 | J8: =IFERROR(+H8/E8,0) -> 0
A9: Total Override | B9: Override | C9: =SUMIF(IS!$P$7:$AA$7,"YTD",(INDEX(IS!$P$11:$AA$77,MATCH('YTD Summary'!A9,IS!$A$11:$A$77,0)*MATCH('YTD Summary'!$C$5,IS!$P$8:$AA$8,0),MATCH('YTD Summary'!$B$1,IS!$P$9:$AA$9)))) -> 1262874.7 | D9: #N/A | E9: #N/A | G9: =+C8-D8 -> #N/A | H9: =+C9-E9 -> #N/A | I9: =IFERROR(+G9/D9,0) -> 0 | J9: =IFERROR(+H9/E9,0) -> 0
A10: Implementation & Configuration | B10: Implementation & Configuration | C10: =SUMIF(IS!$P$7:$AA$7,"YTD",(INDEX(IS!$P$11:$AA$77,MATCH('YTD Summary'!A10,IS!$A$11:$A$77,0)*MATCH('YTD Summary'!$C$5,IS!$P$8:$AA$8,0),MATCH('YTD Summary'!$B$1,IS!$P$9:$AA$9)))) -> 15250000 | D10: #N/A | E10: #N/A | G10: =+C9-D9 -> #N/A | H10: =+C10-E10 -> #N/A | I10: =IFERROR(+G10/D10,0) -> 0 | J10: =IFERROR(+H10/E10,0) -> 0
A11: Total Revenue | B11: Revenue | C11: =SUMIF(IS!$P$7:$AA$7,"YTD",(INDEX(IS!$P$11:$AA$77,MATCH('YTD Summary'!A11,IS!$A$11:$A$77,0)*MATCH('YTD Summary'!$C$5,IS!$P$8:$AA$8,0),MATCH('YTD Summary'!$B$1,IS!$P$9:$AA$9)))) -> 40378734 | D11: #N/A | E11: #N/A | G11: =+C10-D10 -> #N/A | H11: =+C11-E11 -> #N/A | I11: =IFERROR(+G11/D11,0) -> 0 | J11: =IFERROR(+H11/E11,0) -> 0
A13: Total Cost of Goods Sold | B13: Cost of Goods Sold | C13: =INDEX(IS!$BN$11:$BN$77,MATCH('YTD Summary'!A13,IS!$A$11:$A$77,0)*MATCH('YTD Summary'!$C$5,IS!$BN$8:$BN$8,0),MATCH('YTD Summary'!$B$1,IS!$BN$9:$BN$9)) -> #N/A | D13: #N/A | E13: #N/A | G13: =+D13-C13 -> #N/A | H13: =+E13-C13 -> #N/A | I13: =IFERROR(+G13/D13,0) -> 0 | J13: =IFERROR(+H13/E13,0) -> 0
A15: Gross Margin | B15: Gross Margin | C15: =INDEX(IS!$BN$11:$BN$77,MATCH('YTD Summary'!A15,IS!$A$11:$A$77,0)*MATCH('YTD Summary'!$C$5,IS!$BN$8:$BN$8,0),MATCH('YTD Summary'!$B$1,IS!$BN$9:$BN$9)) -> #N/A | D15: #N/A | E15: #N/A | G15: =IF(AND(D15<0,$C15<0),$C15-D15,IF(D15<0,-D15+$C15,$C15-D15)) -> #N/A | H15: =+C15-E15 -> #N/A | I15: =IFERROR(+G15/D15,0) -> 0 | J15: =IFERROR(+H15/E15,0) -> 0
A17: Salary | B17: Salary | C17: =INDEX(IS!$BN$11:$BN$77,MATCH('YTD Summary'!A17,IS!$A$11:$A$77,0)*MATCH('YTD Summary'!$C$5,IS!$BN$8:$BN$8,0),MATCH('YTD Summary'!$B$1,IS!$BN$9:$BN$9)) -> #N/A | D17: #N/A | E17: #N/A | G17: =+D17-C17 -> #N/A | H17: =+E17-C17 -> #N/A | I17: =IFERROR(+G17/D17,0) -> 0 | J17: =IFERROR(+H17/E17,0) -> 0
A18: Bonus | B18: Bonus | C18: =INDEX(IS!$BN$11:$BN$77,MATCH('YTD Summary'!A18,IS!$A$11:$A$77,0)*MATCH('YTD Summary'!$C$5,IS!$BN$8:$BN$8,0),MATCH('YTD Summary'!$B$1,IS!$BN$9:$BN$9)) -> #N/A | D18: #N/A | E18: #N/A | G18: =+D18-C18 -> #N/A | H18: =+E18-C18 -> #N/A | I18: =IFERROR(+G18/D18,0) -> 0 | J18: =IFERROR(+H18/E18,0) -> 0
A19: Subtotal - EE Benefits | B19: EE Total | C19: =INDEX(IS!$BN$11:$BN$77,MATCH('YTD Summary'!A19,IS!$A$11:$A$77,0)*MATCH('YTD Summary'!$C$5,IS!$BN$8:$BN$8,0),MATCH('YTD Summary'!$B$1,IS!$BN$9:$BN$9)) -> #N/A | D19: #N/A | E19: #N/A | G19: =+D19-C19 -> #N/A | H19: =+E19-C19 -> #N/A | I19: =IFERROR(+G19/D19,0) -> 0 | J19: =IFERROR(+H19/E19,0) -> 0
A20: Recruiting & Relocation | B20: Recruiting & Relocation | C20: =INDEX(IS!$BN$11:$BN$77,MATCH('YTD Summary'!A20,IS!$A$11:$A$77,0)*MATCH('YTD Summary'!$C$5,IS!$BN$8:$BN$8,0),MATCH('YTD Summary'!$B$1,IS!$BN$9:$BN$9)) -> #N/A | D20: #N/A | E20: #N/A | G20: =+D20-C20 -> #N/A | H20: =+E20-C20 -> #N/A | I20: =IFERROR(+G20/D20,0) -> 0 | J20: =IFERROR(+H20/E20,0) -> 0
A21: Consulting and Subs | B21: Consulting and Subs | C21: =INDEX(IS!$BN$11:$BN$77,MATCH('YTD Summary'!A21,IS!$A$11:$A$77,0)*MATCH('YTD Summary'!$C$5,IS!$BN$8:$BN$8,0),MATCH('YTD Summary'!$B$1,IS!$BN$9:$BN$9)) -> #N/A | D21: #N/A | E21: #N/A | G21: =+D21-C21 -> #N/A | H21: =+E21-C21 -> #N/A | I21: =IFERROR(+G21/D21,0) -> 0 | J21: =IFERROR(+H21/E21,0) -> 0
A22: Rent | B22: Rent | C22: =INDEX(IS!$BN$11:$BN$77,MATCH('YTD Summary'!A22,IS!$A$11:$A$77,0)*MATCH('YTD Summary'!$C$5,IS!$BN$8:$BN$8,0),MATCH('YTD Summary'!$B$1,IS!$BN$9:$BN$9)) -> #N/A | D22: #N/A | E22: #N/A | G22: =+D22-C22 -> #N/A | H22: =+E22-C22 -> #N/A | I22: =IFERROR(+G22/D22,0) -> 0 | J22: =IFERROR(+H22/E22,0) -> 0
A23: Office Expense | B23: Office Expense | C23: =INDEX(IS!$BN$11:$BN$77,MATCH('YTD Summary'!A23,IS!$A$11:$A$77,0)*MATCH('YTD Summary'!$C$5,IS!$BN$8:$BN$8,0),MATCH('YTD Summary'!$B$1,IS!$BN$9:$BN$9)) -> #N/A | D23: #N/A | E23: #N/A | G23: =+D23-C23 -> #N/A | H23: =+E23-C23 -> #N/A | I23: =IFERROR(+G23/D23,0) -> 0 | J23: =IFERROR(+H23/E23,0) -> 0
A24: Travel & Entertainment | B24: Travel & Entertainment | C24: =INDEX(IS!$BN$11:$BN$77,MATCH('YTD Summary'!A24,IS!$A$11:$A$77,0)*MATCH('YTD Summary'!$C$5,IS!$BN$8:$BN$8,0),MATCH('YTD Summary'!$B$1,IS!$BN$9:$BN$9)) -> #N/A | D24: #N/A | E24: #N/A | G24: =+D24-C24 -> #N/A | H24: =+E24-C24 -> #N/A | I24: =IFERROR(+G24/D24,0) -> 0 | J24: =IFERROR(+H24/E24,0) -> 0
A25: Marketing | B25: Marketing | C25: =INDEX(IS!$BN$11:$BN$77,MATCH('YTD Summary'!A25,IS!$A$11:$A$77,0)*MATCH('YTD Summary'!$C$5,IS!$BN$8:$BN$8,0),MATCH('YTD Summary'!$B$1,IS!$BN$9:$BN$9)) -> #N/A | D25: #N/A | E25: #N/A | G25: =+D25-C25 -> #N/A | H25: =+E25-C25 -> #N/A | I25: =IFERROR(+G25/D25,0) -> 0 | J25: =IFERROR(+H25/E25,0) -> 0
A26: G&A | B26: G&A | C26: =INDEX(IS!$BN$11:$BN$77,MATCH('YTD Summary'!A26,IS!$A$11:$A$77,0)*MATCH('YTD Summary'!$C$5,IS!$BN$8:$BN$8,0),MATCH('YTD Summary'!$B$1,IS!$BN$9:$BN$9)) -> #N/A | D26: #N/A | E26: #N/A | G26: =+D26-C26 -> #N/A | H26: =+E26-C26 -> #N/A | I26: =IFERROR(+G26/D26,0) -> 0 | J26: =IFERROR(+H26/E26,0) -> 0
A27: Total Operating Expenses | B27: Total Operating Expenses | C27: =INDEX(IS!$BN$11:$BN$77,MATCH('YTD Summary'!A27,IS!$A$11:$A$77,0)*MATCH('YTD Summary'!$C$5,IS!$BN$8:$BN$8,0),MATCH('YTD Summary'!$B$1,IS!$BN$9:$BN$9)) -> #N/A | D27: #N/A | E27: #N/A | G27: =+D27-C27 -> #N/A | H27: =+E27-C27 -> #N/A | I27: =IFERROR(+G27/D27,0) -> 0 | J27: =IFERROR(+H27/E27,0) -> 0
A29: Net Operating Income | B29: Net Operating Income | C29: =INDEX(IS!$BN$11:$BN$77,MATCH('YTD Summary'!A29,IS!$A$11:$A$77,0)*MATCH('YTD Summary'!$C$5,IS!$BN$8:$BN$8,0),MATCH('YTD Summary'!$B$1,IS!$BN$9:$BN$9)) -> #N/A | D29: #N/A | E29: #N/A | G29: =+C29-D29 -> #N/A | H29: =+C29-E29 -> #N/A | I29: =IFERROR(+G29/D29,0) -> 0 | J29: =IFERROR(+H29/E29,0) -> 0
A31: Net Non-Operating Income | B31: Net Non-Operating Income | C31: =INDEX(IS!$BN$11:$BN$77,MATCH('YTD Summary'!A31,IS!$A$11:$A$77,0)*MATCH('YTD Summary'!$C$5,IS!$BN$8:$BN$8,0),MATCH('YTD Summary'!$B$1,IS!$BN$9:$BN$9)) -> #N/A | D31: #N/A | E31: #N/A | G31: =+C31-D31 -> #N/A | H31: =+C31-E31 -> #N/A | I31: =IFERROR(+G31/D31,0) -> 0 | J31: =IFERROR(+H31/E31,0) -> 0
A33: Pre-Tax Income | B33: Pre-Tax Income | C33: =INDEX(IS!$BN$11:$BN$77,MATCH('YTD Summary'!A33,IS!$A$11:$A$77,0)*MATCH('YTD Summary'!$C$5,IS!$BN$8:$BN$8,0),MATCH('YTD Summary'!$B$1,IS!$BN$9:$BN$9)) -> #N/A | D33: #N/A | E33: #N/A | G33: =+C33-D33 -> #N/A | H33: =+C33-E33 -> #N/A | I33: =IFERROR(+G33/D33,0) -> 0 | J33: =IFERROR(+H33/E33,0) -> 0
A35: Income Tax | B35: Income Tax | C35: =INDEX(IS!$BN$11:$BN$77,MATCH('YTD Summary'!A35,IS!$A$11:$A$77,0)*MATCH('YTD Summary'!$C$5,IS!$BN$8:$BN$8,0),MATCH('YTD Summary'!$B$1,IS!$BN$9:$BN$9)) -> #N/A | D35: #N/A | E35: #N/A | G35: =+C35-D35 -> #N/A | H35: =+C35-E35 -> #N/A | I35: =IFERROR(+G35/D35,0) -> 0 | J35: =IFERROR(+H35/E35,0) -> 0
A37: Net Income | B37: Net Income | C37: =INDEX(IS!$BN$11:$BN$77,MATCH('YTD Summary'!A37,IS!$A$11:$A$77,0)*MATCH('YTD Summary'!$C$5,IS!$BN$8:$BN$8,0),MATCH('YTD Summary'!$B$1,IS!$BN$9:$BN$9)) -> #N/A | D37: #N/A | E37: #N/A | G37: =+C37-D37 -> #N/A | H37: =+C37-E37 -> #N/A | I37: =IFERROR(+G37/D37,0) -> 0 | J37: =IFERROR(+H37/E37,0) -> 0

Sheet Balance Sheet
C1: 44196
B3: Balance Sheet Month to Date
B4: Month To Date
A5: Cash | B5: Cash | C5: =INDEX(BS!$A$8:$AX$70,MATCH('Balance Sheet'!A5,BS!$A$8:$A$70),MATCH('Balance Sheet'!$C$1,BS!$A$7:$AX$7)) -> 1064005
A6: Unbilled Accounts Receivable | B6: Unbilled Accounts Receivable | C6: =INDEX(BS!$A$8:$AX$70,MATCH('Balance Sheet'!A6,BS!$A$8:$A$70),MATCH('Balance Sheet'!$C$1,BS!$A$7:$AX$7)) -> 27087589
A7: Accounts Receivable | B7: Accounts Receivable | C7: =INDEX(BS!$A$8:$AX$70,MATCH('Balance Sheet'!A7,BS!$A$8:$A$70),MATCH('Balance Sheet'!$C$1,BS!$A$7:$AX$7)) -> 1065749.1
A8: Reserve on Accounts Receivable | B8: Reserve on Accounts Receivable | C8: =INDEX(BS!$A$8:$AX$70,MATCH('Balance Sheet'!A8,BS!$A$8:$A$70),MATCH('Balance Sheet'!$C$1,BS!$A$7:$AX$7)) -> -1253269
A9: Net Accounts Receivable | B9: Net Accounts Receivable | C9: =INDEX(BS!$A$8:$AX$70,MATCH('Balance Sheet'!A9,BS!$A$8:$A$70),MATCH('Balance Sheet'!$C$1,BS!$A$7:$AX$7)) -> -1253269
A10: Current Assets - Other | B10: Current Assets - Other | C10: =INDEX(BS!$A$8:$AX$70,MATCH('Balance Sheet'!A10,BS!$A$8:$A$70),MATCH('Balance Sheet'!$C$1,BS!$A$7:$AX$7)) -> 338198.58
A11: Prepaids | B11: Prepaids | C11: =INDEX(BS!$A$8:$AX$70,MATCH('Balance Sheet'!A11,BS!$A$8:$A$70),MATCH('Balance Sheet'!$C$1,BS!$A$7:$AX$7)) -> -1253269
A12: Total Current Assets | B12: Total Current Assets | C12: =INDEX(BS!$A$8:$AX$70,MATCH('Balance Sheet'!A12,BS!$A$8:$A$70),MATCH('Balance Sheet'!$C$1,BS!$A$7:$AX$7)) -> -16657882
A14: Property, Plant, Equip. | B14: Property, Plant, Equip. | C14: =INDEX(BS!$AM$9:$AX$70,MATCH('Balance Sheet'!A14,BS!$A:$A,0),MATCH('Balance Sheet'!$C$1,BS!$AM$7:$AX$7,0)) -> -576852.04
A15: Office Equipment | B15: Office Equipment | C15: =INDEX(BS!$AM$9:$AX$70,MATCH('Balance Sheet'!A15,BS!$A:$A,0),MATCH('Balance Sheet'!$C$1,BS!$AM$7:$AX$7,0)) -> 1140462.3
A16: Software Purchased | B16: Software Purchased | C16: =INDEX(BS!$AM$9:$AX$70,MATCH('Balance Sheet'!A16,BS!$A:$A,0),MATCH('Balance Sheet'!$C$1,BS!$AM$7:$AX$7,0)) -> 0
A17: Computer Hardware | B17: Computer Hardware | C17: =INDEX(BS!$AM$9:$AX$70,MATCH('Balance Sheet'!A17,BS!$A:$A,0),MATCH('Balance Sheet'!$C$1,BS!$AM$7:$AX$7,0)) -> 0
A18: Furniture and Fixtures | B18: Furniture and Fixtures | C18: =INDEX(BS!$AM$9:$AX$70,MATCH('Balance Sheet'!A18,BS!$A:$A,0),MATCH('Balance Sheet'!$C$1,BS!$AM$7:$AX$7,0)) -> 321267.5
A19: Leasehold Improvements | B19: Leasehold Improvements | C19: =INDEX(BS!$AM$9:$AX$70,MATCH('Balance Sheet'!A19,BS!$A:$A,0),MATCH('Balance Sheet'!$C$1,BS!$AM$7:$AX$7,0)) -> 668461.12
A20: Vehicles | B20: Vehicles | C20: =INDEX(BS!$AM$9:$AX$70,MATCH('Balance Sheet'!A20,BS!$A:$A,0),MATCH('Balance Sheet'!$C$1,BS!$AM$7:$AX$7,0)) -> 0
A21: Construction in Progress | B21: Construction in Progress | C21: =INDEX(BS!$AM$9:$AX$70,MATCH('Balance Sheet'!A21,BS!$A:$A,0),MATCH('Balance Sheet'!$C$1,BS!$AM$7:$AX$7,0)) -> 0
A22: Less Accumulated Depreciation | B22: Less Accumulated Depreciation | C22: =INDEX(BS!$AM$9:$AX$70,MATCH('Balance Sheet'!A22,BS!$A:$A,0),MATCH('Balance Sheet'!$C$1,BS!$AM$7:$AX$7,0)) -> #N/A
A23: Total Plant, Property, & Equipment - Net | B23: Total Plant, Property, & Equipment - Net | C23: =INDEX(BS!$AM$9:$AX$70,MATCH('Balance Sheet'!A23,BS!$A:$A,0),MATCH('Balance Sheet'!$C$1,BS!$AM$7:$AX$7,0)) -> 1253269
A25: Long Term Assets | B25: Long Term Assets | C25: =INDEX(BS!$AM$9:$AX$70,MATCH('Balance Sheet'!A25,BS!$A:$A,0),MATCH('Balance Sheet'!$C$1,BS!$AM$7:$AX$7,0)) -> 546678.58
A26: Security Deposits | B26: Security Deposits | C26: =INDEX(BS!$AM$9:$AX$70,MATCH('Balance Sheet'!A26,BS!$A:$A,0),MATCH('Balance Sheet'!$C$1,BS!$AM$7:$AX$7,0)) -> 0
... A65: Total Liabilities & Shareholder's Equity | B65: Total Liabilities & Shareholder's Equity | C65: =INDEX(BS!$AM$9:$AX$70,MATCH('Balance Sheet'!A65,BS!$A:$A,0),MATCH('Balance Sheet'!$C$1,BS!$AM$7:$AX$7,0)) -> #REF!

Sheet IS
P7: YTD | Q7: YTD | R7: YTD | S7: YTD | T7: YTD | U7: YTD | V7: YTD | W7: YTD | X7: YTD | Y7: YTD | Z7: YTD | AA7: YTD
P8: Actual | Q8: Actual | R8: Actual | S8: Actual | T8: Actual | U8: Actual | V8: Actual | W8: Actual | X8: Actual | Y8: Actual | Z8: Actual | AA8: Actual | BM8: Actual | BN8: Actual | BO8: Actual | BP8: Actual | BQ8: Actual | BS8: Fiscal 2019 | BW8: Fiscal 2020 | CA8: Fiscal 2021 | CE8: Fiscal 2022 | CI8: Fiscal 2023
D9: 43496 | E9: 43524 | F9: 43555 | G9: 43585 | H9: 43616 | I9: 43646 | J9: 43677 | K9: 43708 | L9: 43738 | M9: 43769 | N9: 43799 | O9: 43830 | P9: 43861 | Q9: 43890 | R9: 43921 | S9: 43951 | T9: 43982 | U9: 44012 | V9: 44043 | W9: 44074 | X9: 44104 | Y9: 44135 | Z9: 44165 | AA9: 44196 | AB9: 44227 | AC9: 44255 | AD9: 44286 | AE9: 44316 | AF9: 44347 | AG9: 44377 | AH9: 44408 | AI9: 44439 | AJ9: 44469 | AK9: 44500 | AL9: 44530 | AM9: 44561 | AN9: 44592 | AO9: 44620 | AP9: 44651 | AQ9: 44681 | AR9: 44712 | AS9: 44742 | AT9: 44773 | AU9: 44804 | AV9: 44834 | AW9: 44865 | AX9: 44895 | AY9: 44926 | AZ9: 44957 | BA9: 44985 | BB9: 45016 | BC9: 45046 | BD9: 45077 | BE9: 45107 | BF9: 45138 | BG9: 45169 | BH9: 45199 | BI9: 45230 | BJ9: 45260 | BK9: 45291 | BM9: Fiscal 2019 | BN9: Fiscal 2020 | BO9: Fiscal 2021 | BP9: Fiscal 2022 | BQ9: Fiscal 2023 | BS9: Quarter 1 | BT9: Quarter 2 | BU9: Quarter 3 | BV9: Quarter 4 | BW9: Quarter 1 | BX9: Quarter 2 | BY9: Quarter 3 | BZ9: Quarter 4 | CA9: Quarter 1 | CB9: Quarter 2 | CC9: Quarter 3 | CD9: Quarter 4 | CE9: Quarter 1 | CF9: Quarter 2 | CG9: Quarter 3 | CH9: Quarter 4 | CI9: Quarter 1 | CJ9: Quarter 2 | CK9: Quarter 3 | CL9: Quarter 4
A11: Revenue:
A12: Exchange Revenue
A13: Exchange Revenue | D13: 340000 | E13: 340000 | F13: 340000 | G13: 340000 | H13: 340000 | I13: 340000 | J13: 340000 | K13: 340000 | L13: 340000 | M13: 340000 | N13: 340000 | O13: 400782 | P13: 396060 | Q13: 396060 | R13: 396060 | S13: 396060 | T13: 396060 | U13: 396060 | V13: 396060 | W13: 396060 | X13: 396060 | Y13: 396060 | Z13: 396060 | AA13: 396060 | AB13: 555660 | AC13: 555660 | AD13: 555660 | AE13: 555660 | AF13: 555660 | AG13: 555660 | AH13: 555660 | AI13: 555660 | AJ13: 555660 | AK13: 555660 | AL13: 555660 | AM13: 555660 | AN13: 750122.1 | AO13: 750122.1 | AP13: 750122.1 | AQ13: 750122.1 | AR13: 750122.1 | AS13: 750122.1 | AT13: 750122.1 | AU13: 750122.1 | AV13: 750122.1 | AW13: 750122.1 | AX13: 750122.1 | AY13: 750122.1 | AZ13: 895134.24 | BA13: 895134.24 | BB13: 895134.24 | BC13: 895134.24 | BD13: 895134.24 | BE13: 895134.24 | BF13: 895134.24 | BG13: 895134.24 | BH13: 895134.24 | BI13: 895134.24 | BJ13: 895134.24 | BK13: 895134.24 | BM13: =SUM(D13:O13) -> 4140782 | BN13: =SUM(P13:AA13) -> 4752720 | BO13: =SUM(AB13:AM13) -> 6667920 | BP13: =SUM(AN13:AY13) -> 9001465.2 | BQ13: =SUM(AZ13:BK13) -> 10741611 | BS13: =SUM(D13:F13) -> 1020000 | BT13: =SUM(G13:I13) -> 1020000 | BU13: =SUM(J13:L13) -> 1020000 | BV13: =SUM(M13:O13) -> 1080782 | BW13: =SUM(P13:R13) -> 1188180 | BX13: =SUM(S13:U13) -> 1188180 | BY13: =SUM(V13:X13) -> 1188180 | BZ13: =SUM(Y13:AA13) -> 1188180 | CA13: =SUM(AB13:AD13) -> 1666980 | CB13: =SUM(AE13:AG13) -> 1666980 | CC13: =SUM(AH13:AJ13) -> 1666980 | CD13: =SUM(AK13:AM13) -> 1666980 | CE13: =SUM(AN13:AP13) -> 2250366.3 | CF13: =SUM(AQ13:AS13) -> 2250366.3 | CG13: =SUM(AT13:AV13) -> 2250366.3 | CH13: =SUM(AW13:AY13) -> 2250366.3 | CI13: =SUM(AZ13:BB13) -> 2685402.7 | CJ13: =SUM(BC13:BE13) -> 2685402.7 | CK13: =SUM(BF13:BH13) -> 2685402.7 | CL13: =SUM(BI13:BK13) -> 2685402.7
A14: Refunds / Allowances | D14: -2380 | E14: -2380 | F14: -2380 | G14: -2380 | H14: -2380 | I14: -2380 | J14: -2380 | K14: -2380 | L14: -2380 | M14: -2380 | N14: -2380 | O14: -2794.5276 | P14: -2772.42 | Q14: -2772.42 | R14: -2772.42 | S14: -2772.42 | T14: -2772.42 | U14: -2772.42 | V14: -2772.42 | W14: -2772.42 | X14: -2772.42 | Y14: -2772.42 | Z14: -2772.42 | AA14: -2772.42 | AB14: -3889.62 | AC14: -3889.62 | AD14: -3889.62 | AE14: -3889.62 | AF14: -3889.62 | AG14: -3889.62 | AH14: -3889.62 | AI14: -3889.62 | AJ14: -3889.62 | AK14: -3889.62 | AL14: -3889.62 | AM14: -3889.62 | AN14: -5250.8547 | AO14: -5250.8547 | AP14: -5250.8547 | AQ14: -5250.8547 | AR14: -5250.8547 | AS14: -5250.8547 | AT14: -5250.8547 | AU14: -5250.8547 | AV14: -5250.8547 | AW14: -5250.8547 | AX14: -5250.8547 | AY14: -5250.8547 | AZ14: -6265.9397 | BA14: -6265.9397 | BB14: -6265.9397 | BC14: -6265.9397 | BD14: -6265.9397 | BE14: -6265.9397 | BF14: -6265.9397 | BG14: -6265.9397 | BH14: -6265.9397 | BI14: -6265.9397 | BJ14: -6265.9397 | BK14: -6265.9397 | BM14: =SUM(D14:O14) -> -28974.528 | BN14: =SUM(P14:AA14) -> -33269.04 | BO14: =SUM(AB14:AM14) -> -46675.44 | BP14: =SUM(AN14:AY14) -> -63010.256 | BQ14: =SUM(AZ14:BK14) -> -75191.276 | BS14: =SUM(D14:F14) -> -7140 | BT14: =SUM(G14:I14) -> -7140 | BU14: =SUM(J14:L14) -> -7140 | BV14: =SUM(M14:O14) -> -7554.5276 | BW14: =SUM(P14:R14) -> -8317.26 | BX14: =SUM(S14:U14) -> -8317.26 | BY14: =SUM(V14:X14) -> -8317.26 | BZ14: =SUM(Y14:AA14) -> -8317.26 | CA14: =SUM(AB14:AD14) -> -11668.86 | CB14: =SUM(AE14:AG14) -> -11668.86 | CC14: =SUM(AH14:AJ14) -> -11668.86 | CD14: =SUM(AK14:AM14) -> -11668.86 | CE14: =SUM(AN14:AP14) -> -15752.564 | CF14: =SUM(AQ14:AS14) -> -15752.564 | CG14: =SUM(AT14:AV14) -> -15752.564 | CH14: =SUM(AW14:AY14) -> -15752.564 | CI14: =SUM(AZ14:BB14) -> -18797.819 | CJ14: =SUM(BC14:BE14) -> -18797.819 | CK14: =SUM(BF14:BH14) -> -18797.819 | CL14: =SUM(BI14:BK14) -> -18797.819
A15: Total Exchange Revenue | D15: =SUM(D13:D14) -> 337620 | E15: =SUM(E13:E14) -> 337620 | F15: =SUM(F13:F14) -> 337620 | G15: =SUM(G13:G14) -> 337620 | H15: =SUM(H13:H14) -> 337620 | I15: =SUM(I13:I14) -> 337620 | J15: =SUM(J13:J14) -> 337620 | K15: =SUM(K13:K14) -> 337620 | ... BK15: =SUM(BK13:BK14) -> 888868.3 | BM15: =SUM(BM13:BM14) -> 4111807.5 | BN15: =SUM(BN13:BN14) -> 4719451 | BO15: =SUM(BO13:BO14) -> 6621244.6 | BP15: =SUM(BP13:BP14) -> 8938454.9 | BQ15: =SUM(BQ13:BQ14) -> 10666420 | BS15: =SUM(BS13:BS14) -> 1012860 | BT15: =SUM(BT13:BT14) -> 1012860 | BU15: =SUM(BU13:BU14) -> 1012860 | BV15: =SUM(BV13:BV14) -> 1073227.5 | BW15: =SUM(BW13:BW14) -> 1179862.7 | BX15: =SUM(BX13:BX14) -> 1179862.7 | BY15: =SUM(BY13:BY14) -> 1179862.7 | BZ15: =SUM(BZ13:BZ14) -> 1179862.7 | ... CL15: =SUM(CL13:CL14) -> 2666604.9
A16: Licensing & Maintenance
A17: New | D17: 0 | E17: 0 | F17: 0 | G17: 0 | H17: 0 | I17: 0 | J17: 0 | K17: 0 | L17: 0 | M17: 0 | N17: 0 | O17: 0 | P17: 393750 | Q17: 393750 | R17: 393750 | S17: 393750 | T17: 393750 | U17: 393750 | V17: 425000 | W17: 425000 | X17: 425000 | Y17: 425000 | Z17: 425000 | AA17: 425000 | AB17: 1000000 | AC17: 1000000 | AD17: 1000000 | AE17: 1000000 | AF17: 1000000 | AG17: 1000000 | AH17: 1000000 | AI17: 1000000 | AJ17: 1000000 | AK17: 1000000 | AL17: 1000000 | AM17: 1000000 | AN17: 1312500 | AO17: 1312500 | AP17: 1312500 | AQ17: 1312500 | AR17: 1312500 | AS17: 1312500 | AT17: 1312500 | AU17: 1312500 | AV17: 1312500 | AW17: 1312500 | AX17: 1312500 | AY17: 1312500 | AZ17: 1325000 | BA17: 1325000 | BB17: 1325000 | BC17: 1325000 | BD17: 1325000 | BE17: 1325000 | BF17: 1325000 | BG17: 1325000 | BH17: 1325000 | BI17: 1325000 | BJ17: 1325000 | BK17: 1325000 | BM17: =SUM(D17:O17) -> 0 | BN17: =SUM(P17:AA17) -> 4912500 | BO17: =SUM(AB17:AM17) -> 12000000 | BP17: =SUM(AN17:AY17) -> 15750000 | BQ17: =SUM(AZ17:BK17) -> 15900000 | BS17: =SUM(D17:F17) -> 0 | BT17: =SUM(G17:I17) -> 0 | BU17: =SUM(J17:L17) -> 0 | BV17: =SUM(M17:O17) -> 0 | BW17: =SUM(P17:R17) -> 1181250 | BX17: =SUM(S17:U17) -> 1181250 | BY17: =SUM(V17:X17) -> 1275000 | BZ17: =SUM(Y17:AA17) -> 1275000 | CA17: =SUM(AB17:AD17) -> 3000000 | CB17: =SUM(AE17:AG17) -> 3000000 | CC17: =SUM(AH17:AJ17) -> 3000000 | CD17: =SUM(AK17:AM17) -> 3000000 | CE17: =SUM(AN17:AP17) -> 3937500 | CF17: =SUM(AQ17:AS17) -> 3937500 | CG17: =SUM(AT17:AV17) -> 3937500 | CH17: =SUM(AW17:AY17) -> 3937500 | CI17: =SUM(AZ17:BB17) -> 3975000 | CJ17: =SUM(BC17:BE17) -> 3975000 | CK17: =SUM(BF17:BH17) -> 3975000 | CL17: =SUM(BI17:BK17) -> 3975000
A18: Renewal | D18: 0 | E18: 0 | F18: 0 | G18: 0 | H18: 0 | I18: 0 | J18: 0 | K18: 0 | L18: 0 | M18: 0 | N18: 0 | O18: 186046 | P18: 0 | Q18: 0 | R18: 0 | S18: 0 | T18: 0 | U18: 0 | V18: 0 | W18: 0 | X18: 0 | Y18: 0 | Z18: 0 | AA18: 0 | AB18: 390625 | AC18: 390625 | AD18: 390625 | AE18: 390625 | AF18: 390625 | AG18: 390625 | AH18: 418750 | AI18: 418750 | AJ18: 418750 | AK18: 418750 | AL18: 418750 | AM18: 418750 | AN18: 1384375 | AO18: 1384375 | AP18: 1384375 | AQ18: 1384375 | AR18: 1384375 | AS18: 1384375 | AT18: 1412500 | AU18: 1412500 | AV18: 1412500 | AW18: 1412500 | AX18: 1412500 | AY18: 1412500 | AZ18: 2690625 | BA18: 2690625 | BB18: 2690625 | BC18: 2690625 | BD18: 2690625 | BE18: 2690625 | BF18: 2718750 | BG18: 2718750 | BH18: 2718750 | BI18: 2718750 | BJ18: 2718750 | BK18: 2718750 | BM18: =SUM(D18:O18) -> 186046 | BN18: =SUM(P18:AA18) -> 0 | BO18: =SUM(AB18:AM18) -> 4856250 | BP18: =SUM(AN18:AY18) -> 16781250 | BQ18: =SUM(AZ18:BK18) -> 32456250 | BS18: =SUM(D18:F18) -> 0 | BT18: =SUM(G18:I18) -> 0 | BU18: =SUM(J18:L18) -> 0 | BV18: =SUM(M18:O18) -> 186046 | BW18: =SUM(P18:R18) -> 0 | BX18: =SUM(S18:U18) -> 0 | BY18: =SUM(V18:X18) -> 0 | BZ18: =SUM(Y18:AA18) -> 0 | CA18: =SUM(AB18:AD18) -> 1171875 | CB18: =SUM(AE18:AG18) -> 1171875 | CC18: =SUM(AH18:AJ18) -> 1256250 | CD18: =SUM(AK18:AM18) -> 1256250 | CE18: =SUM(AN18:AP18) -> 4153125 | CF18: =SUM(AQ18:AS18) -> 4153125 | CG18: =SUM(AT18:AV18) -> 4237500 | CH18: =SUM(AW18:AY18) -> 4237500 | CI18: =SUM(AZ18:BB18) -> 8071875 | CJ18: =SUM(BC18:BE18) -> 8071875 | CK18: =SUM(BF18:BH18) -> 8156250 | CL18: =SUM(BI18:BK18) -> 8156250
A19: Total Licensing | D19: =SUM(D17:D18) -> 0 | E19: =SUM(E17:E18) -> 0 | F19: =SUM(F17:F18) -> 0 | G19: =SUM(G17:G18) -> 0 | H19: =SUM(H17:H18) -> 0 | I19: =SUM(I17:I18) -> 0 | J19: =SUM(J17:J18) -> 0 | K19: =SUM(K17:K18) -> 0 | ... BK19: =SUM(BK17:BK18) -> 4043750 | BM19: =SUM(BM17:BM18) -> 186046 | BN19: =SUM(BN17:BN18) -> 4912500 | BO19: =SUM(BO17:BO18) -> 16856250 | BP19: =SUM(BP17:BP18) -> 32531250 | BQ19: =SUM(BQ17:BQ18) -> 48356250 | BS19: =SUM(BS17:BS18) -> 0 | BT19: =SUM(BT17:BT18) -> 0 | BU19: =SUM(BU17:BU18) -> 0 | BV19: =SUM(BV17:BV18) -> 186046 | BW19: =SUM(BW17:BW18) -> 1181250 | BX19: =SUM(BX17:BX18) -> 1181250 | BY19: =SUM(BY17:BY18) -> 1275000 | BZ19: =SUM(BZ17:BZ18) -> 1275000 | ... CL19: =SUM(CL17:CL18) -> 12131250
A20: Wholesale Commissions:
A21: New | D21: 0 | E21: 0 | F21: 0 | G21: 0 | H21: 0 | I21: 0 | J21: 0 | K21: 0 | L21: 0 | M21: 0 | N21: 0 | O21: 3000 | P21: 1875 | Q21: 3750 | R21: 5625 | S21: 7500 | T21: 9375 | U21: 11250 | V21: 15000 | W21: 18750 | X21: 22500 | Y21: 26250 | Z21: 30000 | AA21: 33750 | AB21: 50047.5 | AC21: 66345 | AD21: 75780 | AE21: 92077.5 | AF21: 108375 | AG21: 124672.5 | AH21: 142605 | AI21: 160537.5 | AJ21: 178470 | AK21: 196402.5 | AL21: 207472.5 | AM21: 225405 | AN21: 268292 | AO21: 318041.5 | AP21: 360928.5 | AQ21: 403815.5 | AR21: 446702.5 | AS21: 489589.5 | AT21: 535050.5 | AU21: 580511.5 | AV21: 625972.5 | AW21: 678296 | AX21: 723757 | AY21: 769218 | AZ21: 821918 | BA21: 874618 | BB21: 927318 | BC21: 980018 | BD21: 1032718 | BE21: 1085418 | BF21: 1139943.2 | BG21: 1194468.4 | BH21: 1248993.6 | BI21: 1303518.8 | BJ21: 1358044 | BK21: 1412569.2 | BM21: =SUM(D21:O21) -> 3000 | BN21: =SUM(P21:AA21) -> 185625 | BO21: =SUM(AB21:AM21) -> 1628190 | BP21: =SUM(AN21:AY21) -> 6200175 | BQ21: =SUM(AZ21:BK21) -> 13379545 | BS21: =SUM(D21:F21) -> 0 | BT21: =SUM(G21:I21) -> 0 | BU21: =SUM(J21:L21) -> 0 | BV21: =SUM(M21:O21) -> 3000 | BW21: =SUM(P21:R21) -> 11250 | BX21: =SUM(S21:U21) -> 28125 | BY21: =SUM(V21:X21) -> 56250 | BZ21: =SUM(Y21:AA21) -> 90000 | CA21: =SUM(AB21:AD21) -> 192172.5 | CB21: =SUM(AE21:AG21) -> 325125 | CC21: =SUM(AH21:AJ21) -> 481612.5 | CD21: =SUM(AK21:AM21) -> 629280 | CE21: =SUM(AN21:AP21) -> 947262 | CF21: =SUM(AQ21:AS21) -> 1340107.5 | CG21: =SUM(AT21:AV21) -> 1741534.5 | CH21: =SUM(AW21:AY21) -> 2171271 | CI21: =SUM(AZ21:BB21) -> 2623854 | CJ21: =SUM(BC21:BE21) -> 3098154 | CK21: =SUM(BF21:BH21) -> 3583405.2 | CL21: =SUM(BI21:BK21) -> 4074132
A22: Renewal | D22: 0 | E22: 0 | F22: 0 | G22: 0 | H22: 0 | I22: 0 | J22: 0 | K22: 0 | L22: 0 | M22: 0 | N22: 0 | O22: 0 | P22: 0 | Q22: 0 | R22: 0 | S22: 0 | T22: 0 | U22: 0 | V22: 0 | W22: 0 | X22: 0 | Y22: 0 | Z22: 0 | AA22: 0 | AB22: 1406.25 | AC22: 2812.5 | AD22: 2812.5 | AE22: 4218.75 | AF22: 5625 | AG22: 7031.25 | AH22: 9843.75 | AI22: 12656.25 | AJ22: 15468.75 | AK22: 18281.25 | AL22: 23906.25 | AM22: 26718.75 | AN22: 39653.438 | AO22: 51181.875 | AP22: 64116.562 | AQ22: 77051.25 | AR22: 89985.938 | AS22: 102920.62 | AT22: 118136.25 | AU22: 128548.12 | AV22: 143763.75 | AW22: 163783.12 | AX22: 178998.75 | AY22: 194214.38 | AZ22: 234719.2 | BA22: 275224.03 | BB22: 315728.86 | BC22: 356233.69 | BD22: 396738.52 | BE22: 437243.34 | BF22: 481389.38 | BG22: 525535.41 | BH22: 569681.44 | BI22: 613827.47 | BJ22: 657973.5 | BK22: 702119.53 | BM22: =SUM(D22:O22) -> 0 | BN22: =SUM(P22:AA22) -> 0 | BO22: =SUM(AB22:AM22) -> 130781.25 | BP22: =SUM(AN22:AY22) -> 1352354.1 | BQ22: =SUM(AZ22:BK22) -> 5566414.4 | BS22: =SUM(D22:F22) -> 0 | BT22: =SUM(G22:I22) -> 0 | BU22: =SUM(J22:L22) -> 0 | BV22: =SUM(M22:O22) -> 0 | BW22: =SUM(P22:R22) -> 0 | BX22: =SUM(S22:U22) -> 0 | BY22: =SUM(V22:X22) -> 0 | BZ22: =SUM(Y22:AA22) -> 0 | CA22: =SUM(AB22:AD22) -> 7031.25 | CB22: =SUM(AE22:AG22) -> 16875 | CC22: =SUM(AH22:AJ22) -> 37968.75 | CD22: =SUM(AK22:AM22) -> 68906.25 | CE22: =SUM(AN22:AP22) -> 154951.88 | CF22: =SUM(AQ22:AS22) -> 269957.81 | CG22: =SUM(AT22:AV22) -> 390448.12 | CH22: =SUM(AW22:AY22) -> 536996.25 | CI22: =SUM(AZ22:BB22) -> 825672.09 | CJ22: =SUM(BC22:BE22) -> 1190215.5 | CK22: =SUM(BF22:BH22) -> 1576606.2 | CL22: =SUM(BI22:BK22) -> 1973920.5
A23: Total Commissions | D23: =SUM(D21:D22) -> 0 | E23: =SUM(E21:E22) -> 0 | F23: =SUM(F21:F22) -> 0 | G23: =SUM(G21:G22) -> 0 | H23: =SUM(H21:H22) -> 0 | I23: =SUM(I21:I22) -> 0 | J23: =SUM(J21:J22) -> 0 | K23: =SUM(K21:K22) -> 0 | ... BK23: =SUM(BK21:BK22) -> 2114688.7 | BM23: =SUM(BM21:BM22) -> 3000 | BN23: =SUM(BN21:BN22) -> 185625 | BO23: =SUM(BO21:BO22) -> 1758971.2 | BP23: =SUM(BP21:BP22) -> 7552529.1 | BQ23: =SUM(BQ21:BQ22) -> 18945960 | BS23: =SUM(BS21:BS22) -> 0 | BT23: =SUM(BT21:BT22) -> 0 | BU23: =SUM(BU21:BU22) -> 0 | BV23: =SUM(BV21:BV22) -> 3000 | BW23: =SUM(BW21:BW22) -> 11250 | BX23: =SUM(BX21:BX22) -> 28125 | BY23: =SUM(BY21:BY22) -> 56250 | BZ23: =SUM(BZ21:BZ22) -> 90000 | ... CL23: =SUM(CL21:CL22) -> 6048052.5
A24: Override Commissions:
A25: New | D25: 0 | E25: 0 | F25: 0 | G25: 0 | H25: 0 | I25: 0 | J25: 0 | K25: 0 | L25: 0 | M25: 0 | N25: 0 | O25: 0 | P25: 13737.5 | Q25: 13737.5 | R25: 13737.5 | S25: 13737.5 | T25: 13737.5 | U25: 13737.5 | V25: 14487.5 | W25: 14487.5 | X25: 14487.5 | Y25: 14487.5 | Z25: 14487.5 | AA25: 14487.5 | AB25: 102264 | AC25: 102264 | AD25: 102264 | AE25: 102264 | AF25: 102264 | AG25: 102264 | AH25: 103668 | AI25: 103668 | AJ25: 103668 | AK25: 103668 | AL25: 103668 | AM25: 103668 | AN25: 368156.64 | AO25: 368156.64 | AP25: 368156.64 | AQ25: 368156.64 | AR25: 368156.64 | AS25: 368156.64 | AT25: 370590.24 | AU25: 370590.24 | AV25: 370590.24 | AW25: 370590.24 | AX25: 370590.24 | AY25: 370590.24 | AZ25: 770480.99 | BA25: 770480.99 | BB25: 770480.99 | BC25: 770480.99 | BD25: 770480.99 | BE25: 770480.99 | BF25: 773646.36 | BG25: 773646.36 | BH25: 773646.36 | BI25: 773646.36 | BJ25: 773646.36 | BK25: 773646.36 | BM25: =SUM(D25:O25) -> 0 | BN25: =SUM(P25:AA25) -> 169350 | BO25: =SUM(AB25:AM25) -> 1235592 | BP25: =SUM(AN25:AY25) -> 4432481.2 | BQ25: =SUM(AZ25:BK25) -> 9264764.1 | BS25: =SUM(D25:F25) -> 0 | BT25: =SUM(G25:I25) -> 0 | BU25: =SUM(J25:L25) -> 0 | BV25: =SUM(M25:O25) -> 0 | BW25: =SUM(P25:R25) -> 41212.5 | BX25: =SUM(S25:U25) -> 41212.5 | BY25: =SUM(V25:X25) -> 43462.5 | BZ25: =SUM(Y25:AA25) -> 43462.5 | CA25: =SUM(AB25:AD25) -> 306792 | CB25: =SUM(AE25:AG25) -> 306792 | CC25: =SUM(AH25:AJ25) -> 311004 | CD25: =SUM(AK25:AM25) -> 311004 | CE25: =SUM(AN25:AP25) -> 1104469.9 | CF25: =SUM(AQ25:AS25) -> 1104469.9 | CG25: =SUM(AT25:AV25) -> 1111770.7 | CH25: =SUM(AW25:AY25) -> 1111770.7 | CI25: =SUM(AZ25:BB25) -> 2311443 | CJ25: =SUM(BC25:BE25) -> 2311443 | CK25: =SUM(BF25:BH25) -> 2320939.1 | CL25: =SUM(BI25:BK25) -> 2320939.1
A26: Renewal | D26: 0 | E26: 0 | F26: 0 | G26: 0 | H26: 0 | I26: 0 | J26: 0 | K26: 0 | L26: 0 | M26: 0 | N26: 0 | O26: 0 | P26: 0 | Q26: 0 | R26: 0 | S26: 0 | T26: 0 | U26: 0 | V26: 0 | W26: 0 | X26: 0 | Y26: 0 | Z26: 0 | AA26: 0 | AB26: 10320.945 | AC26: 10320.945 | AD26: 10320.945 | AE26: 10320.945 | AF26: 10320.945 | AG26: 10320.945 | AH26: 10907.505 | AI26: 10907.505 | AJ26: 10907.505 | AK26: 10907.505 | AL26: 10907.505 | AM26: 10907.505 | AN26: 84451.344 | AO26: 84451.344 | AP26: 84451.344 | AQ26: 84451.344 | AR26: 84451.344 | AS26: 84451.344 | AT26: 86002.358 | AU26: 86002.358 | AV26: 86002.358 | AW26: 86002.358 | AX26: 86002.358 | AY26: 86002.358 | AZ26: 339273.02 | BA26: 339273.02 | BB26: 339273.02 | BC26: 339273.02 | BD26: 339273.02 | BE26: 339273.02 | BF26: 342377.64 | BG26: 342377.64 | BH26: 342377.64 | BI26: 342377.64 | BJ26: 342377.64 | BK26: 342377.64 | BM26: =SUM(D26:O26) -> 0 | BN26: =SUM(P26:AA26) -> 0 | BO26: =SUM(AB26:AM26) -> 127370.7 | BP26: =SUM(AN26:AY26) -> 1022722.2 | BQ26: =SUM(AZ26:BK26) -> 4089903.9 | BS26: =SUM(D26:F26) -> 0 | BT26: =SUM(G26:I26) -> 0 | BU26: =SUM(J26:L26) -> 0 | BV26: =SUM(M26:O26) -> 0 | BW26: =SUM(P26:R26) -> 0 | BX26: =SUM(S26:U26) -> 0 | BY26: =SUM(V26:X26) -> 0 | BZ26: =SUM(Y26:AA26) -> 0 | CA26: =SUM(AB26:AD26) -> 30962.835 | CB26: =SUM(AE26:AG26) -> 30962.835 | CC26: =SUM(AH26:AJ26) -> 32722.515 | CD26: =SUM(AK26:AM26) -> 32722.515 | CE26: =SUM(AN26:AP26) -> 253354.03 | CF26: =SUM(AQ26:AS26) -> 253354.03 | CG26: =SUM(AT26:AV26) -> 258007.07 | CH26: =SUM(AW26:AY26) -> 258007.07 | CI26: =SUM(AZ26:BB26) -> 1017819 | CJ26: =SUM(BC26:BE26) -> 1017819 | CK26: =SUM(BF26:BH26) -> 1027132.9 | CL26: =SUM(BI26:BK26) -> 1027132.9
A27: Total Override | D27: =SUM(D25:D26) -> 0 | E27: =SUM(E25:E26) -> 0 | F27: =SUM(F25:F26) -> 0 | G27: =SUM(G25:G26) -> 0 | H27: =SUM(H25:H26) -> 0 | I27: =SUM(I25:I26) -> 0 | J27: =SUM(J25:J26) -> 0 | K27: =SUM(K25:K26) -> 0 | ... BK27: =SUM(BK25:BK26) -> 1116024 | BM27: =SUM(BM25:BM26) -> 0 | BN27: =SUM(BN25:BN26) -> 169350 | BO27: =SUM(BO25:BO26) -> 1362962.7 | BP27: =SUM(BP25:BP26) -> 5455203.5 | BQ27: =SUM(BQ25:BQ26) -> 13354668 | BS27: =SUM(BS25:BS26) -> 0 | BT27: =SUM(BT25:BT26) -> 0 | BU27: =SUM(BU25:BU26) -> 0 | BV27: =SUM(BV25:BV26) -> 0 | BW27: =SUM(BW25:BW26) -> 41212.5 | BX27: =SUM(BX25:BX26) -> 41212.5 | BY27: =SUM(BY25:BY26) -> 43462.5 | BZ27: =SUM(BZ25:BZ26) -> 43462.5 | ... CL27: =SUM(CL25:CL26) -> 3348072
A28: Implementation & Configuration | D28: 479166.67 | E28: 479166.67 | F28: 479166.67 | G28: 479166.67 | H28: 479166.67 | I28: 479166.67 | J28: 479166.67 | K28: 479166.67 | L28: 479166.67 | M28: 479166.67 | N28: 479166.67 | O28: 415000 | P28: 1010416.7 | Q28: 979166.67 | R28: 979166.67 | S28: 979166.67 | T28: 979166.67 | U28: 979166.67 | V28: 1010416.7 | W28: 979166.67 | X28: 979166.67 | Y28: 979166.67 | Z28: 979166.67 | AA28: 979166.67 | AB28: 1322916.7 | AC28: 1291666.7 | AD28: 1291666.7 | AE28: 1291666.7 | AF28: 1291666.7 | AG28: 1291666.7 | AH28: 1322916.7 | AI28: 1291666.7 | AJ28: 1291666.7 | AK28: 1291666.7 | AL28: 1291666.7 | AM28: 1291666.7 | AN28: 1343750 | AO28: 1312500 | AP28: 1312500 | AQ28: 1312500 | AR28: 1312500 | AS28: 1312500 | AT28: 1343750 | AU28: 1312500 | AV28: 1312500 | AW28: 1312500 | AX28: 1312500 | AY28: 1312500 | AZ28: 1364583.3 | BA28: 1333333.3 | BB28: 1333333.3 | BC28: 1333333.3 | BD28: 1333333.3 | BE28: 1333333.3 | BF28: 1364583.3 | BG28: 1333333.3 | BH28: 1333333.3 | BI28: 1333333.3 | BJ28: 1333333.3 | BK28: 1333333.3 | BM28: =SUM(D28:O28) -> 5685833.3 | BN28: =SUM(P28:AA28) -> 11812500 | BO28: =SUM(AB28:AM28) -> 15562500 | BP28: =SUM(AN28:AY28) -> 15812500 | BQ28: =SUM(AZ28:BK28) -> 16062500 | BS28: =SUM(D28:F28) -> 1437500 | BT28: =SUM(G28:I28) -> 1437500 | BU28: =SUM(J28:L28) -> 1437500 | BV28: =SUM(M28:O28) -> 1373333.3 | BW28: =SUM(P28:R28) -> 2968750 | BX28: =SUM(S28:U28) -> 2937500 | BY28: =SUM(V28:X28) -> 2968750 | BZ28: =SUM(Y28:AA28) -> 2937500 | CA28: =SUM(AB28:AD28) -> 3906250 | CB28: =SUM(AE28:AG28) -> 3875000 | CC28: =SUM(AH28:AJ28) -> 3906250 | CD28: =SUM(AK28:AM28) -> 3875000 | CE28: =SUM(AN28:AP28) -> 3968750 | CF28: =SUM(AQ28:AS28) -> 3937500 | CG28: =SUM(AT28:AV28) -> 3968750 | CH28: =SUM(AW28:AY28) -> 3937500 | CI28: =SUM(AZ28:BB28) -> 4031250 | CJ28: =SUM(BC28:BE28) -> 4000000 | CK28: =SUM(BF28:BH28) -> 4031250 | CL28: =SUM(BI28:BK28) -> 4000000
A29: Total Revenue | D29: =+D19+D23+D27+D28+D15 -> 816786.67 | E29: =+E19+E23+E27+E28+E15 -> 816786.67 | F29: =+F19+F23+F27+F28+F15 -> 816786.67 | G29: =+G19+G23+G27+G28+G15 -> 816786.67 | H29: =+H19+H23+H27+H28+H15 -> 816786.67 | I29: =+I19+I23+I27+I28+I15 -> 816786.67 | J29: =+J19+J23+J27+J28+J15 -> 816786.67 | K29: =+K19+K23+K27+K28+K15 -> 816786.67 | ... BK29: =+BK19+BK23+BK27+BK28+BK15 -> 9496664.4 | BM29: =+BM19+BM23+BM27+BM28+BM15 -> 9986686.8 | BN29: =+BN19+BN23+BN27+BN28+BN15 -> 21799426 | BO29: =+BO19+BO23+BO27+BO28+BO15 -> 42161929 | BP29: =+BP19+BP23+BP27+BP28+BP15 -> 70289937 | BQ29: =+BQ19+BQ23+BQ27+BQ28+BQ15 -> 1.073858e+08 | BS29: =+BS19+BS23+BS27+BS28+BS15 -> 2450360 | BT29: =+BT19+BT23+BT27+BT28+BT15 -> 2450360 | BU29: =+BU19+BU23+BU27+BU28+BU15 -> 2450360 | BV29: =+BV19+BV23+BV27+BV28+BV15 -> 2635606.8 | BW29: =+BW19+BW23+BW27+BW28+BW15 -> 5382325.2 | BX29: =+BX19+BX23+BX27+BX28+BX15 -> 5367950.2 | BY29: =+BY19+BY23+BY27+BY28+BY15 -> 5523325.2 | BZ29: =+BZ19+BZ23+BZ27+BZ28+BZ15 -> 5525825.2 | ... CL29: =+CL19+CL23+CL27+CL28+CL15 -> 28193979
A31: Cost of Goods Sold:
A32: Fixed Fee Prospects Expense | D32: 170625 | E32: 170625 | F32: 170625 | G32: 170625 | H32: 170625 | I32: 170625 | J32: 170625 | K32: 170625 | L32: 170625 | M32: 170625 | N32: 170625 | O32: 263194.98 | P32: 193200 | Q32: 193200 | R32: 193200 | S32: 193200 | T32: 193200 | U32: 193200 | V32: 193200 | W32: 193200 | X32: 193200 | Y32: 193200 | Z32: 193200 | AA32: 193200 | AB32: 263655 | AC32: 263655 | AD32: 263655 | AE32: 263655 | AF32: 263655 | AG32: 263655 | AH32: 263655 | AI32: 263655 | AJ32: 263655 | AK32: 263655 | AL32: 263655 | AM32: 263655 | AN32: 346437 | AO32: 346437 | AP32: 346437 | AQ32: 346437 | AR32: 346437 | AS32: 346437 | AT32: 346437 | AU32: 346437 | AV32: 346437 | AW32: 346437 | AX32: 346437 | AY32: 346437 | AZ32: 402640.88 | BA32: 402640.88 | BB32: 402640.88 | BC32: 402640.88 | BD32: 402640.88 | BE32: 402640.88 | BF32: 402640.88 | BG32: 402640.88 | BH32: 402640.88 | BI32: 402640.88 | BJ32: 402640.88 | BK32: 402640.88 | BM32: =SUM(D32:O32) -> 2140070 | BN32: =SUM(P32:AA32) -> 2318400 | BO32: =SUM(AB32:AM32) -> 3163860 | BP32: =SUM(AN32:AY32) -> 4157244 | BQ32: =SUM(AZ32:BK32) -> 4831690.5 | BS32: =SUM(D32:F32) -> 511875 | BT32: =SUM(G32:I32) -> 511875 | BU32: =SUM(J32:L32) -> 511875 | BV32: =SUM(M32:O32) -> 604444.98 | BW32: =SUM(P32:R32) -> 579600 | BX32: =SUM(S32:U32) -> 579600 | BY32: =SUM(V32:X32) -> 579600 | BZ32: =SUM(Y32:AA32) -> 579600 | CA32: =SUM(AB32:AD32) -> 790965 | CB32: =SUM(AE32:AG32) -> 790965 | CC32: =SUM(AH32:AJ32) -> 790965 | CD32: =SUM(AK32:AM32) -> 790965 | CE32: =SUM(AN32:AP32) -> 1039311 | CF32: =SUM(AQ32:AS32) -> 1039311 | CG32: =SUM(AT32:AV32) -> 1039311 | CH32: =SUM(AW32:AY32) -> 1039311 | CI32: =SUM(AZ32:BB32) -> 1207922.6 | CJ32: =SUM(BC32:BE32) -> 1207922.6 | CK32: =SUM(BF32:BH32) -> 1207922.6 | CL32: =SUM(BI32:BK32) -> 1207922.6
A33: Revenue Share Cost | D33: 85000 | E33: 85000 | F33: 85000 | G33: 85000 | H33: 85000 | I33: 85000 | J33: 85000 | K33: 85000 | L33: 85000 | M33: 85000 | N33: 85000 | O33: 63874.916 | P33: 99015 | Q33: 99015 | R33: 99015 | S33: 99015 | T33: 99015 | U33: 99015 | V33: 99015 | W33: 99015 | X33: 99015 | Y33: 99015 | Z33: 99015 | AA33: 99015 | AB33: 138915 | AC33: 138915 | AD33: 138915 | AE33: 138915 | AF33: 138915 | AG33: 138915 | AH33: 138915 | AI33: 138915 | AJ33: 138915 | AK33: 138915 | AL33: 138915 | AM33: 138915 | AN33: 187530.52 | AO33: 187530.52 | AP33: 187530.52 | AQ33: 187530.52 | AR33: 187530.52 | AS33: 187530.52 | AT33: 187530.52 | AU33: 187530.52 | AV33: 187530.52 | AW33: 187530.52 | AX33: 187530.52 | AY33: 187530.52 | AZ33: 223783.56 | BA33: 223783.56 | BB33: 223783.56 | BC33: 223783.56 | BD33: 223783.56 | BE33: 223783.56 | BF33: 223783.56 | BG33: 223783.56 | BH33: 223783.56 | BI33: 223783.56 | BJ33: 223783.56 | BK33: 223783.56 | BM33: =SUM(D33:O33) -> 998874.92 | BN33: =SUM(P33:AA33) -> 1188180 | BO33: =SUM(AB33:AM33) -> 1666980 | BP33: =SUM(AN33:AY33) -> 2250366.3 | BQ33: =SUM(AZ33:BK33) -> 2685402.7 | BS33: =SUM(D33:F33) -> 255000 | BT33: =SUM(G33:I33) -> 255000 | BU33: =SUM(J33:L33) -> 255000 | BV33: =SUM(M33:O33) -> 233874.92 | BW33: =SUM(P33:R33) -> 297045 | BX33: =SUM(S33:U33) -> 297045 | BY33: =SUM(V33:X33) -> 297045 | BZ33: =SUM(Y33:AA33) -> 297045 | CA33: =SUM(AB33:AD33) -> 416745 | CB33: =SUM(AE33:AG33) -> 416745 | CC33: =SUM(AH33:AJ33) -> 416745 | CD33: =SUM(AK33:AM33) -> 416745 | CE33: =SUM(AN33:AP33) -> 562591.57 | CF33: =SUM(AQ33:AS33) -> 562591.57 | CG33: =SUM(AT33:AV33) -> 562591.57 | CH33: =SUM(AW33:AY33) -> 562591.57 | CI33: =SUM(AZ33:BB33) -> 671350.68 | CJ33: =SUM(BC33:BE33) -> 671350.68 | CK33: =SUM(BF33:BH33) -> 671350.68 | CL33: =SUM(BI33:BK33) -> 671350.68
A34: Per per click ads | D34: 0 | E34: 0 | F34: 0 | G34: 0 | H34: 0 | I34: 0 | J34: 0 | K34: 0 | L34: 0 | M34: 0 | N34: 0 | O34: 0 | P34: 0 | Q34: 0 | R34: 0 | S34: 0 | T34: 0 | U34: 0 | V34: 0 | W34: 0 | X34: 0 | Y34: 0 | Z34: 0 | AA34: 0 | AB34: 0 | AC34: 0 | AD34: 0 | AE34: 0 | AF34: 0 | AG34: 0 | AH34: 0 | AI34: 0 | AJ34: 0 | AK34: 0 | AL34: 0 | AM34: 0 | AN34: 0 | AO34: 0 | AP34: 0 | AQ34: 0 | AR34: 0 | AS34: 0 | AT34: 0 | AU34: 0 | AV34: 0 | AW34: 0 | AX34: 0 | AY34: 0 | AZ34: 0 | BA34: 0 | BB34: 0 | BC34: 0 | BD34: 0 | BE34: 0 | BF34: 0 | BG34: 0 | BH34: 0 | BI34: 0 | BJ34: 0 | BK34: 0 | BM34: =SUM(D34:O34) -> 0 | BN34: =SUM(P34:AA34) -> 0 | BO34: =SUM(AB34:AM34) -> 0 | BP34: =SUM(AN34:AY34) -> 0 | BQ34: =SUM(AZ34:BK34) -> 0 | BS34: =SUM(D34:F34) -> 0 | BT34: =SUM(G34:I34) -> 0 | BU34: =SUM(J34:L34) -> 0 | BV34: =SUM(M34:O34) -> 0 | BW34: =SUM(P34:R34) -> 0 | BX34: =SUM(S34:U34) -> 0 | BY34: =SUM(V34:X34) -> 0 | BZ34: =SUM(Y34:AA34) -> 0 | CA34: =SUM(AB34:AD34) -> 0 | CB34: =SUM(AE34:AG34) -> 0 | CC34: =SUM(AH34:AJ34) -> 0 | CD34: =SUM(AK34:AM34) -> 0 | CE34: =SUM(AN34:AP34) -> 0 | CF34: =SUM(AQ34:AS34) -> 0 | CG34: =SUM(AT34:AV34) -> 0 | CH34: =SUM(AW34:AY34) -> 0 | CI34: =SUM(AZ34:BB34) -> 0 | CJ34: =SUM(BC34:BE34) -> 0 | CK34: =SUM(BF34:BH34) -> 0 | CL34: =SUM(BI34:BK34) -> 0
A35: Wholesale Commission Expense | D35: 0 | E35: 0 | F35: 0 | G35: 0 | H35: 0 | I35: 0 | J35: 0 | K35: 0 | L35: 0 | M35: 0 | N35: 0 | O35: 40000 | P35: 1406.25 | Q35: 2812.5 | R35: 4218.75 | S35: 5625 | T35: 7031.25 | U35: 8437.5 | V35: 11250 | W35: 14062.5 | X35: 16875 | Y35: 19687.5 | Z35: 22500 | AA35: 25312.5 | AB35: 38590.312 | AC35: 51868.125 | AD35: 58944.375 | AE35: 72222.188 | AF35: 85500 | AG35: 98777.812 | AH35: 114336.56 | AI35: 129895.31 | AJ35: 145454.06 | AK35: 161012.81 | AL35: 173534.06 | AM35: 189092.81 | AN35: 230959.08 | AO35: 276917.53 | AP35: 318783.8 | AQ35: 360650.06 | AR35: 402516.33 | AS35: 444382.59 | AT35: 489890.06 | AU35: 531794.72 | AV35: 577302.19 | AW35: 631559.34 | AX35: 677066.81 | AY35: 722574.28 | AZ35: 792477.9 | BA35: 862381.52 | BB35: 932285.14 | BC35: 1002188.8 | BD35: 1072092.4 | BE35: 1141996 | BF35: 1215999.4 | BG35: 1290002.9 | BH35: 1364006.3 | BI35: 1438009.7 | BJ35: 1512013.1 | BK35: 1586016.5 | BM35: =SUM(D35:O35) -> 40000 | BN35: =SUM(P35:AA35) -> 139218.75 | BO35: =SUM(AB35:AM35) -> 1319228.4 | BP35: =SUM(AN35:AY35) -> 5664396.8 | BQ35: =SUM(AZ35:BK35) -> 14209470 | BS35: =SUM(D35:F35) -> 0 | BT35: =SUM(G35:I35) -> 0 | BU35: =SUM(J35:L35) -> 0 | BV35: =SUM(M35:O35) -> 40000 | BW35: =SUM(P35:R35) -> 8437.5 | BX35: =SUM(S35:U35) -> 21093.75 | BY35: =SUM(V35:X35) -> 42187.5 | BZ35: =SUM(Y35:AA35) -> 67500 | CA35: =SUM(AB35:AD35) -> 149402.81 | CB35: =SUM(AE35:AG35) -> 256500 | CC35: =SUM(AH35:AJ35) -> 389685.94 | CD35: =SUM(AK35:AM35) -> 523639.69 | CE35: =SUM(AN35:AP35) -> 826660.41 | CF35: =SUM(AQ35:AS35) -> 1207549 | CG35: =SUM(AT35:AV35) -> 1598987 | CH35: =SUM(AW35:AY35) -> 2031200.4 | CI35: =SUM(AZ35:BB35) -> 2587144.6 | CJ35: =SUM(BC35:BE35) -> 3216277.2 | CK35: =SUM(BF35:BH35) -> 3870008.6 | CL35: =SUM(BI35:BK35) -> 4536039.4
A36: Sales Commission | D36: 9583.3333 | E36: 9583.3333 | F36: 9583.3333 | G36: 9583.3333 | H36: 9583.3333 | I36: 9583.3333 | J36: 9583.3333 | K36: 9583.3333 | L36: 9583.3333 | M36: 9583.3333 | N36: 9583.3333 | P36: 28395.583 | Q36: 27808.083 | R36: 27845.583 | S36: 27883.083 | T36: 27920.583 | U36: 27958.083 | V36: 29298.083 | W36: 28748.083 | X36: 28823.083 | Y36: 28898.083 | Z36: 28973.083 | AA36: 29048.083 | AB36: 57551.607 | AC36: 57280.682 | AD36: 57469.382 | AE36: 57823.457 | AF36: 58177.532 | AG36: 58531.607 | AH36: 60173.818 | AI36: 59963.718 | AJ36: 60378.618 | AK36: 60793.518 | AL36: 61127.418 | AM36: 61542.318 | AN36: 96023.568 | AO36: 96624.127 | AP36: 97740.561 | AQ36: 98856.995 | AR36: 99973.428 | AS36: 101089.86 | AT36: 103570.59 | AU36: 104063.04 | AV36: 105276.58 | AW36: 106723.43 | AX36: 107936.97 | AY36: 109150.5 | AZ36: 150931.99 | BA36: 152171.09 | BB36: 154035.18 | BC36: 155899.28 | BD36: 157763.38 | BE36: 159627.47 | BF36: 162913.8 | BG36: 164262.22 | BH36: 166235.65 | BI36: 168209.07 | BJ36: 170182.5 | BK36: 172155.92 | BM36: =SUM(D36:O36) -> 105416.67 | BN36: =SUM(P36:AA36) -> 341599.5 | BO36: =SUM(AB36:AM36) -> 710813.68 | BP36: =SUM(AN36:AY36) -> 1227029.7 | BQ36: =SUM(AZ36:BK36) -> 1934387.6 | BS36: =SUM(D36:F36) -> 28750 | BT36: =SUM(G36:I36) -> 28750 | BU36: =SUM(J36:L36) -> 28750 | BV36: =SUM(M36:O36) -> 19166.667 | BW36: =SUM(P36:R36) -> 84049.25 | BX36: =SUM(S36:U36) -> 83761.75 | BY36: =SUM(V36:X36) -> 86869.25 | BZ36: =SUM(Y36:AA36) -> 86919.25 | CA36: =SUM(AB36:AD36) -> 172301.67 | CB36: =SUM(AE36:AG36) -> 174532.6 | CC36: =SUM(AH36:AJ36) -> 180516.16 | CD36: =SUM(AK36:AM36) -> 183463.26 | CE36: =SUM(AN36:AP36) -> 290388.26 | CF36: =SUM(AQ36:AS36) -> 299920.29 | CG36: =SUM(AT36:AV36) -> 312910.21 | CH36: =SUM(AW36:AY36) -> 323810.9 | CI36: =SUM(AZ36:BB36) -> 457138.26 | CJ36: =SUM(BC36:BE36) -> 473290.13 | CK36: =SUM(BF36:BH36) -> 493411.67 | CL36: =SUM(BI36:BK36) -> 510547.49
A37: Customer Support | D37: 0 | E37: 0 | F37: 0 | G37: 0 | H37: 0 | I37: 0 | J37: 0 | K37: 0 | L37: 0 | M37: 0 | N37: 0 | O37: 0 | P37: 0 | Q37: 0 | R37: 0 | S37: 0 | T37: 0 | U37: 0 | V37: 0 | W37: 0 | X37: 0 | Y37: 0 | Z37: 0 | AA37: 0 | AB37: 0 | AC37: 0 | AD37: 0 | AE37: 0 | AF37: 0 | AG37: 0 | AH37: 0 | AI37: 0 | AJ37: 0 | AK37: 0 | AL37: 0 | AM37: 0 | AN37: 0 | AO37: 0 | AP37: 0 | AQ37: 0 | AR37: 0 | AS37: 0 | AT37: 0 | AU37: 0 | AV37: 0 | AW37: 0 | AX37: 0 | AY37: 0 | AZ37: 0 | BA37: 0 | BB37: 0 | BC37: 0 | BD37: 0 | BE37: 0 | BF37: 0 | BG37: 0 | BH37: 0 | BI37: 0 | BJ37: 0 | BK37: 0 | BM37: =SUM(D37:O37) -> 0 | BN37: =SUM(P37:AA37) -> 0 | BO37: =SUM(AB37:AM37) -> 0 | BP37: =SUM(AN37:AY37) -> 0 | BQ37: =SUM(AZ37:BK37) -> 0 | BS37: =SUM(D37:F37) -> 0 | BT37: =SUM(G37:I37) -> 0 | BU37: =SUM(J37:L37) -> 0 | BV37: =SUM(M37:O37) -> 0 | BW37: =SUM(P37:R37) -> 0 | BX37: =SUM(S37:U37) -> 0 | BY37: =SUM(V37:X37) -> 0 | BZ37: =SUM(Y37:AA37) -> 0 | CA37: =SUM(AB37:AD37) -> 0 | CB37: =SUM(AE37:AG37) -> 0 | CC37: =SUM(AH37:AJ37) -> 0 | CD37: =SUM(AK37:AM37) -> 0 | CE37: =SUM(AN37:AP37) -> 0 | CF37: =SUM(AQ37:AS37) -> 0 | CG37: =SUM(AT37:AV37) -> 0 | CH37: =SUM(AW37:AY37) -> 0 | CI37: =SUM(AZ37:BB37) -> 0 | CJ37: =SUM(BC37:BE37) -> 0 | CK37: =SUM(BF37:BH37) -> 0 | CL37: =SUM(BI37:BK37) -> 0
A38: Implementations | D38: 0 | E38: 0 | F38: 0 | G38: 0 | H38: 0 | I38: 0 | J38: 0 | K38: 0 | L38: 0 | M38: 0 | N38: 0 | O38: 0 | P38: 0 | Q38: 0 | R38: 0 | S38: 0 | T38: 0 | U38: 0 | V38: 0 | W38: 0 | X38: 0 | Y38: 0 | Z38: 0 | AA38: 0 | AB38: 0 | AC38: 0 | AD38: 0 | AE38: 0 | AF38: 0 | AG38: 0 | AH38: 0 | AI38: 0 | AJ38: 0 | AK38: 0 | AL38: 0 | AM38: 0 | AN38: 0 | AO38: 0 | AP38: 0 | AQ38: 0 | AR38: 0 | AS38: 0 | AT38: 0 | AU38: 0 | AV38: 0 | AW38: 0 | AX38: 0 | AY38: 0 | AZ38: 0 | BA38: 0 | BB38: 0 | BC38: 0 | BD38: 0 | BE38: 0 | BF38: 0 | BG38: 0 | BH38: 0 | BI38: 0 | BJ38: 0 | BK38: 0 | BM38: =SUM(D38:O38) -> 0 | BN38: =SUM(P38:AA38) -> 0 | BO38: =SUM(AB38:AM38) -> 0 | BP38: =SUM(AN38:AY38) -> 0 | BQ38: =SUM(AZ38:BK38) -> 0 | BS38: =SUM(D38:F38) -> 0 | BT38: =SUM(G38:I38) -> 0 | BU38: =SUM(J38:L38) -> 0 | BV38: =SUM(M38:O38) -> 0 | BW38: =SUM(P38:R38) -> 0 | BX38: =SUM(S38:U38) -> 0 | BY38: =SUM(V38:X38) -> 0 | BZ38: =SUM(Y38:AA38) -> 0 | CA38: =SUM(AB38:AD38) -> 0 | CB38: =SUM(AE38:AG38) -> 0 | CC38: =SUM(AH38:AJ38) -> 0 | CD38: =SUM(AK38:AM38) -> 0 | CE38: =SUM(AN38:AP38) -> 0 | CF38: =SUM(AQ38:AS38) -> 0 | CG38: =SUM(AT38:AV38) -> 0 | CH38: =SUM(AW38:AY38) -> 0 | CI38: =SUM(AZ38:BB38) -> 0 | CJ38: =SUM(BC38:BE38) -> 0 | CK38: =SUM(BF38:BH38) -> 0 | CL38: =SUM(BI38:BK38) -> 0
A39: Hosting | D39: 0 | E39: 0 | F39: 0 | G39: 0 | H39: 0 | I39: 0 | J39: 0 | K39: 0 | L39: 0 | M39: 0 | N39: 0 | O39: 0 | P39: 0 | Q39: 0 | R39: 0 | S39: 0 | T39: 0 | U39: 0 | V39: 0 | W39: 0 | X39: 0 | Y39: 0 | Z39: 0 | AA39: 0 | AB39: 0 | AC39: 0 | AD39: 0 | AE39: 0 | AF39: 0 | AG39: 0 | AH39: 0 | AI39: 0 | AJ39: 0 | AK39: 0 | AL39: 0 | AM39: 0 | AN39: 0 | AO39: 0 | AP39: 0 | AQ39: 0 | AR39: 0 | AS39: 0 | AT39: 0 | AU39: 0 | AV39: 0 | AW39: 0 | AX39: 0 | AY39: 0 | AZ39: 0 | BA39: 0 | BB39: 0 | BC39: 0 | BD39: 0 | BE39: 0 | BF39: 0 | BG39: 0 | BH39: 0 | BI39: 0 | BJ39: 0 | BK39: 0 | BM39: =SUM(D39:O39) -> 0 | BN39: =SUM(P39:AA39) -> 0 | BO39: =SUM(AB39:AM39) -> 0 | BP39: =SUM(AN39:AY39) -> 0 | BQ39: =SUM(AZ39:BK39) -> 0 | BS39: =SUM(D39:F39) -> 0 | BT39: =SUM(G39:I39) -> 0 | BU39: =SUM(J39:L39) -> 0 | BV39: =SUM(M39:O39) -> 0 | BW39: =SUM(P39:R39) -> 0 | BX39: =SUM(S39:U39) -> 0 | BY39: =SUM(V39:X39) -> 0 | BZ39: =SUM(Y39:AA39) -> 0 | CA39: =SUM(AB39:AD39) -> 0 | CB39: =SUM(AE39:AG39) -> 0 | CC39: =SUM(AH39:AJ39) -> 0 | CD39: =SUM(AK39:AM39) -> 0 | CE39: =SUM(AN39:AP39) -> 0 | CF39: =SUM(AQ39:AS39) -> 0 | CG39: =SUM(AT39:AV39) -> 0 | CH39: =SUM(AW39:AY39) -> 0 | CI39: =SUM(AZ39:BB39) -> 0 | CJ39: =SUM(BC39:BE39) -> 0 | CK39: =SUM(BF39:BH39) -> 0 | CL39: =SUM(BI39:BK39) -> 0
A40: Telephany | D40: 0 | E40: 0 | F40: 0 | G40: 0 | H40: 0 | I40: 0 | J40: 0 | K40: 0 | L40: 0 | M40: 0 | N40: 0 | O40: 0 | P40: 0 | Q40: 0 | R40: 0 | S40: 0 | T40: 0 | U40: 0 | V40: 0 | W40: 0 | X40: 0 | Y40: 0 | Z40: 0 | AA40: 0 | AB40: 0 | AC40: 0 | AD40: 0 | AE40: 0 | AF40: 0 | AG40: 0 | AH40: 0 | AI40: 0 | AJ40: 0 | AK40: 0 | AL40: 0 | AM40: 0 | AN40: 0 | AO40: 0 | AP40: 0 | AQ40: 0 | AR40: 0 | AS40: 0 | AT40: 0 | AU40: 0 | AV40: 0 | AW40: 0 | AX40: 0 | AY40: 0 | AZ40: 0 | BA40: 0 | BB40: 0 | BC40: 0 | BD40: 0 | BE40: 0 | BF40: 0 | BG40: 0 | BH40: 0 | BI40: 0 | BJ40: 0 | BK40: 0 | BM40: =SUM(D40:O40) -> 0 | BN40: =SUM(P40:AA40) -> 0 | BO40: =SUM(AB40:AM40) -> 0 | BP40: =SUM(AN40:AY40) -> 0 | BQ40: =SUM(AZ40:BK40) -> 0 | BS40: =SUM(D40:F40) -> 0 | BT40: =SUM(G40:I40) -> 0 | BU40: =SUM(J40:L40) -> 0 | BV40: =SUM(M40:O40) -> 0 | BW40: =SUM(P40:R40) -> 0 | BX40: =SUM(S40:U40) -> 0 | BY40: =SUM(V40:X40) -> 0 | BZ40: =SUM(Y40:AA40) -> 0 | CA40: =SUM(AB40:AD40) -> 0 | CB40: =SUM(AE40:AG40) -> 0 | CC40: =SUM(AH40:AJ40) -> 0 | CD40: =SUM(AK40:AM40) -> 0 | CE40: =SUM(AN40:AP40) -> 0 | CF40: =SUM(AQ40:AS40) -> 0 | CG40: =SUM(AT40:AV40) -> 0 | CH40: =SUM(AW40:AY40) -> 0 | CI40: =SUM(AZ40:BB40) -> 0 | CJ40: =SUM(BC40:BE40) -> 0 | CK40: =SUM(BF40:BH40) -> 0 | CL40: =SUM(BI40:BK40) -> 0
A41: Other | D41: 0 | E41: 0 | F41: 0 | G41: 0 | H41: 0 | I41: 0 | J41: 0 | K41: 0 | L41: 0 | M41: 0 | N41: 0 | O41: 0 | P41: 0 | Q41: 0 | R41: 0 | S41: 0 | T41: 0 | U41: 0 | V41: 0 | W41: 0 | X41: 0 | Y41: 0 | Z41: 0 | AA41: 0 | AB41: 0 | AC41: 0 | AD41: 0 | AE41: 0 | AF41: 0 | AG41: 0 | AH41: 0 | AI41: 0 | AJ41: 0 | AK41: 0 | AL41: 0 | AM41: 0 | AN41: 0 | AO41: 0 | AP41: 0 | AQ41: 0 | AR41: 0 | AS41: 0 | AT41: 0 | AU41: 0 | AV41: 0 | AW41: 0 | AX41: 0 | AY41: 0 | AZ41: 0 | BA41: 0 | BB41: 0 | BC41: 0 | BD41: 0 | BE41: 0 | BF41: 0 | BG41: 0 | BH41: 0 | BI41: 0 | BJ41: 0 | BK41: 0 | BM41: =SUM(D41:O41) -> 0 | BN41: =SUM(P41:AA41) -> 0 | BO41: =SUM(AB41:AM41) -> 0 | BP41: =SUM(AN41:AY41) -> 0 | BQ41: =SUM(AZ41:BK41) -> 0 | BS41: =SUM(D41:F41) -> 0 | BT41: =SUM(G41:I41) -> 0 | BU41: =SUM(J41:L41) -> 0 | BV41: =SUM(M41:O41) -> 0 | BW41: =SUM(P41:R41) -> 0 | BX41: =SUM(S41:U41) -> 0 | BY41: =SUM(V41:X41) -> 0 | BZ41: =SUM(Y41:AA41) -> 0 | CA41: =SUM(AB41:AD41) -> 0 | CB41: =SUM(AE41:AG41) -> 0 | CC41: =SUM(AH41:AJ41) -> 0 | CD41: =SUM(AK41:AM41) -> 0 | CE41: =SUM(AN41:AP41) -> 0 | CF41: =SUM(AQ41:AS41) -> 0 | CG41: =SUM(AT41:AV41) -> 0 | CH41: =SUM(AW41:AY41) -> 0 | CI41: =SUM(AZ41:BB41) -> 0 | CJ41: =SUM(BC41:BE41) -> 0 | CK41: =SUM(BF41:BH41) -> 0 | CL41: =SUM(BI41:BK41) -> 0
A42: Total Cost of Goods Sold | D42: =SUM(D32:D41) -> 265208.33 | E42: =SUM(E32:E41) -> 265208.33 | F42: =SUM(F32:F41) -> 265208.33 | G42: =SUM(G32:G41) -> 265208.33 | H42: =SUM(H32:H41) -> 265208.33 | I42: =SUM(I32:I41) -> 265208.33 | J42: =SUM(J32:J41) -> 265208.33 | K42: =SUM(K32:K41) -> 265208.33 | ... BK42: =SUM(BK32:BK41) -> 2384596.9 | BM42: =SUM(BM32:BM41) -> 3284361.6 | BN42: =SUM(BN32:BN41) -> 3987398.2 | BO42: =SUM(BO32:BO41) -> 6860882.1 | BP42: =SUM(BP32:BP41) -> 13299037 | BQ42: =SUM(BQ32:BQ41) -> 23660950 | BS42: =SUM(BS32:BS41) -> 795625 | BT42: =SUM(BT32:BT41) -> 795625 | BU42: =SUM(BU32:BU41) -> 795625 | BV42: =SUM(BV32:BV41) -> 897486.56 | BW42: =SUM(BW32:BW41) -> 969131.75 | BX42: =SUM(BX32:BX41) -> 981500.5 | BY42: =SUM(BY32:BY41) -> 1005701.8 | BZ42: =SUM(BZ32:BZ41) -> 1031064.2 | ... CL42: =SUM(CL32:CL41) -> 6925860.2
A44: Gross Margin | D44: =+D29-D42 -> 551578.33 | E44: =+E29-E42 -> 551578.33 | F44: =+F29-F42 -> 551578.33 | G44: =+G29-G42 -> 551578.33 | H44: =+H29-H42 -> 551578.33 | I44: =+I29-I42 -> 551578.33 | J44: =+J29-J42 -> 551578.33 | K44: =+K29-K42 -> 551578.33 | ... BK44: =+BK29-BK42 -> 7112067.5 | BM44: =+BM29-BM42 -> 6702325.2 | BN44: =+BN29-BN42 -> 17812028 | BO44: =+BO29-BO42 -> 35301046 | BP44: =+BP29-BP42 -> 56990901 | BQ44: =+BQ29-BQ42 -> 83724847 | BS44: =+BS29-BS42 -> 1654735 | BT44: =+BT29-BT42 -> 1654735 | BU44: =+BU29-BU42 -> 1654735 | BV44: =+BV29-BV42 -> 1738120.2 | BW44: =+BW29-BW42 -> 4413193.5 | BX44: =+BX29-BX42 -> 4386449.7 | BY44: =+BY29-BY42 -> 4517623.5 | BZ44: =+BZ29-BZ42 -> 4494761 | ... CL44: =+CL29-CL42 -> 21268119
A46: Operating Expense:
A47: Salary | D47: 383136.81 | E47: 426962.81 | F47: 451758.42 | G47: 501944.54 | H47: 570308.19 | I47: 615074.99 | J47: 668015.84 | K47: 745491.75 | L47: 821534.3 | M47: 896353.76 | N47: 996199.77 | O47: 1123134 | P47: 1166530.4 | Q47: 1412916.6 | R47: 1621258.8 | S47: 1745054.8 | T47: 1849296.4 | U47: 1888808.5 | V47: 1892516.5 | W47: 1892516.5 | X47: 1892516.5 | Y47: 1892516.5 | Z47: 1892516.5 | AA47: 1892516.5 | AB47: 1949292 | AC47: 1949292 | AD47: 1949292 | AE47: 1949292 | AF47: 1949292 | AG47: 1949292 | AH47: 1949292 | AI47: 1949292 | AJ47: 1949292 | AK47: 1949292 | AL47: 1949292 | AM47: 1949292 | AN47: 2007770.8 | AO47: 2007770.8 | AP47: 2007770.8 | AQ47: 2007770.8 | AR47: 2007770.8 | AS47: 2007770.8 | AT47: 2007770.8 | AU47: 2007770.8 | AV47: 2007770.8 | AW47: 2007770.8 | AX47: 2007770.8 | AY47: 2007770.8 | AZ47: 2068003.9 | BA47: 2068003.9 | BB47: 2068003.9 | BC47: 2068003.9 | BD47: 2068003.9 | BE47: 2068003.9 | BF47: 2068003.9 | BG47: 2068003.9 | BH47: 2068003.9 | BI47: 2068003.9 | BJ47: 2068003.9 | BK47: 2068003.9 | BM47: =SUM(D47:O47) -> 8199915.2 | BN47: =SUM(P47:AA47) -> 21038964 | BO47: =SUM(AB47:AM47) -> 23391504 | BP47: =SUM(AN47:AY47) -> 24093249 | BQ47: =SUM(AZ47:BK47) -> 24816046 | BS47: =SUM(D47:F47) -> 1261858 | BT47: =SUM(G47:I47) -> 1687327.7 | BU47: =SUM(J47:L47) -> 2235041.9 | BV47: =SUM(M47:O47) -> 3015687.5 | BW47: =SUM(P47:R47) -> 4200705.8 | BX47: =SUM(S47:U47) -> 5483159.7 | BY47: =SUM(V47:X47) -> 5677549.5 | BZ47: =SUM(Y47:AA47) -> 5677549.5 | CA47: =SUM(AB47:AD47) -> 5847876 | CB47: =SUM(AE47:AG47) -> 5847876 | CC47: =SUM(AH47:AJ47) -> 5847876 | CD47: =SUM(AK47:AM47) -> 5847876 | CE47: =SUM(AN47:AP47) -> 6023312.3 | CF47: =SUM(AQ47:AS47) -> 6023312.3 | CG47: =SUM(AT47:AV47) -> 6023312.3 | CH47: =SUM(AW47:AY47) -> 6023312.3 | CI47: =SUM(AZ47:BB47) -> 6204011.6 | CJ47: =SUM(BC47:BE47) -> 6204011.6 | CK47: =SUM(BF47:BH47) -> 6204011.6 | CL47: =SUM(BI47:BK47) -> 6204011.6
A48: Bonus | D48: 38313.681 | E48: 42696.281 | F48: 45175.842 | G48: 50194.454 | H48: 57030.819 | I48: 61507.499 | J48: 66801.584 | K48: 74549.175 | L48: 82153.43 | M48: 89635.376 | N48: 99619.977 | O48: 511313.4 | P48: 116653.04 | Q48: 141291.66 | R48: 162125.88 | S48: 174505.48 | T48: 184929.64 | U48: 188880.85 | V48: 189251.65 | W48: 189251.65 | X48: 189251.65 | Y48: 189251.65 | Z48: 189251.65 | AA48: 189251.65 | AB48: 194929.2 | AC48: 194929.2 | AD48: 194929.2 | AE48: 194929.2 | AF48: 194929.2 | AG48: 194929.2 | AH48: 194929.2 | AI48: 194929.2 | AJ48: 194929.2 | AK48: 194929.2 | AL48: 194929.2 | AM48: 194929.2 | AN48: 200777.08 | AO48: 200777.08 | AP48: 200777.08 | AQ48: 200777.08 | AR48: 200777.08 | AS48: 200777.08 | AT48: 200777.08 | AU48: 200777.08 | AV48: 200777.08 | AW48: 200777.08 | AX48: 200777.08 | AY48: 200777.08 | AZ48: 206800.39 | BA48: 206800.39 | BB48: 206800.39 | BC48: 206800.39 | BD48: 206800.39 | BE48: 206800.39 | BF48: 206800.39 | BG48: 206800.39 | BH48: 206800.39 | BI48: 206800.39 | BJ48: 206800.39 | BK48: 206800.39 | BM48: =SUM(D48:O48) -> 1218991.5 | BN48: =SUM(P48:AA48) -> 2103896.4 | BO48: =SUM(AB48:AM48) -> 2339150.4 | BP48: =SUM(AN48:AY48) -> 2409324.9 | BQ48: =SUM(AZ48:BK48) -> 2481604.6 | BS48: =SUM(D48:F48) -> 126185.8 | BT48: =SUM(G48:I48) -> 168732.77 | BU48: =SUM(J48:L48) -> 223504.19 | BV48: =SUM(M48:O48) -> 700568.75 | BW48: =SUM(P48:R48) -> 420070.58 | BX48: =SUM(S48:U48) -> 548315.97 | BY48: =SUM(V48:X48) -> 567754.95 | BZ48: =SUM(Y48:AA48) -> 567754.95 | CA48: =SUM(AB48:AD48) -> 584787.6 | CB48: =SUM(AE48:AG48) -> 584787.6 | CC48: =SUM(AH48:AJ48) -> 584787.6 | CD48: =SUM(AK48:AM48) -> 584787.6 | CE48: =SUM(AN48:AP48) -> 602331.23 | CF48: =SUM(AQ48:AS48) -> 602331.23 | CG48: =SUM(AT48:AV48) -> 602331.23 | CH48: =SUM(AW48:AY48) -> 602331.23 | CI48: =SUM(AZ48:BB48) -> 620401.16 | CJ48: =SUM(BC48:BE48) -> 620401.16 | CK48: =SUM(BF48:BH48) -> 620401.16 | CL48: =SUM(BI48:BK48) -> 620401.16
A49: ER Tax | D49: 42076.266 | E49: 39060.093 | F49: 39388.515 | G49: 44140.619 | H49: 50111.702 | I49: 53310.618 | J49: 56814.612 | K49: 58711.789 | L49: 62649.639 | M49: 66966.147 | N49: 71307.37 | P49: 161737.74 | Q49: 136855.15 | R49: 147307.75 | S49: 149852.1 | T49: 155633.89 | U49: 156240.32 | V49: 152982.84 | W49: 145726.69 | X49: 138438.67 | Y49: 130422.75 | Z49: 119256.35 | AA49: 107790.73 | AB49: 278543.5 | AC49: 170514.02 | AD49: 164824.08 | AE49: 161869 | AF49: 159662.76 | AG49: 159513.36 | AH49: 156984.83 | AI49: 151437.83 | AJ49: 143076.92 | AK49: 136520.79 | AL49: 124518.25 | AM49: 111564.26 | AN49: 285692.33 | AO49: 175528.3 | AP49: 169631.63 | AQ49: 166292.91 | AR49: 164452.64 | AS49: 164452.64 | AT49: 161915.14 | AU49: 157698.95 | AV49: 147976.39 | AW49: 142322.19 | AX49: 131228.39 | AY49: 117113.97 | AZ49: 293032.66 | BA49: 180725.05 | BB49: 174488.98 | BC49: 170943.95 | BD49: 169386.22 | BE49: 169386.22 | BF49: 167165.96 | BG49: 164146.86 | BH49: 152988 | BI49: 148232.86 | BJ49: 137397.06 | BK49: 123984.64 | BM49: =SUM(D49:O49) -> 584537.37 | BN49: =SUM(P49:AA49) -> 1702245 | BO49: =SUM(AB49:AM49) -> 1919029.6 | BP49: =SUM(AN49:AY49) -> 1984305.5 | BQ49: =SUM(AZ49:BK49) -> 2051878.5 | BS49: =SUM(D49:F49) -> 120524.87 | BT49: =SUM(G49:I49) -> 147562.94 | BU49: =SUM(J49:L49) -> 178176.04 | BV49: =SUM(M49:O49) -> 138273.52 | BW49: =SUM(P49:R49) -> 445900.64 | BX49: =SUM(S49:U49) -> 461726.32 | BY49: =SUM(V49:X49) -> 437148.2 | BZ49: =SUM(Y49:AA49) -> 357469.83 | CA49: =SUM(AB49:AD49) -> 613881.6 | CB49: =SUM(AE49:AG49) -> 481045.13 | CC49: =SUM(AH49:AJ49) -> 451499.58 | CD49: =SUM(AK49:AM49) -> 372603.3 | CE49: =SUM(AN49:AP49) -> 630852.26 | CF49: =SUM(AQ49:AS49) -> 495198.19 | CG49: =SUM(AT49:AV49) -> 467590.48 | CH49: =SUM(AW49:AY49) -> 390664.54 | CI49: =SUM(AZ49:BB49) -> 648246.69 | CJ49: =SUM(BC49:BE49) -> 509716.4 | CK49: =SUM(BF49:BH49) -> 484300.83 | CL49: =SUM(BI49:BK49) -> 409614.57
A50: 401K Match | D50: 48329.555 | E50: 52098.859 | F50: 54439.399 | G50: 59336.116 | H50: 66939.469 | I50: 71941.249 | J50: 78989.501 | K50: 90401.603 | L50: 102081.58 | M50: 113180.59 | N50: 122812.76 | P50: 150493.52 | Q50: 181585.72 | R50: 204703.23 | S50: 218932.07 | T50: 231834.95 | U50: 236898.59 | V50: 237939.99 | W50: 237939.99 | X50: 237939.99 | Y50: 237939.99 | Z50: 237939.99 | AA50: 237939.99 | AB50: 258360.69 | AC50: 258360.69 | AD50: 258360.69 | AE50: 258360.69 | AF50: 258360.69 | AG50: 258360.69 | AH50: 258360.69 | AI50: 258360.69 | AJ50: 258360.69 | AK50: 258360.69 | AL50: 258360.69 | AM50: 258360.69 | AN50: 280722.26 | AO50: 280722.26 | AP50: 280722.26 | AQ50: 280722.26 | AR50: 280722.26 | AS50: 280722.26 | AT50: 280722.26 | AU50: 280722.26 | AV50: 280722.26 | AW50: 280722.26 | AX50: 280722.26 | AY50: 280722.26 | AZ50: 305215.75 | BA50: 305215.75 | BB50: 305215.75 | BC50: 305215.75 | BD50: 305215.75 | BE50: 305215.75 | BF50: 305215.75 | BG50: 305215.75 | BH50: 305215.75 | BI50: 305215.75 | BJ50: 305215.75 | BK50: 305215.75 | BM50: =SUM(D50:O50) -> 860550.68 | BN50: =SUM(P50:AA50) -> 2652088 | BO50: =SUM(AB50:AM50) -> 3100328.3 | BP50: =SUM(AN50:AY50) -> 3368667.1 | BQ50: =SUM(AZ50:BK50) -> 3662589 | BS50: =SUM(D50:F50) -> 154867.81 | BT50: =SUM(G50:I50) -> 198216.83 | BU50: =SUM(J50:L50) -> 271472.68 | BV50: =SUM(M50:O50) -> 235993.36 | BW50: =SUM(P50:R50) -> 536782.48 | BX50: =SUM(S50:U50) -> 687665.61 | BY50: =SUM(V50:X50) -> 713819.97 | BZ50: =SUM(Y50:AA50) -> 713819.97 | CA50: =SUM(AB50:AD50) -> 775082.07 | CB50: =SUM(AE50:AG50) -> 775082.07 | CC50: =SUM(AH50:AJ50) -> 775082.07 | CD50: =SUM(AK50:AM50) -> 775082.07 | CE50: =SUM(AN50:AP50) -> 842166.78 | CF50: =SUM(AQ50:AS50) -> 842166.78 | CG50: =SUM(AT50:AV50) -> 842166.78 | CH50: =SUM(AW50:AY50) -> 842166.78 | CI50: =SUM(AZ50:BB50) -> 915647.26 | CJ50: =SUM(BC50:BE50) -> 915647.26 | CK50: =SUM(BF50:BH50) -> 915647.26 | CL50: =SUM(BI50:BK50) -> 915647.26
A51: EE Relations | D51: 0 | E51: 0 | F51: 0 | G51: 0 | H51: 0 | I51: 0 | J51: 0 | K51: 0 | L51: 0 | M51: 0 | N51: 0 | O51: 22850 | P51: 0 | Q51: 0 | R51: 0 | S51: 0 | T51: 0 | U51: 0 | V51: 0 | W51: 0 | X51: 0 | Y51: 0 | Z51: 0 | AA51: 0 | AB51: 0 | AC51: 0 | AD51: 0 | AE51: 0 | AF51: 0 | AG51: 0 | AH51: 0 | AI51: 0 | AJ51: 0 | AK51: 0 | AL51: 0 | AM51: 0 | AN51: 0 | AO51: 0 | AP51: 0 | AQ51: 0 | AR51: 0 | AS51: 0 | AT51: 0 | AU51: 0 | AV51: 0 | AW51: 0 | AX51: 0 | AY51: 0 | AZ51: 0 | BA51: 0 | BB51: 0 | BC51: 0 | BD51: 0 | BE51: 0 | BF51: 0 | BG51: 0 | BH51: 0 | BI51: 0 | BJ51: 0 | BK51: 0 | BM51: =SUM(D51:O51) -> 22850 | BN51: =SUM(P51:AA51) -> 0 | BO51: =SUM(AB51:AM51) -> 0 | BP51: =SUM(AN51:AY51) -> 0 | BQ51: =SUM(AZ51:BK51) -> 0 | BS51: =SUM(D51:F51) -> 0 | BT51: =SUM(G51:I51) -> 0 | BU51: =SUM(J51:L51) -> 0 | BV51: =SUM(M51:O51) -> 22850 | BW51: =SUM(P51:R51) -> 0 | BX51: =SUM(S51:U51) -> 0 | BY51: =SUM(V51:X51) -> 0 | BZ51: =SUM(Y51:AA51) -> 0 | CA51: =SUM(AB51:AD51) -> 0 | CB51: =SUM(AE51:AG51) -> 0 | CC51: =SUM(AH51:AJ51) -> 0 | CD51: =SUM(AK51:AM51) -> 0 | CE51: =SUM(AN51:AP51) -> 0 | CF51: =SUM(AQ51:AS51) -> 0 | CG51: =SUM(AT51:AV51) -> 0 | CH51: =SUM(AW51:AY51) -> 0 | CI51: =SUM(AZ51:BB51) -> 0 | CJ51: =SUM(BC51:BE51) -> 0 | CK51: =SUM(BF51:BH51) -> 0 | CL51: =SUM(BI51:BK51) -> 0
A52: Health Insurance - net of EE Contributions | D52: 0 | E52: 0 | F52: 0 | G52: 0 | H52: 0 | I52: 0 | J52: 0 | K52: 0 | L52: 0 | M52: 0 | N52: 0 | O52: 116827.84 | P52: 0 | Q52: 0 | R52: 0 | S52: 0 | T52: 0 | U52: 0 | V52: 0 | W52: 0 | X52: 0 | Y52: 0 | Z52: 0 | AA52: 0 | AB52: 0 | AC52: 0 | AD52: 0 | AE52: 0 | AF52: 0 | AG52: 0 | AH52: 0 | AI52: 0 | AJ52: 0 | AK52: 0 | AL52: 0 | AM52: 0 | AN52: 0 | AO52: 0 | AP52: 0 | AQ52: 0 | AR52: 0 | AS52: 0 | AT52: 0 | AU52: 0 | AV52: 0 | AW52: 0 | AX52: 0 | AY52: 0 | AZ52: 0 | BA52: 0 | BB52: 0 | BC52: 0 | BD52: 0 | BE52: 0 | BF52: 0 | BG52: 0 | BH52: 0 | BI52: 0 | BJ52: 0 | BK52: 0 | BM52: =SUM(D52:O52) -> 116827.84 | BN52: =SUM(P52:AA52) -> 0 | BO52: =SUM(AB52:AM52) -> 0 | BP52: =SUM(AN52:AY52) -> 0 | BQ52: =SUM(AZ52:BK52) -> 0 | BS52: =SUM(D52:F52) -> 0 | BT52: =SUM(G52:I52) -> 0 | BU52: =SUM(J52:L52) -> 0 | BV52: =SUM(M52:O52) -> 116827.84 | BW52: =SUM(P52:R52) -> 0 | BX52: =SUM(S52:U52) -> 0 | BY52: =SUM(V52:X52) -> 0 | BZ52: =SUM(Y52:AA52) -> 0 | CA52: =SUM(AB52:AD52) -> 0 | CB52: =SUM(AE52:AG52) -> 0 | CC52: =SUM(AH52:AJ52) -> 0 | CD52: =SUM(AK52:AM52) -> 0 | CE52: =SUM(AN52:AP52) -> 0 | CF52: =SUM(AQ52:AS52) -> 0 | CG52: =SUM(AT52:AV52) -> 0 | CH52: =SUM(AW52:AY52) -> 0 | CI52: =SUM(AZ52:BB52) -> 0 | CJ52: =SUM(BC52:BE52) -> 0 | CK52: =SUM(BF52:BH52) -> 0 | CL52: =SUM(BI52:BK52) -> 0
A53: Subtotal - EE Benefits | D53: =SUM(D49:D52) -> 90405.821 | E53: =SUM(E49:E52) -> 91158.952 | F53: =SUM(F49:F52) -> 93827.915 | G53: =SUM(G49:G52) -> 103476.74 | H53: =SUM(H49:H52) -> 117051.17 | I53: =SUM(I49:I52) -> 125251.87 | J53: =SUM(J49:J52) -> 135804.11 | K53: =SUM(K49:K52) -> 149113.39 | ... BK53: =SUM(BK49:BK52) -> 429200.39 | BM53: =SUM(BM49:BM52) -> 1584765.9 | BN53: =SUM(BN49:BN52) -> 4354333 | BO53: =SUM(BO49:BO52) -> 5019357.9 | BP53: =SUM(BP49:BP52) -> 5352972.6 | BQ53: =SUM(BQ49:BQ52) -> 5714467.5 | BS53: =SUM(BS49:BS52) -> 275392.69 | BT53: =SUM(BT49:BT52) -> 345779.77 | BU53: =SUM(BU49:BU52) -> 449648.72 | BV53: =SUM(BV49:BV52) -> 513944.71 | BW53: =SUM(BW49:BW52) -> 982683.12 | BX53: =SUM(BX49:BX52) -> 1149391.9 | BY53: =SUM(BY49:BY52) -> 1150968.2 | BZ53: =SUM(BZ49:BZ52) -> 1071289.8 | ... CL53: =SUM(CL49:CL52) -> 1325261.8
A54: Recruiting & Relocation | D54: 115313.21 | E54: 30143.4 | F54: 76237.77 | G54: 96443.33 | H54: 169700.31 | I54: 48603.69 | J54: 233367.3 | K54: 19959.8 | L54: 113284.66 | M54: 128009.39 | N54: 109167.41 | O54: 102226.5 | P54: 146000 | Q54: 146000 | R54: 146000 | S54: 146000 | T54: 146000 | U54: 146000 | V54: 146000 | W54: 146000 | X54: 146000 | Y54: 146000 | Z54: 146000 | AA54: 146000 | AB54: 146000 | AC54: 146000 | AD54: 146000 | AE54: 146000 | AF54: 146000 | AG54: 146000 | AH54: 146000 | AI54: 146000 | AJ54: 146000 | AK54: 146000 | AL54: 146000 | AM54: 146000 | AN54: 146000 | AO54: 146000 | AP54: 146000 | AQ54: 146000 | AR54: 146000 | AS54: 146000 | AT54: 146000 | AU54: 146000 | AV54: 146000 | AW54: 146000 | AX54: 146000 | AY54: 146000 | AZ54: 146000 | BA54: 146000 | BB54: 146000 | BC54: 146000 | BD54: 146000 | BE54: 146000 | BF54: 146000 | BG54: 146000 | BH54: 146000 | BI54: 146000 | BJ54: 146000 | BK54: 146000 | BM54: =SUM(D54:O54) -> 1242456.8 | BN54: =SUM(P54:AA54) -> 1752000 | BO54: =SUM(AB54:AM54) -> 1752000 | BP54: =SUM(AN54:AY54) -> 1752000 | BQ54: =SUM(AZ54:BK54) -> 1752000 | BS54: =SUM(D54:F54) -> 221694.38 | BT54: =SUM(G54:I54) -> 314747.33 | BU54: =SUM(J54:L54) -> 366611.76 | BV54: =SUM(M54:O54) -> 339403.3 | BW54: =SUM(P54:R54) -> 438000 | BX54: =SUM(S54:U54) -> 438000 | BY54: =SUM(V54:X54) -> 438000 | BZ54: =SUM(Y54:AA54) -> 438000 | CA54: =SUM(AB54:AD54) -> 438000 | CB54: =SUM(AE54:AG54) -> 438000 | CC54: =SUM(AH54:AJ54) -> 438000 | CD54: =SUM(AK54:AM54) -> 438000 | CE54: =SUM(AN54:AP54) -> 438000 | CF54: =SUM(AQ54:AS54) -> 438000 | CG54: =SUM(AT54:AV54) -> 438000 | CH54: =SUM(AW54:AY54) -> 438000 | CI54: =SUM(AZ54:BB54) -> 438000 | CJ54: =SUM(BC54:BE54) -> 438000 | CK54: =SUM(BF54:BH54) -> 438000 | CL54: =SUM(BI54:BK54) -> 438000
A55: Consulting and Subs | D55: 95454.47 | E55: 77118.91 | F55: 66488.46 | G55: 79208.22 | H55: 182763.32 | I55: 105658.6 | J55: 114745.97 | K55: 116509.04 | L55: 86238.94 | M55: 168050.86 | N55: 86663.21 | O55: 62466.663 | P55: 105000 | Q55: 105000 | R55: 105000 | S55: 105000 | T55: 105000 | U55: 105000 | V55: 105000 | W55: 105000 | X55: 105000 | Y55: 105000 | Z55: 105000 | AA55: 105000 | AB55: 105000 | AC55: 105000 | AD55: 105000 | AE55: 105000 | AF55: 105000 | AG55: 105000 | AH55: 105000 | AI55: 105000 | AJ55: 105000 | AK55: 105000 | AL55: 105000 | AM55: 105000 | AN55: 105000 | AO55: 105000 | AP55: 105000 | AQ55: 105000 | AR55: 105000 | AS55: 105000 | AT55: 105000 | AU55: 105000 | AV55: 105000 | AW55: 105000 | AX55: 105000 | AY55: 105000 | AZ55: 105000 | BA55: 105000 | BB55: 105000 | BC55: 105000 | BD55: 105000 | BE55: 105000 | BF55: 105000 | BG55: 105000 | BH55: 105000 | BI55: 105000 | BJ55: 105000 | BK55: 105000 | BM55: =SUM(D55:O55) -> 1241366.7 | BN55: =SUM(P55:AA55) -> 1260000 | BO55: =SUM(AB55:AM55) -> 1260000 | BP55: =SUM(AN55:AY55) -> 1260000 | BQ55: =SUM(AZ55:BK55) -> 1260000 | BS55: =SUM(D55:F55) -> 239061.84 | BT55: =SUM(G55:I55) -> 367630.14 | BU55: =SUM(J55:L55) -> 317493.95 | BV55: =SUM(M55:O55) -> 317180.73 | BW55: =SUM(P55:R55) -> 315000 | BX55: =SUM(S55:U55) -> 315000 | BY55: =SUM(V55:X55) -> 315000 | BZ55: =SUM(Y55:AA55) -> 315000 | CA55: =SUM(AB55:AD55) -> 315000 | CB55: =SUM(AE55:AG55) -> 315000 | CC55: =SUM(AH55:AJ55) -> 315000 | CD55: =SUM(AK55:AM55) -> 315000 | CE55: =SUM(AN55:AP55) -> 315000 | CF55: =SUM(AQ55:AS55) -> 315000 | CG55: =SUM(AT55:AV55) -> 315000 | CH55: =SUM(AW55:AY55) -> 315000 | CI55: =SUM(AZ55:BB55) -> 315000 | CJ55: =SUM(BC55:BE55) -> 315000 | CK55: =SUM(BF55:BH55) -> 315000 | CL55: =SUM(BI55:BK55) -> 315000
A56: Rent | D56: 14286 | E56: 14286 | F56: 14286 | G56: 14286 | H56: 14286 | I56: 14286 | J56: 14286 | K56: 14286 | L56: 14286 | M56: 14286 | N56: 14286 | O56: 15320.78 | P56: 18286 | Q56: 18286 | R56: 18286 | S56: 37433.58 | T56: 37433.58 | U56: 37433.58 | V56: 37433.58 | W56: 37433.58 | X56: 38051.03 | Y56: 38051.03 | Z56: 38051.03 | AA56: 38051.03 | AB56: 38051.03 | AC56: 38051.03 | AD56: 38051.03 | AE56: 38051.03 | AF56: 38051.03 | AG56: 38051.03 | AH56: 38051.03 | AI56: 38051.03 | AJ56: 38668.48 | AK56: 38668.48 | AL56: 38668.48 | AM56: 38668.48 | AN56: 38668.48 | AO56: 38668.48 | AP56: 38668.48 | AQ56: 38668.48 | AR56: 38668.48 | AS56: 38668.48 | AT56: 38668.48 | AU56: 38668.48 | AV56: 39285.93 | AW56: 39285.93 | AX56: 39285.93 | AY56: 39285.93 | AZ56: 39285.93 | BA56: 39285.93 | BB56: 39285.93 | BC56: 39285.93 | BD56: 39285.93 | BE56: 39285.93 | BF56: 39285.93 | BG56: 39285.93 | BH56: 39285.93 | BI56: 39285.93 | BJ56: 39285.93 | BK56: 39285.93 | BM56: =SUM(D56:O56) -> 172466.78 | BN56: =SUM(P56:AA56) -> 394230.02 | BO56: =SUM(AB56:AM56) -> 459082.16 | BP56: =SUM(AN56:AY56) -> 466491.56 | BQ56: =SUM(AZ56:BK56) -> 471431.16 | BS56: =SUM(D56:F56) -> 42858 | BT56: =SUM(G56:I56) -> 42858 | BU56: =SUM(J56:L56) -> 42858 | BV56: =SUM(M56:O56) -> 43892.78 | BW56: =SUM(P56:R56) -> 54858 | BX56: =SUM(S56:U56) -> 112300.74 | BY56: =SUM(V56:X56) -> 112918.19 | BZ56: =SUM(Y56:AA56) -> 114153.09 | CA56: =SUM(AB56:AD56) -> 114153.09 | CB56: =SUM(AE56:AG56) -> 114153.09 | CC56: =SUM(AH56:AJ56) -> 114770.54 | CD56: =SUM(AK56:AM56) -> 116005.44 | CE56: =SUM(AN56:AP56) -> 116005.44 | CF56: =SUM(AQ56:AS56) -> 116005.44 | CG56: =SUM(AT56:AV56) -> 116622.89 | CH56: =SUM(AW56:AY56) -> 117857.79 | CI56: =SUM(AZ56:BB56) -> 117857.79 | CJ56: =SUM(BC56:BE56) -> 117857.79 | CK56: =SUM(BF56:BH56) -> 117857.79 | CL56: =SUM(BI56:BK56) -> 117857.79
A57: Office Expense | D57: 12928.62 | E57: 20211.87 | F57: 18932.68 | G57: 26168.2 | H57: 17819.59 | I57: 14295.27 | J57: 10233.61 | K57: 15102.66 | L57: 14650.76 | M57: 22455.75 | N57: 16421.93 | O57: 86847.58 | P57: 18242.284 | Q57: 18242.284 | R57: 18242.284 | S57: 18242.284 | T57: 18242.284 | U57: 18242.284 | V57: 18242.284 | W57: 18242.284 | X57: 18242.284 | Y57: 18242.284 | Z57: 18242.284 | AA57: 18242.284 | AB57: 18242.284 | AC57: 18242.284 | AD57: 18242.284 | AE57: 18242.284 | AF57: 18242.284 | AG57: 18242.284 | AH57: 18242.284 | AI57: 18242.284 | AJ57: 18242.284 | AK57: 18242.284 | AL57: 18242.284 | AM57: 18242.284 | AN57: 18242.284 | AO57: 18242.284 | AP57: 18242.284 | AQ57: 18242.284 | AR57: 18242.284 | AS57: 18242.284 | AT57: 18242.284 | AU57: 18242.284 | AV57: 18242.284 | AW57: 18242.284 | AX57: 18242.284 | AY57: 18242.284 | AZ57: 18242.284 | BA57: 18242.284 | BB57: 18242.284 | BC57: 18242.284 | BD57: 18242.284 | BE57: 18242.284 | BF57: 18242.284 | BG57: 18242.284 | BH57: 18242.284 | BI57: 18242.284 | BJ57: 18242.284 | BK57: 18242.284 | BM57: =SUM(D57:O57) -> 276068.52 | BN57: =SUM(P57:AA57) -> 218907.41 | BO57: =SUM(AB57:AM57) -> 218907.41 | BP57: =SUM(AN57:AY57) -> 218907.41 | BQ57: =SUM(AZ57:BK57) -> 218907.41 | BS57: =SUM(D57:F57) -> 52073.17 | BT57: =SUM(G57:I57) -> 58283.06 | BU57: =SUM(J57:L57) -> 39987.03 | BV57: =SUM(M57:O57) -> 125725.26 | BW57: =SUM(P57:R57) -> 54726.853 | BX57: =SUM(S57:U57) -> 54726.853 | BY57: =SUM(V57:X57) -> 54726.853 | BZ57: =SUM(Y57:AA57) -> 54726.853 | CA57: =SUM(AB57:AD57) -> 54726.853 | CB57: =SUM(AE57:AG57) -> 54726.853 | CC57: =SUM(AH57:AJ57) -> 54726.853 | CD57: =SUM(AK57:AM57) -> 54726.853 | CE57: =SUM(AN57:AP57) -> 54726.853 | CF57: =SUM(AQ57:AS57) -> 54726.853 | CG57: =SUM(AT57:AV57) -> 54726.853 | CH57: =SUM(AW57:AY57) -> 54726.853 | CI57: =SUM(AZ57:BB57) -> 54726.853 | CJ57: =SUM(BC57:BE57) -> 54726.853 | CK57: =SUM(BF57:BH57) -> 54726.853 | CL57: =SUM(BI57:BK57) -> 54726.853
A58: Travel & Entertainment | D58: 0 | E58: 0 | F58: 0 | G58: 0 | H58: 0 | I58: 0 | J58: 0 | K58: 0 | L58: 0 | M58: 0 | N58: 0 | O58: 55690.44 | P58: 37000 | Q58: 37000 | R58: 37000 | S58: 37000 | T58: 37000 | U58: 37000 | V58: 37000 | W58: 37000 | X58: 37000 | Y58: 37000 | Z58: 37000 | AA58: 37000 | AB58: 37000 | AC58: 37000 | AD58: 37000 | AE58: 37000 | AF58: 37000 | AG58: 37000 | AH58: 37000 | AI58: 37000 | AJ58: 37000 | AK58: 37000 | AL58: 37000 | AM58: 37000 | AN58: 37000 | AO58: 37000 | AP58: 37000 | AQ58: 37000 | AR58: 37000 | AS58: 37000 | AT58: 37000 | AU58: 37000 | AV58: 37000 | AW58: 37000 | AX58: 37000 | AY58: 37000 | AZ58: 37000 | BA58: 37000 | BB58: 37000 | BC58: 37000 | BD58: 37000 | BE58: 37000 | BF58: 37000 | BG58: 37000 | BH58: 37000 | BI58: 37000 | BJ58: 37000 | BK58: 37000 | BM58: =SUM(D58:O58) -> 55690.44 | BN58: =SUM(P58:AA58) -> 444000 | BO58: =SUM(AB58:AM58) -> 444000 | BP58: =SUM(AN58:AY58) -> 444000 | BQ58: =SUM(AZ58:BK58) -> 444000 | BS58: =SUM(D58:F58) -> 0 | BT58: =SUM(G58:I58) -> 0 | BU58: =SUM(J58:L58) -> 0 | BV58: =SUM(M58:O58) -> 55690.44 | BW58: =SUM(P58:R58) -> 111000 | BX58: =SUM(S58:U58) -> 111000 | BY58: =SUM(V58:X58) -> 111000 | BZ58: =SUM(Y58:AA58) -> 111000 | CA58: =SUM(AB58:AD58) -> 111000 | CB58: =SUM(AE58:AG58) -> 111000 | CC58: =SUM(AH58:AJ58) -> 111000 | CD58: =SUM(AK58:AM58) -> 111000 | CE58: =SUM(AN58:AP58) -> 111000 | CF58: =SUM(AQ58:AS58) -> 111000 | CG58: =SUM(AT58:AV58) -> 111000 | CH58: =SUM(AW58:AY58) -> 111000 | CI58: =SUM(AZ58:BB58) -> 111000 | CJ58: =SUM(BC58:BE58) -> 111000 | CK58: =SUM(BF58:BH58) -> 111000 | CL58: =SUM(BI58:BK58) -> 111000
A59: Marketing | D59: 7384.8 | E59: 16416.6 | F59: 24395.66 | G59: 21616.16 | H59: 56939.75 | I59: 25972.02 | J59: 66359.2 | K59: 19942.75 | L59: 106457.99 | M59: 113776.22 | N59: 51050.05 | O59: 27179.431 | P59: 134500 | Q59: 134500 | R59: 134500 | S59: 134500 | T59: 134500 | U59: 134500 | V59: 134500 | W59: 134500 | X59: 134500 | Y59: 134500 | Z59: 134500 | AA59: 134500 | AB59: 134500 | AC59: 134500 | AD59: 134500 | AE59: 134500 | AF59: 134500 | AG59: 134500 | AH59: 134500 | AI59: 134500 | AJ59: 134500 | AK59: 134500 | AL59: 134500 | AM59: 134500 | AN59: 176166.67 | AO59: 176166.67 | AP59: 176166.67 | AQ59: 176166.67 | AR59: 176166.67 | AS59: 176166.67 | AT59: 176166.67 | AU59: 176166.67 | AV59: 176166.67 | AW59: 176166.67 | AX59: 176166.67 | AY59: 176166.67 | AZ59: 176166.67 | BA59: 176166.67 | BB59: 176166.67 | BC59: 176166.67 | BD59: 176166.67 | BE59: 176166.67 | BF59: 176166.67 | BG59: 176166.67 | BH59: 176166.67 | BI59: 176166.67 | BJ59: 176166.67 | BK59: 176166.67 | BM59: =SUM(D59:O59) -> 537490.63 | BN59: =SUM(P59:AA59) -> 1614000 | BO59: =SUM(AB59:AM59) -> 1614000 | BP59: =SUM(AN59:AY59) -> 2114000 | BQ59: =SUM(AZ59:BK59) -> 2114000 | BS59: =SUM(D59:F59) -> 48197.06 | BT59: =SUM(G59:I59) -> 104527.93 | BU59: =SUM(J59:L59) -> 192759.94 | BV59: =SUM(M59:O59) -> 192005.7 | BW59: =SUM(P59:R59) -> 403500 | BX59: =SUM(S59:U59) -> 403500 | BY59: =SUM(V59:X59) -> 403500 | BZ59: =SUM(Y59:AA59) -> 403500 | CA59: =SUM(AB59:AD59) -> 403500 | CB59: =SUM(AE59:AG59) -> 403500 | CC59: =SUM(AH59:AJ59) -> 403500 | CD59: =SUM(AK59:AM59) -> 403500 | CE59: =SUM(AN59:AP59) -> 528500 | CF59: =SUM(AQ59:AS59) -> 528500 | CG59: =SUM(AT59:AV59) -> 528500 | CH59: =SUM(AW59:AY59) -> 528500 | CI59: =SUM(AZ59:BB59) -> 528500 | CJ59: =SUM(BC59:BE59) -> 528500 | CK59: =SUM(BF59:BH59) -> 528500 | CL59: =SUM(BI59:BK59) -> 528500
A60: G&A | D60: 0 | E60: 0 | F60: 0 | G60: 0 | H60: 0 | I60: 0 | J60: 0 | K60: 0 | L60: 0 | M60: 0 | N60: 0 | O60: 62390.987 | P60: 150300 | Q60: 150300 | R60: 150300 | S60: 150300 | T60: 150300 | U60: 150300 | V60: 153900 | W60: 153900 | X60: 153900 | Y60: 153900 | Z60: 153900 | AA60: 153900 | AB60: 153900 | AC60: 153900 | AD60: 153900 | AE60: 153900 | AF60: 153900 | AG60: 153900 | AH60: 153900 | AI60: 153900 | AJ60: 153900 | AK60: 153900 | AL60: 153900 | AM60: 153900 | AN60: 153900 | AO60: 153900 | AP60: 153900 | AQ60: 153900 | AR60: 153900 | AS60: 153900 | AT60: 153900 | AU60: 153900 | AV60: 153900 | AW60: 153900 | AX60: 153900 | AY60: 153900 | AZ60: 153900 | BA60: 153900 | BB60: 153900 | BC60: 153900 | BD60: 153900 | BE60: 153900 | BF60: 153900 | BG60: 153900 | BH60: 153900 | BI60: 153900 | BJ60: 153900 | BK60: 153900 | BM60: =SUM(D60:O60) -> 62390.987 | BN60: =SUM(P60:AA60) -> 1825200 | BO60: =SUM(AB60:AM60) -> 1846800 | BP60: =SUM(AN60:AY60) -> 1846800 | BQ60: =SUM(AZ60:BK60) -> 1846800 | BS60: =SUM(D60:F60) -> 0 | BT60: =SUM(G60:I60) -> 0 | BU60: =SUM(J60:L60) -> 0 | BV60: =SUM(M60:O60) -> 62390.987 | BW60: =SUM(P60:R60) -> 450900 | BX60: =SUM(S60:U60) -> 450900 | BY60: =SUM(V60:X60) -> 461700 | BZ60: =SUM(Y60:AA60) -> 461700 | CA60: =SUM(AB60:AD60) -> 461700 | CB60: =SUM(AE60:AG60) -> 461700 | CC60: =SUM(AH60:AJ60) -> 461700 | CD60: =SUM(AK60:AM60) -> 461700 | CE60: =SUM(AN60:AP60) -> 461700 | CF60: =SUM(AQ60:AS60) -> 461700 | CG60: =SUM(AT60:AV60) -> 461700 | CH60: =SUM(AW60:AY60) -> 461700 | CI60: =SUM(AZ60:BB60) -> 461700 | CJ60: =SUM(BC60:BE60) -> 461700 | CK60: =SUM(BF60:BH60) -> 461700 | CL60: =SUM(BI60:BK60) -> 461700
A61: Total Operating Expenses | D61: =SUM(D53:D60)+D47+D48 -> 757223.41 | E61: =SUM(E53:E60)+E47+E48 -> 718994.83 | F61: =SUM(F53:F60)+F47+F48 -> 791102.75 | G61: =SUM(G53:G60)+G47+G48 -> 893337.64 | H61: =SUM(H53:H60)+H47+H48 -> 1185899.2 | I61: =SUM(I53:I60)+I47+I48 -> 1010649.9 | J61: =SUM(J53:J60)+J47+J48 -> 1309613.6 | K61: =SUM(K53:K60)+K47+K48 -> 1154954.6 | ... BK61: =SUM(BK53:BK60)+BK47+BK48 -> 3379599.5 | BM61: =SUM(BM53:BM60)+BM47+BM48 -> 14591603 | BN61: =SUM(BN53:BN60)+BN47+BN48 -> 35005531 | BO61: =SUM(BO53:BO60)+BO47+BO48 -> 38344802 | BP61: =SUM(BP53:BP60)+BP47+BP48 -> 39957745 | BQ61: =SUM(BQ53:BQ60)+BQ47+BQ48 -> 41119257 | BS61: =SUM(BS53:BS60)+BS47+BS48 -> 2267321 | BT61: =SUM(BT53:BT60)+BT47+BT48 -> 3089886.7 | BU61: =SUM(BU53:BU60)+BU47+BU48 -> 3867905.5 | BV61: =SUM(BV53:BV60)+BV47+BV48 -> 5366490.2 | BW61: =SUM(BW53:BW60)+BW47+BW48 -> 7431444.4 | BX61: =SUM(BX53:BX60)+BX47+BX48 -> 9066295.2 | BY61: =SUM(BY53:BY60)+BY47+BY48 -> 9293117.6 | BZ61: =SUM(BZ53:BZ60)+BZ47+BZ48 -> 9214674.2 | ... CL61: =SUM(CL53:CL60)+CL47+CL48 -> 10176459
A63: Net Operating Income | D63: =+D44-D61 -> -205645.07 | E63: =+E44-E61 -> -167416.49 | F63: =+F44-F61 -> -239524.42 | G63: =+G44-G61 -> -341759.31 | H63: =+H44-H61 -> -634320.82 | I63: =+I44-I61 -> -459071.6 | J63: =+J44-J61 -> -758035.28 | K63: =+K44-K61 -> -603376.23 | ... BK63: =+BK44-BK61 -> 3732467.9 | BM63: =+BM44-BM61 -> -7889278.1 | BN63: =+BN44-BN61 -> -17193504 | BO63: =+BO44-BO61 -> -3043755.3 | BP63: =+BP44-BP61 -> 17033155 | BQ63: =+BQ44-BQ61 -> 42605590 | BS63: =+BS44-BS61 -> -612585.99 | BT63: =+BT44-BT61 -> -1435151.7 | BU63: =+BU44-BU61 -> -2213170.5 | BV63: =+BV44-BV61 -> -3628370 | BW63: =+BW44-BW61 -> -3018250.9 | BX63: =+BX44-BX61 -> -4679845.4 | BY63: =+BY44-BY61 -> -4775494.2 | BZ63: =+BZ44-BZ61 -> -4719913.2 | ... CL63: =+CL44-CL61 -> 11091660
A65: Non-Operating Income / (Expense)
A66: Interest Income | BM66: =SUM(D66:O66) -> 0 | BN66: =SUM(P66:AA66) -> 0 | BO66: =SUM(AB66:AM66) -> 0 | BP66: =SUM(AN66:AY66) -> 0 | BQ66: =SUM(AZ66:BK66) -> 0 | BS66: =SUM(D66:F66) -> 0 | BT66: =SUM(G66:I66) -> 0 | BU66: =SUM(J66:L66) -> 0 | BV66: =SUM(M66:O66) -> 0 | BW66: =SUM(P66:R66) -> 0 | BX66: =SUM(S66:U66) -> 0 | BY66: =SUM(V66:X66) -> 0 | BZ66: =SUM(Y66:AA66) -> 0 | CA66: =SUM(AB66:AD66) -> 0 | CB66: =SUM(AE66:AG66) -> 0 | CC66: =SUM(AH66:AJ66) -> 0 | CD66: =SUM(AK66:AM66) -> 0 | CE66: =SUM(AN66:AP66) -> 0 | CF66: =SUM(AQ66:AS66) -> 0 | CG66: =SUM(AT66:AV66) -> 0 | CH66: =SUM(AW66:AY66) -> 0 | CI66: =SUM(AZ66:BB66) -> 0 | CJ66: =SUM(BC66:BE66) -> 0 | CK66: =SUM(BF66:BH66) -> 0 | CL66: =SUM(BI66:BK66) -> 0
A67: Depreciation and Amortization | D67: 19122.5 | E67: 19556.62 | F67: 19556.62 | G67: 20278 | H67: 22282.31 | I67: 22282.31 | J67: 22504.79 | K67: 22961.16 | L67: 26069.34 | M67: 24456.86 | N67: 24456.86 | P67: 29706.86 | Q67: 35817.971 | R67: 41623.527 | S67: 47179.082 | T67: 47540.193 | U67: 47679.082 | V67: 47679.082 | W67: 47679.082 | X67: 47679.082 | Y67: 47679.082 | Z67: 47679.082 | AA67: 47679.082 | AB67: 47679.082 | AC67: 47679.082 | AD67: 47679.082 | AE67: 47679.082 | AF67: 47679.082 | AG67: 47679.082 | AH67: 47679.082 | AI67: 47679.082 | AJ67: 47679.082 | AK67: 47679.082 | AL67: 47679.082 | AM67: 47679.082 | AN67: 47679.082 | AO67: 47679.082 | AP67: 47679.082 | AQ67: 47679.082 | AR67: 47679.082 | AS67: 47679.082 | AT67: 47679.082 | AU67: 47679.082 | AV67: 47679.082 | AW67: 47679.082 | AX67: 47679.082 | AY67: 47679.082 | AZ67: 47595.749 | BA67: 46651.304 | BB67: 46012.416 | BC67: 45623.527 | BD67: 45262.416 | BE67: 45123.527 | BF67: 45123.527 | BG67: 45123.527 | BH67: 45123.527 | BI67: 45123.527 | BJ67: 45123.527 | BK67: 45123.527 | BM67: =SUM(D67:O67) -> 243527.37 | BN67: =SUM(P67:AA67) -> 535621.21 | BO67: =SUM(AB67:AM67) -> 572148.99 | BP67: =SUM(AN67:AY67) -> 572148.99 | BQ67: =SUM(AZ67:BK67) -> 547010.1 | BS67: =SUM(D67:F67) -> 58235.74 | BT67: =SUM(G67:I67) -> 64842.62 | BU67: =SUM(J67:L67) -> 71535.29 | BV67: =SUM(M67:O67) -> 48913.72 | BW67: =SUM(P67:R67) -> 107148.36 | BX67: =SUM(S67:U67) -> 142398.36 | BY67: =SUM(V67:X67) -> 143037.25 | BZ67: =SUM(Y67:AA67) -> 143037.25 | CA67: =SUM(AB67:AD67) -> 143037.25 | CB67: =SUM(AE67:AG67) -> 143037.25 | CC67: =SUM(AH67:AJ67) -> 143037.25 | CD67: =SUM(AK67:AM67) -> 143037.25 | CE67: =SUM(AN67:AP67) -> 143037.25 | CF67: =SUM(AQ67:AS67) -> 143037.25 | CG67: =SUM(AT67:AV67) -> 143037.25 | CH67: =SUM(AW67:AY67) -> 143037.25 | CI67: =SUM(AZ67:BB67) -> 140259.47 | CJ67: =SUM(BC67:BE67) -> 136009.47 | CK67: =SUM(BF67:BH67) -> 135370.58 | CL67: =SUM(BI67:BK67) -> 135370.58
A68: Penalties, fines and settlements | BM68: =SUM(D68:O68) -> 0 | BN68: =SUM(P68:AA68) -> 0 | BO68: =SUM(AB68:AM68) -> 0 | BP68: =SUM(AN68:AY68) -> 0 | BQ68: =SUM(AZ68:BK68) -> 0 | BS68: =SUM(D68:F68) -> 0 | BT68: =SUM(G68:I68) -> 0 | BU68: =SUM(J68:L68) -> 0 | BV68: =SUM(M68:O68) -> 0 | BW68: =SUM(P68:R68) -> 0 | BX68: =SUM(S68:U68) -> 0 | BY68: =SUM(V68:X68) -> 0 | BZ68: =SUM(Y68:AA68) -> 0 | CA68: =SUM(AB68:AD68) -> 0 | CB68: =SUM(AE68:AG68) -> 0 | CC68: =SUM(AH68:AJ68) -> 0 | CD68: =SUM(AK68:AM68) -> 0 | CE68: =SUM(AN68:AP68) -> 0 | CF68: =SUM(AQ68:AS68) -> 0 | CG68: =SUM(AT68:AV68) -> 0 | CH68: =SUM(AW68:AY68) -> 0 | CI68: =SUM(AZ68:BB68) -> 0 | CJ68: =SUM(BC68:BE68) -> 0 | CK68: =SUM(BF68:BH68) -> 0 | CL68: =SUM(BI68:BK68) -> 0
A69: Severance Expense | BM69: =SUM(D69:O69) -> 0 | BN69: =SUM(P69:AA69) -> 0 | BO69: =SUM(AB69:AM69) -> 0 | BP69: =SUM(AN69:AY69) -> 0 | BQ69: =SUM(AZ69:BK69) -> 0 | BS69: =SUM(D69:F69) -> 0 | BT69: =SUM(G69:I69) -> 0 | BU69: =SUM(J69:L69) -> 0 | BV69: =SUM(M69:O69) -> 0 | BW69: =SUM(P69:R69) -> 0 | BX69: =SUM(S69:U69) -> 0 | BY69: =SUM(V69:X69) -> 0 | BZ69: =SUM(Y69:AA69) -> 0 | CA69: =SUM(AB69:AD69) -> 0 | CB69: =SUM(AE69:AG69) -> 0 | CC69: =SUM(AH69:AJ69) -> 0 | CD69: =SUM(AK69:AM69) -> 0 | CE69: =SUM(AN69:AP69) -> 0 | CF69: =SUM(AQ69:AS69) -> 0 | CG69: =SUM(AT69:AV69) -> 0 | CH69: =SUM(AW69:AY69) -> 0 | CI69: =SUM(AZ69:BB69) -> 0 | CJ69: =SUM(BC69:BE69) -> 0 | CK69: =SUM(BF69:BH69) -> 0 | CL69: =SUM(BI69:BK69) -> 0
A70: Other | BM70: =SUM(D70:O70) -> 0 | BN70: =SUM(P70:AA70) -> 0 | BO70: =SUM(AB70:AM70) -> 0 | BP70: =SUM(AN70:AY70) -> 0 | BQ70: =SUM(AZ70:BK70) -> 0 | BS70: =SUM(D70:F70) -> 0 | BT70: =SUM(G70:I70) -> 0 | BU70: =SUM(J70:L70) -> 0 | BV70: =SUM(M70:O70) -> 0 | BW70: =SUM(P70:R70) -> 0 | BX70: =SUM(S70:U70) -> 0 | BY70: =SUM(V70:X70) -> 0 | BZ70: =SUM(Y70:AA70) -> 0 | CA70: =SUM(AB70:AD70) -> 0 | CB70: =SUM(AE70:AG70) -> 0 | CC70: =SUM(AH70:AJ70) -> 0 | CD70: =SUM(AK70:AM70) -> 0 | CE70: =SUM(AN70:AP70) -> 0 | CF70: =SUM(AQ70:AS70) -> 0 | CG70: =SUM(AT70:AV70) -> 0 | CH70: =SUM(AW70:AY70) -> 0 | CI70: =SUM(AZ70:BB70) -> 0 | CJ70: =SUM(BC70:BE70) -> 0 | CK70: =SUM(BF70:BH70) -> 0 | CL70: =SUM(BI70:BK70) -> 0
A71: Net Non-Operating Income | D71: =SUM(D66:D70) -> 19122.5 | E71: =SUM(E66:E70) -> 19556.62 | F71: =SUM(F66:F70) -> 19556.62 | G71: =SUM(G66:G70) -> 20278 | H71: =SUM(H66:H70) -> 22282.31 | I71: =SUM(I66:I70) -> 22282.31 | J71: =SUM(J66:J70) -> 22504.79 | K71: =SUM(K66:K70) -> 22961.16 | ... BK71: =SUM(BK66:BK70) -> 45123.527 | BM71: =SUM(BM66:BM70) -> 243527.37 | BN71: =SUM(BN66:BN70) -> 535621.21 | BO71: =SUM(BO66:BO70) -> 572148.99 | BP71: =SUM(BP66:BP70) -> 572148.99 | BQ71: =SUM(BQ66:BQ70) -> 547010.1 | BS71: =SUM(BS66:BS70) -> 58235.74 | BT71: =SUM(BT66:BT70) -> 64842.62 | BU71: =SUM(BU66:BU70) -> 71535.29 | BV71: =SUM(BV66:BV70) -> 48913.72 | BW71: =SUM(BW66:BW70) -> 107148.36 | BX71: =SUM(BX66:BX70) -> 142398.36 | BY71: =SUM(BY66:BY70) -> 143037.25 | BZ71: =SUM(BZ66:BZ70) -> 143037.25 | ... CL71: =SUM(CL66:CL70) -> 135370.58
A73: Pre-Tax Income | D73: =+D63+D71 -> -186522.57 | E73: =+E63+E71 -> -147859.87 | F73: =+F63+F71 -> -219967.8 | G73: =+G63+G71 -> -321481.31 | H73: =+H63+H71 -> -612038.51 | I73: =+I63+I71 -> -436789.29 | J73: =+J63+J71 -> -735530.49 | K73: =+K63+K71 -> -580415.07 | ... BK73: =+BK63+BK71 -> 3777591.4 | BM73: =+BM63+BM71 -> -7645750.8 | BN73: =+BN63+BN71 -> -16657882 | BO73: =+BO63+BO71 -> -2471606.4 | BP73: =+BP63+BP71 -> 17605304 | BQ73: =+BQ63+BQ71 -> 43152600 | BS73: =+BS63+BS71 -> -554350.25 | BT73: =+BT63+BT71 -> -1370309.1 | BU73: =+BU63+BU71 -> -2141635.2 | BV73: =+BV63+BV71 -> -3579456.2 | BW73: =+BW63+BW71 -> -2911102.5 | BX73: =+BX63+BX71 -> -4537447.1 | BY73: =+BY63+BY71 -> -4632456.9 | BZ73: =+BZ63+BZ71 -> -4576875.9 | ... CL73: =+CL63+CL71 -> 11227031
A75: Income Tax | BM75: =SUM(D75:O75) -> 0 | BN75: =SUM(P75:AA75) -> 0 | BO75: =SUM(AB75:AM75) -> 0 | BP75: =SUM(AN75:AY75) -> 0 | BQ75: =SUM(AZ75:BK75) -> 0 | BS75: =SUM(D75:F75) -> 0 | BT75: =SUM(G75:I75) -> 0 | BU75: =SUM(J75:L75) -> 0 | BV75: =SUM(M75:O75) -> 0 | BW75: =SUM(P75:R75) -> 0 | BX75: =SUM(S75:U75) -> 0 | BY75: =SUM(V75:X75) -> 0 | BZ75: =SUM(Y75:AA75) -> 0 | CA75: =SUM(AB75:AD75) -> 0 | CB75: =SUM(AE75:AG75) -> 0 | CC75: =SUM(AH75:AJ75) -> 0 | CD75: =SUM(AK75:AM75) -> 0 | CE75: =SUM(AN75:AP75) -> 0 | CF75: =SUM(AQ75:AS75) -> 0 | CG75: =SUM(AT75:AV75) -> 0 | CH75: =SUM(AW75:AY75) -> 0 | CI75: =SUM(AZ75:BB75) -> 0 | CJ75: =SUM(BC75:BE75) -> 0 | CK75: =SUM(BF75:BH75) -> 0 | CL75: =SUM(BI75:BK75) -> 0
A77: Net Income | D77: =+D73+D75 -> -186522.57 | E77: =+E73+E75 -> -147859.87 | F77: =+F73+F75 -> -219967.8 | G77: =+G73+G75 -> -321481.31 | H77: =+H73+H75 -> -612038.51 | I77: =+I73+I75 -> -436789.29 | J77: =+J73+J75 -> -735530.49 | K77: =+K73+K75 -> -580415.07 | ... BK77: =+BK73+BK75 -> 3777591.4 | BM77: =+BM73+BM75 -> -7645750.8 | BN77: =+BN73+BN75 -> -16657882 | BO77: =+BO73+BO75 -> -2471606.4 | BP77: =+BP73+BP75 -> 17605304 | BQ77: =+BQ73+BQ75 -> 43152600 | BS77: =+BS73+BS75 -> -554350.25 | BT77: =+BT73+BT75 -> -1370309.1 | BU77: =+BU73+BU75 -> -2141635.2 | BV77: =+BV73+BV75 -> -3579456.2 | BW77: =+BW73+BW75 -> -2911102.5 | BX77: =+BX73+BX75 -> -4537447.1 | BY77: =+BY73+BY75 -> -4632456.9 | BZ77: =+BZ73+BZ75 -> -4576875.9 | ... CL77: =+CL73+CL75 -> 11227031

Sheet BS
O1: Bold Penguin, Inc. | AA1: Bold Penguin, Inc.
O2: Consolidated Balance Sheet by Month | AA2: Consolidated Balance Sheet by Month
O3: 43465 | AA3: For the Period Ending November 30, 2019
N6: 2017 | Z6: 2018
C7: January | D7: February | E7: March | F7: April | G7: May | H7: June | I7: July | J7: August | K7: September | L7: October | M7: November | N7: December | O7: January | P7: February | Q7: March | R7: April | S7: May | T7: June | U7: July | V7: August | W7: September | X7: October | Y7: November | Z7: December | AA7: 43496 | AB7: 43524 | AC7: 43555 | AD7: 43585 | AE7: 43616 | AF7: 43646 | AG7: 43677 | AH7: 43708 | AI7: 43738 | AJ7: 43769 | AK7: 43799 | AL7: 43830 | AM7: 43861 | AN7: 43890 | AO7: 43921 | AP7: 43951 | AQ7: 43982 | AR7: 44012 | AS7: 44043 | AT7: 44074 | AU7: 44104 | AV7: 44135 | AW7: 44165 | AX7: 44196 | AY7: 44227 | AZ7: 44255 | BA7: 44286 | BB7: 44316 | BC7: 44347 | BD7: 44377 | BE7: 44408 | BF7: 44439 | BG7: 44469 | BH7: 44500 | BI7: 44530 | BJ7: 44561 | BK7: 44592 | BL7: 44620 | BM7: 44651 | BN7: 44681 | BO7: 44712 | BP7: 44742 | BQ7: 44773 | BR7: 44804 | BS7: 44834 | BT7: 44865 | BU7: 44895 | BV7: 44926 | BW7: 44957 | BX7: 44985 | BY7: 45016 | BZ7: 45046 | CA7: 45077 | CB7: 45107 | CC7: 45138 | CD7: 45169 | CE7: 45199 | CF7: 45230 | CG7: 45260 | CH7: 45291
A8: Current Assets
A9: Cash | C9: 494125.81 | D9: 461461.98 | E9: 443281.84 | F9: 372909.4 | G9: 285238.34 | H9: 268070.51 | I9: 452525.96 | J9: 1857305.7 | K9: 1426774.4 | L9: 1308239.5 | M9: 1405795.7 | N9: 1319991.3 | O9: 1767955 | P9: 1524058.5 | Q9: 1226604.3 | R9: 1155500.2 | S9: 723755.35 | T9: 678124.27 | U9: 8313350.5 | V9: 6978790.4 | W9: 7120487.7 | X9: 6595473.3 | Y9: 5946261.3 | Z9: 5253487.8 | AA9: 5093666.3 | AB9: 3915399.5 | AC9: 10418328 | AD9: 9000251.7 | AE9: 7442408.2 | AF9: 8777511 | AG9: 7959822.4 | AH9: 5853290 | AI9: 26644075 | AJ9: 36707940 | AK9: 34780594 | AL9: 35099036 | AM9: 22459306 | AN9: 21784567 | AO9: 20875928 | AP9: 20163736 | AQ9: 19288264 | AR9: 18372505 | AS9: 17519132 | AT9: 16643252 | AU9: 15774905 | AV9: 14953702 | AW9: 14144528 | AX9: 13347683 | AY9: -2929149.5 | AZ9: -2466622.8 | BA9: -1996236 | BB9: -1518822.4 | BC9: -1035130.6 | BD9: -547217.55 | BE9: 8133.621 | BF9: 543178.14 | BG9: 1090737.5 | BH9: 1649624.3 | BI9: 2224353.5 | BJ9: 2816808 | BK9: 2344591.6 | BL9: 4437614.5 | BM9: 6549373 | BN9: 8677309.3 | BO9: 10819925 | BP9: 12975379 | BQ9: 15209419 | BR9: 17429901 | BS9: 19673444 | BT9: 21939280 | BU9: 24230165 | BV9: 26549120 | BW9: 48235391 | BX9: 52416643 | BY9: 56623652 | BZ9: 60854477 | CA9: 65107213 | CB9: 69380970 | CC9: 73743973 | CD9: 78102065 | CE9: 82494010 | CF9: 86913404 | CG9: 91366329 | CH9: 95855361
A10: Unbilled Accounts Receivable | AA10: 0 | AB10: 0 | AC10: 0 | AD10: 0 | AE10: 0 | AF10: 0 | AG10: 0 | AH10: 0 | AI10: 0 | AJ10: 0 | AK10: 0 | AL10: 0 | AM10: 0 | AN10: 0 | AO10: 0 | AP10: 0 | AQ10: 0 | AR10: 0 | AS10: 0 | AT10: 0 | AU10: 0 | AV10: 0 | AW10: 0 | AX10: 0 | AY10: 0 | AZ10: 0 | BA10: 0 | BB10: 0 | BC10: 0 | BD10: 0 | BE10: 0 | BF10: 0 | BG10: 0 | BH10: 0 | BI10: 0 | BJ10: 0 | BK10: 0 | BL10: 0 | BM10: 0 | BN10: 0 | BO10: 0 | BP10: 0 | BQ10: 0 | BR10: 0 | BS10: 0 | BT10: 0 | BU10: 0 | BV10: 0 | BW10: 0 | BX10: 0 | BY10: 0 | BZ10: 0 | CA10: 0 | CB10: 0 | CC10: 0 | CD10: 0 | CE10: 0 | CF10: 0 | CG10: 0 | CH10: 0
A11: Accounts Receivable | C11: 0 | D11: 0 | E11: 0 | F11: 0 | G11: 0 | H11: 0 | I11: 0 | J11: 0 | K11: 7110.5 | L11: 222750.79 | M11: 46098.63 | N11: 10898.63 | O11: 258464.26 | P11: 215264.26 | Q11: 262958.41 | R11: -10595.5 | S11: 416832.33 | T11: 166936.67 | U11: 159929.74 | V11: 293000.33 | W11: 93585.11 | X11: 175568 | Y11: 686109.52 | Z11: 798540.32 | AA11: 240878.24 | AB11: 171902.84 | AC11: 150837.56 | AD11: 2379780.3 | AE11: 2858176.9 | AF11: 649719.12 | AG11: 419382.07 | AH11: 1375192.9 | AI11: 999404.45 | AJ11: 906152.54 | AK11: 1065749.1 | AL11: 1065749.1 | AM11: 1065749.1 | AN11: 1065749.1 | AO11: 1065749.1 | AP11: 1065749.1 | AQ11: 1065749.1 | AR11: 1065749.1 | AS11: 1065749.1 | AT11: 1065749.1 | AU11: 1065749.1 | AV11: 1065749.1 | AW11: 1065749.1 | AX11: 1065749.1 | AY11: 1065749.1 | AZ11: 1065749.1 | BA11: 1065749.1 | BB11: 1065749.1 | BC11: 1065749.1 | BD11: 1065749.1 | BE11: 1065749.1 | BF11: 1065749.1 | BG11: 1065749.1 | BH11: 1065749.1 | BI11: 1065749.1 | BJ11: 1065749.1 | BK11: 1065749.1 | BL11: 1065749.1 | BM11: 1065749.1 | BN11: 1065749.1 | BO11: 1065749.1 | BP11: 1065749.1 | BQ11: 1065749.1 | BR11: 1065749.1 | BS11: 1065749.1 | BT11: 1065749.1 | BU11: 1065749.1 | BV11: 1065749.1 | BW11: 1065749.1 | BX11: 1065749.1 | BY11: 1065749.1 | BZ11: 1065749.1 | CA11: 1065749.1 | CB11: 1065749.1 | CC11: 1065749.1 | CD11: 1065749.1 | CE11: 1065749.1 | CF11: 1065749.1 | CG11: 1065749.1 | CH11: 1065749.1
A12: Reserve on Accounts Receivable | C12: 0 | D12: 0 | E12: 0 | F12: 0 | G12: 0 | H12: 0 | I12: 0 | J12: 0 | K12: 0 | L12: 0 | M12: 0 | N12: 0 | O12: 0 | P12: 0 | Q12: 0 | R12: 0 | S12: 0 | T12: 0 | U12: 0 | V12: 0 | W12: 0 | X12: 0 | Y12: 0 | Z12: -20000 | AA12: -20000 | AB12: -20000 | AC12: -20000 | AD12: -20000 | AE12: -20000 | AF12: -1744.06 | AG12: -1744.06 | AH12: -1744.06 | AI12: -1744.06 | AJ12: -1744.06 | AK12: -1744.06 | AL12: -1744.06 | AM12: -1744.06 | AN12: -1744.06 | AO12: -1744.06 | AP12: -1744.06 | AQ12: -1744.06 | AR12: -1744.06 | AS12: -1744.06 | AT12: -1744.06 | AU12: -1744.06 | AV12: -1744.06 | AW12: -1744.06 | AX12: -1744.06 | AY12: -1744.06 | AZ12: -1744.06 | BA12: -1744.06 | BB12: -1744.06 | BC12: -1744.06 | BD12: -1744.06 | BE12: -1744.06 | BF12: -1744.06 | BG12: -1744.06 | BH12: -1744.06 | BI12: -1744.06 | BJ12: -1744.06 | BK12: -1744.06 | BL12: -1744.06 | BM12: -1744.06 | BN12: -1744.06 | BO12: -1744.06 | BP12: -1744.06 | BQ12: -1744.06 | BR12: -1744.06 | BS12: -1744.06 | BT12: -1744.06 | BU12: -1744.06 | BV12: -1744.06 | BW12: -1744.06 | BX12: -1744.06 | BY12: -1744.06 | BZ12: -1744.06 | CA12: -1744.06 | CB12: -1744.06 | CC12: -1744.06 | CD12: -1744.06 | CE12: -1744.06 | CF12: -1744.06 | CG12: -1744.06 | CH12: -1744.06
A13: Net Accounts Receivable | C13: 0 | D13: 0 | E13: 0 | F13: 0 | G13: 0 | H13: 0 | I13: 0 | J13: 0 | K13: 7110.5 | L13: 222750.79 | M13: 46098.63 | N13: 10898.63 | O13: 258464.26 | P13: 215264.26 | Q13: 262958.41 | R13: -10595.5 | S13: 416832.33 | T13: 166936.67 | U13: 159929.74 | V13: 293000.33 | W13: 93585.11 | X13: 175568 | Y13: 686109.52 | Z13: 778540.32 | AA13: =SUM(AA11:AA12) -> 220878.24 | AB13: =SUM(AB11:AB12) -> 151902.84 | AC13: =SUM(AC11:AC12) -> 130837.56 | AD13: =SUM(AD11:AD12) -> 2359780.3 | AE13: =SUM(AE11:AE12) -> 2838176.9 | AF13: =SUM(AF11:AF12) -> 647975.06 | AG13: =SUM(AG11:AG12) -> 417638.01 | AH13: =SUM(AH11:AH12) -> 1373448.9 | ... CH13: =SUM(CH11:CH12) -> 1064005
A14: Current Assets - Other | C14: 175 | D14: 175 | E14: 175 | F14: 0 | G14: 0 | H14: 0 | I14: 0 | J14: 7110.5 | K14: 0 | L14: 0 | M14: 0 | N14: 2500 | O14: 5000 | P14: 5000 | Q14: 5000 | R14: 104937.4 | S14: 115244.31 | T14: 0 | U14: 0 | V14: 0 | W14: 16971.68 | X14: 3868.24 | Y14: 4692.55 | Z14: -79842.35 | AA14: 13685.72 | AB14: 7870.37 | AC14: 1402778.5 | AD14: 96358.46 | AE14: 200361.42 | AF14: 20000 | AG14: 318366.58 | AH14: 232694.7 | AI14: 328667 | AJ14: 695489.25 | AK14: 838198.58 | AL14: 338198.58 | AM14: 338198.58 | AN14: 338198.58 | AO14: 338198.58 | AP14: 338198.58 | AQ14: 338198.58 | AR14: 338198.58 | AS14: 338198.58 | AT14: 338198.58 | AU14: 338198.58 | AV14: 338198.58 | AW14: 338198.58 | AX14: 338198.58 | AY14: 338198.58 | AZ14: 338198.58 | BA14: 338198.58 | BB14: 338198.58 | BC14: 338198.58 | BD14: 338198.58 | BE14: 338198.58 | BF14: 338198.58 | BG14: 338198.58 | BH14: 338198.58 | BI14: 338198.58 | BJ14: 338198.58 | BK14: 338198.58 | BL14: 338198.58 | BM14: 338198.58 | BN14: 338198.58 | BO14: 338198.58 | BP14: 338198.58 | BQ14: 338198.58 | BR14: 338198.58 | BS14: 338198.58 | BT14: 338198.58 | BU14: 338198.58 | BV14: 338198.58 | BW14: 338198.58 | BX14: 338198.58 | BY14: 338198.58 | BZ14: 338198.58 | CA14: 338198.58 | CB14: 338198.58 | CC14: 338198.58 | CD14: 338198.58 | CE14: 338198.58 | CF14: 338198.58 | CG14: 338198.58 | CH14: 338198.58
A15: Prepaids | C15: -591 | D15: -1182 | E15: 1488 | F15: 2955 | G15: 4800.87 | H15: 3861.74 | I15: 9865.37 | J15: 23894.6 | K15: 27517.83 | L15: 19878.99 | M15: 23193.07 | N15: 25582.19 | O15: 28556.65 | P15: 26893.36 | Q15: 24719.24 | R15: 20945.12 | S15: 70923.13 | T15: 61870.83 | U15: 96258.77 | V15: 98218.32 | W15: 142147.28 | X15: 127790.37 | Y15: 202102.78 | Z15: 134937.26 | AA15: 230672.66 | AB15: 234793.48 | AC15: 323124.58 | AD15: 428083.52 | AE15: 451537.95 | AF15: 653074.83 | AG15: 475587.99 | AH15: 433179.05 | AI15: 376404.24 | AJ15: 387129.41 | AK15: 368103.54 | AL15: 368103.54 | AM15: 368103.54 | AN15: 368103.54 | AO15: 368103.54 | AP15: 368103.54 | AQ15: 368103.54 | AR15: 368103.54 | AS15: 368103.54 | AT15: 368103.54 | AU15: 368103.54 | AV15: 368103.54 | AW15: 368103.54 | AX15: 368103.54 | AY15: 368103.54 | AZ15: 368103.54 | BA15: 368103.54 | BB15: 368103.54 | BC15: 368103.54 | BD15: 368103.54 | BE15: 368103.54 | BF15: 368103.54 | BG15: 368103.54 | BH15: 368103.54 | BI15: 368103.54 | BJ15: 368103.54 | BK15: 368103.54 | BL15: 368103.54 | BM15: 368103.54 | BN15: 368103.54 | BO15: 368103.54 | BP15: 368103.54 | BQ15: 368103.54 | BR15: 368103.54 | BS15: 368103.54 | BT15: 368103.54 | BU15: 368103.54 | BV15: 368103.54 | BW15: 368103.54 | BX15: 368103.54 | BY15: 368103.54 | BZ15: 368103.54 | CA15: 368103.54 | CB15: 368103.54 | CC15: 368103.54 | CD15: 368103.54 | CE15: 368103.54 | CF15: 368103.54 | CG15: 368103.54 | CH15: 368103.54
A16: Total Current Assets | C16: 493709.81 | D16: 460454.98 | E16: 444944.84 | F16: 375864.4 | G16: 290039.21 | H16: 271932.25 | I16: 462391.33 | J16: 1888310.8 | K16: 1461402.8 | L16: 1550869.3 | M16: 1475087.4 | N16: 1358972.1 | O16: 2059975.9 | P16: 1771216.1 | Q16: 1519282 | R16: 1270787.3 | S16: 1326755.1 | T16: 906931.77 | U16: 8569539 | V16: 7370009 | W16: 7373191.8 | X16: 6902700 | Y16: 6839166.1 | Z16: 6087123 | AA16: =+AA15+AA14+AA13+AA9+AA10 -> 5558902.9 | AB16: =+AB15+AB14+AB13+AB9+AB10 -> 4309966.2 | AC16: =+AC15+AC14+AC13+AC9+AC10 -> 12275069 | AD16: =+AD15+AD14+AD13+AD9+AD10 -> 11884474 | AE16: =+AE15+AE14+AE13+AE9+AE10 -> 10932484 | AF16: =+AF15+AF14+AF13+AF9+AF10 -> 10098561 | AG16: =+AG15+AG14+AG13+AG9+AG10 -> 9171415 | AH16: =+AH15+AH14+AH13+AH9+AH10 -> 7892612.6 | ... CH16: =+CH15+CH14+CH13+CH9+CH10 -> 97625668
A18: Property, Plant, Equip.
A19: Office Equipment | C19: 0 | D19: 0 | E19: 0 | F19: 0 | G19: 0 | H19: 0 | I19: 0 | J19: 0 | K19: 0 | L19: 0 | M19: 0 | N19: 0 | O19: 0 | P19: 0 | Q19: 0 | R19: 0 | S19: 0 | T19: 0 | U19: 0 | V19: 0 | W19: 0 | X19: 0 | Y19: 0 | Z19: 18960.32 | AA19: 18960.32 | AB19: 25560.12 | AC19: 25560.12 | AD19: 39689.93 | AE19: 39689.93 | AF19: 39689.93 | AG19: 39689.93 | AH19: 39689.93 | AI19: 39689.93 | AJ19: 39689.93 | AK19: 39689.93 | AL19: 39689.93 | AM19: 39689.93 | AN19: 39689.93 | AO19: 39689.93 | AP19: 39689.93 | AQ19: 39689.93 | AR19: 39689.93 | AS19: 39689.93 | AT19: 39689.93 | AU19: 39689.93 | AV19: 39689.93 | AW19: 39689.93 | AX19: 39689.93 | AY19: 39689.93 | AZ19: 39689.93 | BA19: 39689.93 | BB19: 39689.93 | BC19: 39689.93 | BD19: 39689.93 | BE19: 39689.93 | BF19: 39689.93 | BG19: 39689.93 | BH19: 39689.93 | BI19: 39689.93 | BJ19: 39689.93 | BK19: 39689.93 | BL19: 39689.93 | BM19: 39689.93 | BN19: 39689.93 | BO19: 39689.93 | BP19: 39689.93 | BQ19: 39689.93 | BR19: 39689.93 | BS19: 39689.93 | BT19: 39689.93 | BU19: 39689.93 | BV19: 39689.93 | BW19: 39689.93 | BX19: 39689.93 | BY19: 39689.93 | BZ19: 39689.93 | CA19: 39689.93 | CB19: 39689.93 | CC19: 39689.93 | CD19: 39689.93 | CE19: 39689.93 | CF19: 39689.93 | CG19: 39689.93 | CH19: 39689.93
A20: Software Purchased | C20: 0 | D20: 0 | E20: 0 | F20: 0 | G20: 0 | H20: 0 | I20: 0 | J20: 0 | K20: 0 | L20: 0 | M20: 0 | N20: 0 | O20: 0 | P20: 0 | Q20: 0 | R20: 0 | S20: 0 | T20: 0 | U20: 0 | V20: 0 | W20: 0 | X20: 0 | Y20: 0 | Z20: 0 | AA20: 0 | AB20: 0 | AC20: 0 | AD20: 0 | AE20: 0 | AF20: 0 | AG20: 0 | AH20: 0 | AI20: 0 | AJ20: 0 | AK20: 0
A21: Computer Hardware | C21: 0 | D21: 0 | E21: 0 | F21: 0 | G21: 0 | H21: 0 | I21: 3405.61 | J21: 3405.61 | K21: 3405.61 | L21: 3405.61 | M21: 6959.58 | N21: 31217.8 | O21: 31217.8 | P21: 33742.98 | Q21: 48775.81 | R21: 80772.64 | S21: 99643.13 | T21: 105576.15 | U21: 115569.35 | V21: 123376.66 | W21: 123376.66 | X21: 159449.8 | Y21: 159449.8 | Z21: 159449.8 | AA21: 178588.22 | AB21: 187437.02 | AC21: 192307.4 | AD21: 209798.77 | AE21: 226275.11 | AF21: 226275.11 | AG21: 226275.11 | AH21: 226275.11 | AI21: 278614.52 | AJ21: 278614.52 | AK21: 278614.52 | AL21: 278614.52 | AM21: 281614.52 | AN21: 315614.52 | AO21: 338614.52 | AP21: 352614.52 | AQ21: 365614.52 | AR21: 370614.52 | AS21: 370614.52 | AT21: 370614.52 | AU21: 370614.52 | AV21: 370614.52 | AW21: 370614.52 | AX21: 370614.52 | AY21: 370614.52 | AZ21: 370614.52 | BA21: 370614.52 | BB21: 370614.52 | BC21: 370614.52 | BD21: 370614.52 | BE21: 370614.52 | BF21: 370614.52 | BG21: 370614.52 | BH21: 370614.52 | BI21: 370614.52 | BJ21: 370614.52 | BK21: 370614.52 | BL21: 370614.52 | BM21: 370614.52 | BN21: 370614.52 | BO21: 370614.52 | BP21: 370614.52 | BQ21: 370614.52 | BR21: 370614.52 | BS21: 370614.52 | BT21: 370614.52 | BU21: 370614.52 | BV21: 370614.52 | BW21: 370614.52 | BX21: 370614.52 | BY21: 370614.52 | BZ21: 370614.52 | CA21: 370614.52 | CB21: 370614.52 | CC21: 370614.52 | CD21: 370614.52 | CE21: 370614.52 | CF21: 370614.52 | CG21: 370614.52 | CH21: 370614.52
A22: Furniture and Fixtures | C22: 0 | D22: 0 | E22: 0 | F22: 0 | G22: 0 | H22: 0 | I22: 0 | J22: 0 | K22: 0 | L22: 0 | M22: 0 | N22: 0 | O22: 0 | P22: 0 | Q22: 0 | R22: 0 | S22: 0 | T22: 0 | U22: 0 | V22: 0 | W22: 0 | X22: 12567 | Y22: 121784.69 | Z22: 121784.69 | AA22: 121784.69 | AB22: 121784.69 | AC22: 121784.69 | AD22: 121784.69 | AE22: 121784.69 | AF22: 121784.69 | AG22: 121784.69 | AH22: 121784.69 | AI22: 125289.19 | AJ22: 125289.19 | AK22: 125289.19 | AL22: 125289.19 | AM22: 135289.19 | AN22: 145289.19 | AO22: 155289.19 | AP22: 165289.19 | AQ22: 165289.19 | AR22: 165289.19 | AS22: 165289.19 | AT22: 165289.19 | AU22: 165289.19 | AV22: 165289.19 | AW22: 165289.19 | AX22: 165289.19 | AY22: 165289.19 | AZ22: 165289.19 | BA22: 165289.19 | BB22: 165289.19 | BC22: 165289.19 | BD22: 165289.19 | BE22: 165289.19 | BF22: 165289.19 | BG22: 165289.19 | BH22: 165289.19 | BI22: 165289.19 | BJ22: 165289.19 | BK22: 165289.19 | BL22: 165289.19 | BM22: 165289.19 | BN22: 165289.19 | BO22: 165289.19 | BP22: 165289.19 | BQ22: 165289.19 | BR22: 165289.19 | BS22: 165289.19 | BT22: 165289.19 | BU22: 165289.19 | BV22: 165289.19 | BW22: 165289.19 | BX22: 165289.19 | BY22: 165289.19 | BZ22: 165289.19 | CA22: 165289.19 | CB22: 165289.19 | CC22: 165289.19 | CD22: 165289.19 | CE22: 165289.19 | CF22: 165289.19 | CG22: 165289.19 | CH22: 165289.19
A23: Leasehold Improvements | C23: 0 | D23: 0 | E23: 0 | F23: 0 | G23: 0 | H23: 0 | I23: 0 | J23: 0 | K23: 0 | L23: 0 | M23: 0 | N23: 0 | O23: 0 | P23: 0 | Q23: 0 | R23: 0 | S23: 0 | T23: 0 | U23: 0 | V23: 0 | W23: 0 | X23: 17218.06 | Y23: 17218.06 | Z23: 45670.31 | AA23: 45670.31 | AB23: 50370.31 | AC23: 50370.31 | AD23: 50370.31 | AE23: 54257.31 | AF23: 54257.31 | AG23: 65537.31 | AH23: 89724.81 | AI23: 89724.81 | AJ23: 89724.81 | AK23: 89724.81 | AL23: 89724.81 | AM23: 389724.81 | AN23: 689724.81 | AO23: 989724.81 | AP23: 947279.29 | AQ23: 947279.29 | AR23: 947279.29 | AS23: 947279.29 | AT23: 947279.29 | AU23: 947279.29 | AV23: 947279.29 | AW23: 947279.29 | AX23: 947279.29 | AY23: 947279.29 | AZ23: 947279.29 | BA23: 947279.29 | BB23: 947279.29 | BC23: 947279.29 | BD23: 947279.29 | BE23: 947279.29 | BF23: 947279.29 | BG23: 947279.29 | BH23: 947279.29 | BI23: 947279.29 | BJ23: 947279.29 | BK23: 947279.29 | BL23: 947279.29 | BM23: 947279.29 | BN23: 947279.29 | BO23: 947279.29 | BP23: 947279.29 | BQ23: 947279.29 | BR23: 947279.29 | BS23: 947279.29 | BT23: 947279.29 | BU23: 947279.29 | BV23: 947279.29 | BW23: 947279.29 | BX23: 947279.29 | BY23: 947279.29 | BZ23: 947279.29 | CA23: 947279.29 | CB23: 947279.29 | CC23: 947279.29 | CD23: 947279.29 | CE23: 947279.29 | CF23: 947279.29 | CG23: 947279.29 | CH23: 947279.29
A24: Vehicles | C24: 0 | D24: 0 | E24: 0 | F24: 0 | G24: 0 | H24: 0 | I24: 0 | J24: 0 | K24: 0 | L24: 0 | M24: 0 | N24: 0 | O24: 0 | P24: 0 | Q24: 0 | R24: 0 | S24: 0 | T24: 0 | U24: 0 | V24: 0 | W24: 0 | X24: 0 | Y24: 0 | Z24: 0 | AA24: 0 | AB24: 0 | AC24: 0 | AD24: 0 | AE24: 80517.18 | AF24: 80517.18 | AG24: 82517.18 | AH24: 82517.18 | AI24: 82517.18 | AJ24: 82517.18 | AK24: 82517.18 | AL24: 82517.18 | AM24: 82517.18 | AN24: 82517.18 | AO24: 82517.18 | AP24: 82517.18 | AQ24: 82517.18 | AR24: 82517.18 | AS24: 82517.18 | AT24: 82517.18 | AU24: 82517.18 | AV24: 82517.18 | AW24: 82517.18 | AX24: 82517.18 | AY24: 82517.18 | AZ24: 82517.18 | BA24: 82517.18 | BB24: 82517.18 | BC24: 82517.18 | BD24: 82517.18 | BE24: 82517.18 | BF24: 82517.18 | BG24: 82517.18 | BH24: 82517.18 | BI24: 82517.18 | BJ24: 82517.18 | BK24: 82517.18 | BL24: 82517.18 | BM24: 82517.18 | BN24: 82517.18 | BO24: 82517.18 | BP24: 82517.18 | BQ24: 82517.18 | BR24: 82517.18 | BS24: 82517.18 | BT24: 82517.18 | BU24: 82517.18 | BV24: 82517.18 | BW24: 82517.18 | BX24: 82517.18 | BY24: 82517.18 | BZ24: 82517.18 | CA24: 82517.18 | CB24: 82517.18 | CC24: 82517.18 | CD24: 82517.18 | CE24: 82517.18 | CF24: 82517.18 | CG24: 82517.18 | CH24: 82517.18
A25: Construction in Progress | C25: 0 | D25: 0 | E25: 0 | F25: 0 | G25: 0 | H25: 0 | I25: 0 | J25: 0 | K25: 0 | L25: 0 | M25: 0 | N25: 0 | O25: 2525.18 | P25: 18537.29 | Q25: 6528.44 | R25: 8662.24 | S25: 1966.17 | T25: 19568.06 | U25: 19568.06 | V25: 19568.06 | W25: 102715.18 | X25: 54608.85 | Y25: 0 | Z25: 0 | AA25: 4996.6 | AB25: 6270.98 | AC25: 34252.06 | AD25: 115725.94 | AE25: 63201.64 | AF25: 64501.4 | AG25: 0 | AH25: 85000 | AI25: 125386.75 | AJ25: 111924.25 | AK25: 111924.25 | AL25: 111924.25 | AM25: 111924.25 | AN25: 111924.25 | AO25: 111924.25 | AP25: 111924.25 | AQ25: 111924.25 | AR25: 111924.25 | AS25: 111924.25 | AT25: 111924.25 | AU25: 111924.25 | AV25: 111924.25 | AW25: 111924.25 | AX25: 111924.25 | AY25: 111924.25 | AZ25: 111924.25 | BA25: 111924.25 | BB25: 111924.25 | BC25: 111924.25 | BD25: 111924.25 | BE25: 111924.25 | BF25: 111924.25 | BG25: 111924.25 | BH25: 111924.25 | BI25: 111924.25 | BJ25: 111924.25 | BK25: 111924.25 | BL25: 111924.25 | BM25: 111924.25 | BN25: 111924.25 | BO25: 111924.25 | BP25: 111924.25 | BQ25: 111924.25 | BR25: 111924.25 | BS25: 111924.25 | BT25: 111924.25 | BU25: 111924.25 | BV25: 111924.25 | BW25: 111924.25 | BX25: 111924.25 | BY25: 111924.25 | BZ25: 111924.25 | CA25: 111924.25 | CB25: 111924.25 | CC25: 111924.25 | CD25: 111924.25 | CE25: 111924.25 | CF25: 111924.25 | CG25: 111924.25 | CH25: 111924.25
A26: Less Accumulated Depreciation | C26: 0 | D26: 0 | E26: 0 | F26: 0 | G26: 0 | H26: 0 | I26: 0 | J26: -94.6 | K26: -189.2 | L26: -283.8 | M26: -378.4 | N26: -544.58 | O26: -1411.74 | P26: -2349.04 | Q26: -3703.91 | R26: -5240.13 | S26: -7724.42 | T26: -10208.71 | U26: -13141.38 | V26: -16490.52 | W26: -19917.64 | X26: -24853.1 | Y26: -31608.85 | Z26: -39076.36 | AA26: -47122.62 | AB26: -55603 | AC26: -64083.38 | AD26: -73285.14 | AE26: -84491.21 | AF26: -95697.28 | AG26: -107125.83 | AH26: -119010.75 | AI26: -134003.85 | AJ26: -147384.47 | AK26: -160765.09 | AL26: -174145.71 | AM26: -192776.33 | AN26: -217518.06 | AO26: -248065.35 | AP26: -284168.19 | AQ26: -320632.14 | AR26: -357234.99 | AS26: -393837.83 | AT26: -430440.67 | AU26: -467043.51 | AV26: -503646.35 | AW26: -540249.2 | AX26: -576852.04 | AY26: -613454.88 | AZ26: -650057.72 | BA26: -686660.57 | BB26: -723263.41 | BC26: -759866.25 | BD26: -796469.09 | BE26: -833071.93 | BF26: -869674.78 | BG26: -906277.62 | BH26: -942880.46 | BI26: -979483.3 | BJ26: -1016086.1 | BK26: -1052689 | BL26: -1089291.8 | BM26: -1125894.7 | BN26: -1162497.5 | BO26: -1199100.4 | BP26: -1235703.2 | BQ26: -1272306 | BR26: -1308908.9 | BS26: -1345511.7 | BT26: -1382114.6 | BU26: -1418717.4 | BV26: -1455320.3 | BW26: -1491839.8 | BX26: -1527414.8 | BY26: -1562351 | BZ26: -1596898.3 | CA26: -1631084.5 | CB26: -1665131.7 | CC26: -1699179 | CD26: -1733226.3 | CE26: -1767273.6 | CF26: -1801320.9 | CG26: -1835368.2 | CH26: -1869415.5
A27: Total Plant, Property, & Equipment - Net | C27: 0 | D27: 0 | E27: 0 | F27: 0 | G27: 0 | H27: 0 | I27: 3405.61 | J27: 3311.01 | K27: 3216.41 | L27: 3121.81 | M27: 6581.18 | N27: 30673.22 | O27: 32331.24 | P27: 49931.23 | Q27: 51600.34 | R27: 84194.75 | S27: 93884.88 | T27: 114935.5 | U27: 121996.03 | V27: 126454.2 | W27: 206174.2 | X27: 218990.61 | Y27: 266843.7 | Z27: 306788.76 | AA27: =SUM(AA19:AA26) -> 322877.52 | AB27: =SUM(AB19:AB26) -> 335820.12 | AC27: =SUM(AC19:AC26) -> 360191.2 | AD27: =SUM(AD19:AD26) -> 464084.5 | AE27: =SUM(AE19:AE26) -> 501234.65 | AF27: =SUM(AF19:AF26) -> 491328.34 | AG27: =SUM(AG19:AG26) -> 428678.39 | AH27: =SUM(AH19:AH26) -> 525980.97 | ... CH27: =SUM(CH19:CH26) -> -152101.11
A29: Long Term Assets
A30: Security Deposits | C30: 0 | D30: 0 | E30: 0 | F30: 0 | G30: 0 | H30: 0 | I30: 0 | J30: 0 | K30: 0 | L30: 0 | M30: 0 | N30: 0 | O30: 0 | P30: 0 | Q30: 0 | R30: 16012.5 | S30: 16012.5 | T30: 16012.5 | U30: 16012.5 | V30: 16012.5 | W30: 16012.5 | X30: 16012.5 | Y30: 16012.5 | Z30: 16012.5 | AA30: 16012.5 | AB30: 16012.5 | AC30: 16012.5 | AD30: 16012.5 | AE30: 16012.5 | AF30: 16012.5 | AG30: 16012.5 | AH30: 46267.5 | AI30: 121267.5 | AJ30: 121267.5 | AK30: 121267.5 | AL30: 121267.5 | AM30: 321267.5 | AN30: 321267.5 | AO30: 321267.5 | AP30: 321267.5 | AQ30: 321267.5 | AR30: 321267.5 | AS30: 321267.5 | AT30: 321267.5 | AU30: 321267.5 | AV30: 321267.5 | AW30: 321267.5 | AX30: 321267.5 | AY30: 321267.5 | AZ30: 321267.5 | BA30: 321267.5 | BB30: 321267.5 | BC30: 321267.5 | BD30: 321267.5 | BE30: 321267.5 | BF30: 321267.5 | BG30: 321267.5 | BH30: 321267.5 | BI30: 321267.5 | BJ30: 321267.5 | BK30: 321267.5 | BL30: 321267.5 | BM30: 321267.5 | BN30: 321267.5 | BO30: 321267.5 | BP30: 321267.5 | BQ30: 321267.5 | BR30: 321267.5 | BS30: 321267.5 | BT30: 321267.5 | BU30: 321267.5 | BV30: 321267.5 | BW30: 321267.5 | BX30: 321267.5 | BY30: 321267.5 | BZ30: 321267.5 | CA30: 321267.5 | CB30: 321267.5 | CC30: 321267.5 | CD30: 321267.5 | CE30: 321267.5 | CF30: 321267.5 | CG30: 321267.5 | CH30: 321267.5
A31: Intangibles | C31: 664574.87 | D31: 664574.87 | E31: 664574.87 | F31: 664574.87 | G31: 664574.87 | H31: 664574.87 | I31: 664574.87 | J31: 664574.87 | K31: 664574.87 | L31: 664574.87 | M31: 664574.87 | N31: 664574.87 | O31: 664574.87 | P31: 664574.87 | Q31: 664574.87 | R31: 664574.87 | S31: 664574.87 | T31: 664574.87 | U31: 664574.87 | V31: 664574.87 | W31: 664574.87 | X31: 664574.87 | Y31: 664574.87 | Z31: 664574.87 | AA31: 664574.87 | AB31: 664574.87 | AC31: 664574.87 | AD31: 664574.87 | AE31: 664574.87 | AF31: 664574.87 | AG31: 664574.87 | AH31: 664574.87 | AI31: 664574.87 | AJ31: 664574.87 | AK31: 668461.12 | AL31: 668461.12 | AM31: 668461.12 | AN31: 668461.12 | AO31: 668461.12 | AP31: 668461.12 | AQ31: 668461.12 | AR31: 668461.12 | AS31: 668461.12 | AT31: 668461.12 | AU31: 668461.12 | AV31: 668461.12 | AW31: 668461.12 | AX31: 668461.12 | AY31: 668461.12 | AZ31: 668461.12 | BA31: 668461.12 | BB31: 668461.12 | BC31: 668461.12 | BD31: 668461.12 | BE31: 668461.12 | BF31: 668461.12 | BG31: 668461.12 | BH31: 668461.12 | BI31: 668461.12 | BJ31: 668461.12 | BK31: 668461.12 | BL31: 668461.12 | BM31: 668461.12 | BN31: 668461.12 | BO31: 668461.12 | BP31: 668461.12 | BQ31: 668461.12 | BR31: 668461.12 | BS31: 668461.12 | BT31: 668461.12 | BU31: 668461.12 | BV31: 668461.12 | BW31: 668461.12 | BX31: 668461.12 | BY31: 668461.12 | BZ31: 668461.12 | CA31: 668461.12 | CB31: 668461.12 | CC31: 668461.12 | CD31: 668461.12 | CE31: 668461.12 | CF31: 668461.12 | CG31: 668461.12 | CH31: 668461.12
A32: Software - Developed | C32: 0 | D32: 0 | E32: 0 | F32: 0 | G32: 0 | H32: 0 | I32: 0 | J32: 0 | K32: 0 | L32: 0 | M32: 0 | N32: 0 | O32: 0 | P32: 0 | Q32: 0 | R32: 0 | S32: 0 | T32: 0 | U32: 0 | V32: 0 | W32: 0 | X32: 0 | Y32: 0 | Z32: 0 | AA32: 0 | AB32: 0 | AC32: 0 | AD32: 0 | AE32: 0 | AF32: 0 | AG32: 0 | AH32: 0 | AI32: 0 | AJ32: 0 | AK32: 0 | AL32: 0 | AM32: 0 | AN32: 0 | AO32: 0 | AP32: 0 | AQ32: 0 | AR32: 0 | AS32: 0 | AT32: 0 | AU32: 0 | AV32: 0 | AW32: 0 | AX32: 0 | AY32: 0 | AZ32: 0 | BA32: 0 | BB32: 0 | BC32: 0 | BD32: 0 | BE32: 0 | BF32: 0 | BG32: 0 | BH32: 0 | BI32: 0 | BJ32: 0 | BK32: 0 | BL32: 0 | BM32: 0 | BN32: 0 | BO32: 0 | BP32: 0 | BQ32: 0 | BR32: 0 | BS32: 0 | BT32: 0 | BU32: 0 | BV32: 0 | BW32: 0 | BX32: 0 | BY32: 0 | BZ32: 0 | CA32: 0 | CB32: 0 | CC32: 0 | CD32: 0 | CE32: 0 | CF32: 0 | CG32: 0 | CH32: 0
A33: Loan Closing Costs | C33: 0 | D33: 0 | E33: 0 | F33: 0 | G33: 0 | H33: 0 | I33: 0 | J33: 0 | K33: 0 | L33: 0 | M33: 0 | N33: 0 | O33: 0 | P33: 0 | Q33: 0 | R33: 0 | S33: 0 | T33: 0 | U33: 0 | V33: 0 | W33: 0 | X33: 0 | Y33: 0 | Z33: 0 | AA33: 0 | AB33: 0 | AC33: 0 | AD33: 0 | AE33: 0 | AF33: 0 | AG33: 0 | AH33: 0 | AI33: 0 | AJ33: 0 | AK33: 0 | AL33: 0 | AM33: 0 | AN33: 0 | AO33: 0 | AP33: 0 | AQ33: 0 | AR33: 0 | AS33: 0 | AT33: 0 | AU33: 0 | AV33: 0 | AW33: 0 | AX33: 0 | AY33: 0 | AZ33: 0 | BA33: 0 | BB33: 0 | BC33: 0 | BD33: 0 | BE33: 0 | BF33: 0 | BG33: 0 | BH33: 0 | BI33: 0 | BJ33: 0 | BK33: 0 | BL33: 0 | BM33: 0 | BN33: 0 | BO33: 0 | BP33: 0 | BQ33: 0 | BR33: 0 | BS33: 0 | BT33: 0 | BU33: 0 | BV33: 0 | BW33: 0 | BX33: 0 | BY33: 0 | BZ33: 0 | CA33: 0 | CB33: 0 | CC33: 0 | CD33: 0 | CE33: 0 | CF33: 0 | CG33: 0 | CH33: 0
A34: Less Accumulated Amortization | C34: -25844.56 | D34: -29536.64 | E34: -33228.72 | F34: -36920.8 | G34: -40612.88 | H34: -44304.96 | I34: -47997.04 | J34: -51689.12 | K34: -55381.2 | L34: -59073.28 | M34: -62765.36 | N34: -66457.44 | O34: -70149.52 | P34: -73841.6 | Q34: -77533.68 | R34: -81225.76 | S34: -84917.84 | T34: -88609.92 | U34: -92302 | V34: -95994.08 | W34: -99686.16 | X34: -103378.24 | Y34: -107070.32 | Z34: -321211.4 | AA34: -332287.64 | AB34: -343363.88 | AC34: -354440.12 | AD34: -365516.36 | AE34: -376592.6 | AF34: -387668.84 | AG34: -398745.08 | AH34: -409821.32 | AI34: -420897.56 | AJ34: -431973.8 | AK34: -443050.04 | AL34: -443050.04 | AM34: -443050.04 | AN34: -443050.04 | AO34: -443050.04 | AP34: -443050.04 | AQ34: -443050.04 | AR34: -443050.04 | AS34: -443050.04 | AT34: -443050.04 | AU34: -443050.04 | AV34: -443050.04 | AW34: -443050.04 | AX34: -443050.04 | AY34: -443050.04 | AZ34: -443050.04 | BA34: -443050.04 | BB34: -443050.04 | BC34: -443050.04 | BD34: -443050.04 | BE34: -443050.04 | BF34: -443050.04 | BG34: -443050.04 | BH34: -443050.04 | BI34: -443050.04 | BJ34: -443050.04 | BK34: -443050.04 | BL34: -443050.04 | BM34: -443050.04 | BN34: -443050.04 | BO34: -443050.04 | BP34: -443050.04 | BQ34: -443050.04 | BR34: -443050.04 | BS34: -443050.04 | BT34: -443050.04 | BU34: -443050.04 | BV34: -443050.04 | BW34: -443050.04 | BX34: -443050.04 | BY34: -443050.04 | BZ34: -443050.04 | CA34: -443050.04 | CB34: -443050.04 | CC34: -443050.04 | CD34: -443050.04 | CE34: -443050.04 | CF34: -443050.04 | CG34: -443050.04 | CH34: -443050.04
A35: Deferred Tax Asset | B35: 180000 Deferred Tax Asset | C35: 0 | D35: 0 | E35: 0 | F35: 0 | G35: 0 | H35: 0 | I35: 0 | J35: 0 | K35: 0 | L35: 0 | M35: 0 | N35: 0 | O35: 0 | P35: 0 | Q35: 0 | R35: 0 | S35: 0 | T35: 0 | U35: 0 | V35: 0 | W35: 0 | X35: 0 | Y35: 0 | Z35: 1253269 | AA35: 1253269 | AB35: 1253269 | AC35: 1253269 | AD35: 1253269 | AE35: 1253269 | AF35: 1253269 | AG35: 1253269 | AH35: 1253269 | AI35: 1253269 | AJ35: 1253269 | AK35: 1253269 | AL35: 1253269 | AM35: 1253269 | AN35: 1253269 | AO35: 1253269 | AP35: 1253269 | AQ35: 1253269 | AR35: 1253269 | AS35: 1253269 | AT35: 1253269 | AU35: 1253269 | AV35: 1253269 | AW35: 1253269 | AX35: 1253269 | AY35: 1253269 | AZ35: 1253269 | BA35: 1253269 | BB35: 1253269 | BC35: 1253269 | BD35: 1253269 | BE35: 1253269 | BF35: 1253269 | BG35: 1253269 | BH35: 1253269 | BI35: 1253269 | BJ35: 1253269 | BK35: 1253269 | BL35: 1253269 | BM35: 1253269 | BN35: 1253269 | BO35: 1253269 | BP35: 1253269 | BQ35: 1253269 | BR35: 1253269 | BS35: 1253269 | BT35: 1253269 | BU35: 1253269 | BV35: 1253269 | BW35: 1253269 | BX35: 1253269 | BY35: 1253269 | BZ35: 1253269 | CA35: 1253269 | CB35: 1253269 | CC35: 1253269 | CD35: 1253269 | CE35: 1253269 | CF35: 1253269 | CG35: 1253269 | CH35: 1253269
A36: Less: Deferred Tax Valuation Allowance | B36: 180100 Deferred Tax Valuation Allowance | N36: 0 | O36: 0 | P36: 0 | Q36: 0 | R36: 0 | S36: 0 | T36: 0 | U36: 0 | V36: 0 | W36: 0 | X36: 0 | Y36: 0 | Z36: -1253269 | AA36: -1253269 | AB36: -1253269 | AC36: -1253269 | AD36: -1253269 | AE36: -1253269 | AF36: -1253269 | AG36: -1253269 | AH36: -1253269 | AI36: -1253269 | AJ36: -1253269 | AK36: -1253269 | AL36: -1253269 | AM36: -1253269 | AN36: -1253269 | AO36: -1253269 | AP36: -1253269 | AQ36: -1253269 | AR36: -1253269 | AS36: -1253269 | AT36: -1253269 | AU36: -1253269 | AV36: -1253269 | AW36: -1253269 | AX36: -1253269 | AY36: -1253269 | AZ36: -1253269 | BA36: -1253269 | BB36: -1253269 | BC36: -1253269 | BD36: -1253269 | BE36: -1253269 | BF36: -1253269 | BG36: -1253269 | BH36: -1253269 | BI36: -1253269 | BJ36: -1253269 | BK36: -1253269 | BL36: -1253269 | BM36: -1253269 | BN36: -1253269 | BO36: -1253269 | BP36: -1253269 | BQ36: -1253269 | BR36: -1253269 | BS36: -1253269 | BT36: -1253269 | BU36: -1253269 | BV36: -1253269 | BW36: -1253269 | BX36: -1253269 | BY36: -1253269 | BZ36: -1253269 | CA36: -1253269 | CB36: -1253269 | CC36: -1253269 | CD36: -1253269 | CE36: -1253269 | CF36: -1253269 | CG36: -1253269 | CH36: -1253269
A37: Total Long Term Assets | C37: 638730.31 | D37: 635038.23 | E37: 631346.15 | F37: 627654.07 | G37: 623961.99 | H37: 620269.91 | I37: 616577.83 | J37: 612885.75 | K37: 609193.67 | L37: 605501.59 | M37: 601809.51 | N37: 598117.43 | O37: 594425.35 | P37: 590733.27 | Q37: 587041.19 | R37: 599361.61 | S37: 595669.53 | T37: 591977.45 | U37: 588285.37 | V37: 584593.29 | W37: 580901.21 | X37: 577209.13 | Y37: 573517.05 | Z37: 359375.97 | AA37: =SUM(AA30:AA36) -> 348299.73 | AB37: =SUM(AB30:AB36) -> 337223.49 | AC37: =SUM(AC30:AC36) -> 326147.25 | AD37: =SUM(AD30:AD36) -> 315071.01 | AE37: =SUM(AE30:AE36) -> 303994.77 | AF37: =SUM(AF30:AF36) -> 292918.53 | AG37: =SUM(AG30:AG36) -> 281842.29 | AH37: =SUM(AH30:AH36) -> 301021.05 | ... CH37: =SUM(CH30:CH36) -> 546678.58
A39: Total Assets | C39: 1132440.1 | D39: 1095493.2 | E39: 1076291 | F39: 1003518.5 | G39: 914001.2 | H39: 892202.16 | I39: 1082374.8 | J39: 2504507.6 | K39: 2073812.9 | L39: 2159492.7 | M39: 2083478.1 | N39: 1987762.8 | O39: 2686732.5 | P39: 2411880.6 | Q39: 2157923.5 | R39: 1954343.6 | S39: 2016309.5 | T39: 1613844.7 | U39: 9279820.4 | V39: 8081056.5 | W39: 8160267.2 | X39: 7698899.7 | Y39: 7679526.9 | Z39: 6753287.8 | AA39: =+AA37+AA27+AA16 -> 6230080.2 | AB39: =+AB37+AB27+AB16 -> 4983009.8 | AC39: =+AC37+AC27+AC16 -> 12961407 | AD39: =+AD37+AD27+AD16 -> 12663630 | AE39: =+AE37+AE27+AE16 -> 11737714 | AF39: =+AF37+AF27+AF16 -> 10882808 | AG39: =+AG37+AG27+AG16 -> 9881935.7 | AH39: =+AH37+AH27+AH16 -> 8719614.6 | ... CH39: =+CH37+CH27+CH16 -> 98020245
A42: Current Liabilities
A43: Accounts Payable | C43: 205094.6 | D43: 225891.42 | E43: 168672.78 | F43: 165330.31 | G43: 123603.47 | H43: 119555.21 | I43: 128495.53 | J43: 84280.18 | K43: 115330.46 | L43: 158750.19 | M43: 153266.4 | N43: 170955.95 | O43: 189955.87 | P43: 226914.69 | Q43: 230451.3 | R43: 241394.97 | S43: 313131.22 | T43: 387043.91 | U43: 673532.05 | V43: 263370.5 | W43: 250726.66 | X43: 246401.01 | Y43: 464516.65 | Z43: 384477.92 | AA43: 442808.42 | AB43: 382447.7 | AC43: 569977.67 | AD43: 848536.68 | AE43: 684193.5 | AF43: 1085396.6 | AG43: 1238855.1 | AH43: 745074.97 | AI43: 807601.82 | AJ43: 1200088.6 | AK43: 864333.7 | AL43: 1626676 | AM43: 1626676 | AN43: 1626676 | AO43: 1626676 | AP43: 1626676 | AQ43: 1626676 | AR43: 1626676 | AS43: 1626676 | AT43: 1626676 | AU43: 1626676 | AV43: 1626676 | AW43: 1626676 | AX43: 1626676 | AY43: 1626676 | AZ43: 1626676 | BA43: 1626676 | BB43: 1626676 | BC43: 1626676 | BD43: 1626676 | BE43: 1626676 | BF43: 1626676 | BG43: 1626676 | BH43: 1626676 | BI43: 1626676 | BJ43: 1626676 | BK43: 1626676 | BL43: 1626676 | BM43: 1626676 | BN43: 1626676 | BO43: 1626676 | BP43: 1626676 | BQ43: 1626676 | BR43: 1626676 | BS43: 1626676 | BT43: 1626676 | BU43: 1626676 | BV43: 1626676 | BW43: 1626676 | BX43: 1626676 | BY43: 1626676 | BZ43: 1626676 | CA43: 1626676 | CB43: 1626676 | CC43: 1626676 | CD43: 1626676 | CE43: 1626676 | CF43: 1626676 | CG43: 1626676 | CH43: 1626676
A44: 210000 Unearned Revenue | AA44: 820987.76 | AB44: 784573.71 | AC44: 626703.76 | AD44: 1222696 | AE44: 1323964.2 | AF44: 750780.24 | AG44: 578560.03 | AH44: 1076680.6 | AI44: 939476.36 | AJ44: 1112260 | AK44: 1062581.4 | AL44: 929248.1 | AM44: 850081.43 | AN44: 770914.76 | AO44: 691748.1 | AP44: 612581.43 | AQ44: 533414.76 | AR44: 454248.1 | AS44: 375081.43 | AT44: 295914.76 | AU44: 216748.1 | AV44: 137581.43 | AW44: 58414.763 | AX44: -20751.903 | AY44: -154085.24 | AZ44: -287418.57 | BA44: -420751.9 | BB44: -554085.24 | BC44: -687418.57 | BD44: -820751.9 | BE44: -954085.24 | BF44: -1087418.6 | BG44: -1220751.9 | BH44: -1354085.2 | BI44: -1487418.6 | BJ44: -1620751.9 | BK44: -1754085.2 | BL44: -1887418.6 | BM44: -2020751.9 | BN44: -2154085.2 | BO44: -2287418.6 | BP44: -2420751.9 | BQ44: -2554085.2 | BR44: -2687418.6 | BS44: -2820751.9 | BT44: -2954085.2 | BU44: -3087418.6 | BV44: -3220751.9 | BW44: -3354085.2 | BX44: -3487418.6 | BY44: -3620751.9 | BZ44: -3754085.2 | CA44: -3887418.6 | CB44: -4020751.9 | CC44: -4154085.2 | CD44: -4287418.6 | CE44: -4420751.9 | CF44: -4554085.2 | CG44: -4687418.6 | CH44: -4820751.9
A45: 220100 Accrued Wages Payable | AA45: 1204640.4 | AB45: 841766.78 | AC45: 714442.24 | AD45: 467650.49 | AE45: 604125.52 | AF45: 672996.65 | AG45: 870771.32 | AH45: 691188.9 | AI45: 760220.98 | AJ45: 979066.5 | AK45: 1175461.6 | AL45: 1769465.3 | AM45: 2363468.9 | AN45: 2957472.5 | AO45: 3551476.1 | AP45: 4145479.7 | AQ45: 4739483.3 | AR45: 5333486.9 | AS45: 5927490.5 | AT45: 6521494.2 | AU45: 7115497.8 | AV45: 7709501.4 | AW45: 8303505 | AX45: 8897508.6 | AY45: 9491512.2 | AZ45: 10085516 | BA45: 10679519 | BB45: 11273523 | BC45: 11867527 | BD45: 12461530 | BE45: 13055534 | BF45: 13649538 | BG45: 14243541 | BH45: 14837545 | BI45: 15431548 | BJ45: 16025552 | BK45: 16619556 | BL45: 17213559 | BM45: 17807563 | BN45: 18401566 | BO45: 18995570 | BP45: 19589574 | BQ45: 20183577 | BR45: 20777581 | BS45: 21371584 | BT45: 21965588 | BU45: 22559592 | BV45: 23153595 | BW45: 23747599 | BX45: 24341603 | BY45: 24935606 | BZ45: 25529610 | CA45: 26123613 | CB45: 26717617 | CC45: 27311621 | CD45: 27905624 | CE45: 28499628 | CF45: 29093631 | CG45: 29687635 | CH45: 30281639
A46: 220105 Severance Pay | AA46: 0 | AB46: 0 | AC46: 0 | AD46: 0 | AE46: 0 | AF46: 0 | AG46: 151923.08 | AH46: 95656.92 | AI46: 54491.13 | AJ46: 27307.65 | AK46: 18461.49 | AL46: 4615.3362 | AM46: -9230.8177 | AN46: -23076.972 | AO46: -36923.125 | AP46: -50769.279 | AQ46: -64615.433 | AR46: -78461.587 | AS46: -92307.741 | AT46: -106153.89 | AU46: -120000.05 | AV46: -133846.2 | AW46: -147692.36 | AX46: -161538.51 | AY46: -175384.66 | AZ46: -189230.82 | BA46: -203076.97 | BB46: -216923.13 | BC46: -230769.28 | BD46: -244615.43 | BE46: -258461.59 | BF46: -272307.74 | BG46: -286153.89 | BH46: -300000.05 | BI46: -313846.2 | BJ46: -327692.36 | BK46: -341538.51 | BL46: -355384.66 | BM46: -369230.82 | BN46: -383076.97 | BO46: -396923.13 | BP46: -410769.28 | BQ46: -424615.43 | BR46: -438461.59 | BS46: -452307.74 | BT46: -466153.89 | BU46: -480000.05 | BV46: -493846.2 | BW46: -507692.36 | BX46: -521538.51 | BY46: -535384.66 | BZ46: -549230.82 | CA46: -563076.97 | CB46: -576923.13 | CC46: -590769.28 | CD46: -604615.43 | CE46: -618461.59 | CF46: -632307.74 | CG46: -646153.89 | CH46: -660000.05
A47: 220200 Accrued Employer Taxes | AA47: 48605.63 | AB47: 31265.27 | AC47: 13389.53 | AD47: 16495.72 | AE47: 26933.57 | AF47: 27400.24 | AG47: 34589.04 | AH47: 14194.22 | AI47: 17848.26 | AJ47: 27695.76 | AK47: 34773.16 | AL47: 34773.16 | AM47: 34773.16 | AN47: 34773.16 | AO47: 34773.16 | AP47: 34773.16 | AQ47: 34773.16 | AR47: 34773.16 | AS47: 34773.16 | AT47: 34773.16 | AU47: 34773.16 | AV47: 34773.16 | AW47: 34773.16 | AX47: 34773.16 | AY47: 34773.16 | AZ47: 34773.16 | BA47: 34773.16 | BB47: 34773.16 | BC47: 34773.16 | BD47: 34773.16 | BE47: 34773.16 | BF47: 34773.16 | BG47: 34773.16 | BH47: 34773.16 | BI47: 34773.16 | BJ47: 34773.16 | BK47: 34773.16 | BL47: 34773.16 | BM47: 34773.16 | BN47: 34773.16 | BO47: 34773.16 | BP47: 34773.16 | BQ47: 34773.16 | BR47: 34773.16 | BS47: 34773.16 | BT47: 34773.16 | BU47: 34773.16 | BV47: 34773.16 | BW47: 34773.16 | BX47: 34773.16 | BY47: 34773.16 | BZ47: 34773.16 | CA47: 34773.16 | CB47: 34773.16 | CC47: 34773.16 | CD47: 34773.16 | CE47: 34773.16 | CF47: 34773.16 | CG47: 34773.16 | CH47: 34773.16
A48: 220700 Accrued 401K | AA48: 7671.08 | AB48: 30021.76 | AC48: 24600.68 | AD48: 23104.78 | AE48: -10234.06 | AF48: -10234.06 | AG48: -10234.06 | AH48: 22789.17 | AI48: 29599.85 | AJ48: -21323.09 | AK48: -21661.32 | AL48: -21661.32 | AM48: -21661.32 | AN48: -21661.32 | AO48: -21661.32 | AP48: -21661.32 | AQ48: -21661.32 | AR48: -21661.32 | AS48: -21661.32 | AT48: -21661.32 | AU48: -21661.32 | AV48: -21661.32 | AW48: -21661.32 | AX48: -21661.32 | AY48: -21661.32 | AZ48: -21661.32 | BA48: -21661.32 | BB48: -21661.32 | BC48: -21661.32 | BD48: -21661.32 | BE48: -21661.32 | BF48: -21661.32 | BG48: -21661.32 | BH48: -21661.32 | BI48: -21661.32 | BJ48: -21661.32 | BK48: -21661.32 | BL48: -21661.32 | BM48: -21661.32 | BN48: -21661.32 | BO48: -21661.32 | BP48: -21661.32 | BQ48: -21661.32 | BR48: -21661.32 | BS48: -21661.32 | BT48: -21661.32 | BU48: -21661.32 | BV48: -21661.32 | BW48: -21661.32 | BX48: -21661.32 | BY48: -21661.32 | BZ48: -21661.32 | CA48: -21661.32 | CB48: -21661.32 | CC48: -21661.32 | CD48: -21661.32 | CE48: -21661.32 | CF48: -21661.32 | CG48: -21661.32 | CH48: -21661.32
A49: Massachusetts Department of Revenue Payable | AA49: 0 | AB49: 0 | AC49: 0 | AD49: 0 | AE49: 0 | AF49: 0 | AG49: 0 | AH49: 0 | AI49: 0 | AJ49: 0 | AK49: 343.75
A50: Other Current Liabilities (deleted) | AA50: 0 | AB50: 0 | AC50: 0 | AD50: 0 | AE50: 0 | AF50: 0 | AG50: 0 | AH50: 0 | AI50: 0 | AJ50: 0 | AK50: 3328.13
A51: Notes Payable - Current | C51: 603907 | D51: 603907 | E51: 603907 | F51: 603907 | G51: 603907 | H51: 603907 | I51: 603907 | J51: 603907 | K51: 360000 | L51: 360000 | M51: 360000 | N51: 360000 | O51: 1110000 | P51: 1110000 | Q51: 1110000 | R51: 1110000 | S51: 1110000 | T51: 1110000 | U51: 360000 | V51: 0 | W51: 0 | X51: 0 | Y51: 0 | Z51: 0 | AA51: 0 | AB51: 0 | AC51: 0 | AD51: 0 | AE51: 0 | AF51: 0 | AG51: 0 | AH51: 0 | AI51: 0 | AJ51: 0 | AK51: 0 | AL51: 0 | AM51: 0 | AN51: 0 | AO51: 0 | AP51: 0 | AQ51: 0 | AR51: 0 | AS51: 0 | AT51: 0 | AU51: 0 | AV51: 0 | AW51: 0 | AX51: 0 | AY51: 0 | AZ51: 0 | BA51: 0 | BB51: 0 | BC51: 0 | BD51: 0 | BE51: 0 | BF51: 0 | BG51: 0 | BH51: 0 | BI51: 0 | BJ51: 0 | BK51: 0 | BL51: 0 | BM51: 0 | BN51: 0 | BO51: 0 | BP51: 0 | BQ51: 0 | BR51: 0 | BS51: 0 | BT51: 0 | BU51: 0 | BV51: 0 | BW51: 0 | BX51: 0 | BY51: 0 | BZ51: 0 | CA51: 0 | CB51: 0 | CC51: 0 | CD51: 0 | CE51: 0 | CF51: 0 | CG51: 0 | CH51: 0
A52: Total Current Liabilities | C52: 1146371.2 | D52: 1128416.2 | E52: 1126294.6 | F52: 1064915.4 | G52: 1029915.1 | H52: 955418.81 | I52: 1153755.6 | J52: 1117076.4 | K52: 728531.9 | L52: 885288.82 | M52: 819415.74 | N52: 989410.01 | O52: 1734767.5 | P52: 1766043.6 | Q52: 1619637.4 | R52: 1586938.2 | S52: 1800363 | T52: 1865302.5 | U52: 1355949.6 | V52: 588176.73 | W52: 904604.37 | X52: 958122.4 | Y52: 1322169.8 | Z52: 2192220.8 | AA52: =SUM(AA43:AA51) -> 2524713.3 | AB52: =SUM(AB43:AB51) -> 2070075.2 | AC52: =SUM(AC43:AC51) -> 1949113.9 | AD52: =SUM(AD43:AD51) -> 2578483.7 | AE52: =SUM(AE43:AE51) -> 2628982.7 | AF52: =SUM(AF43:AF51) -> 2526339.7 | AG52: =SUM(AG43:AG51) -> 2864464.5 | AH52: =SUM(AH43:AH51) -> 2645584.8 | ... CH52: =SUM(CH43:CH51) -> 26440675
A54: Long Term Liabilities
A55: Deferred Rent | C55: 0 | D55: 0 | E55: 0 | F55: 0 | G55: 0 | H55: 0 | I55: 0 | J55: 0 | K55: 0 | L55: 0 | M55: 0 | N55: 0 | O55: 0 | P55: 0 | Q55: 0 | R55: 14970.78 | S55: 29941.56 | T55: 44912.34 | U55: 59883.12 | V55: 74853.9 | W55: 89824.68 | X55: 97201.58 | Y55: 111087.52 | Z55: 124973.46 | AA55: 117859.4 | AB55: 121245.34 | AC55: 124631.28 | AD55: 128017.22 | AE55: 131403.16 | AF55: 134789.1 | AG55: 138175.04 | AH55: 135743.48 | AI55: 133311.92 | AJ55: 130880.36 | AK55: 128448.8 | AL55: 128448.8 | AM55: 128448.8 | AN55: 128448.8 | AO55: 128448.8 | AP55: 128448.8 | AQ55: 128448.8 | AR55: 128448.8 | AS55: 128448.8 | AT55: 128448.8 | AU55: 128448.8 | AV55: 166714.46 | AW55: 204980.11 | AX55: 243245.77 | AY55: 281511.43 | AZ55: 319777.08 | BA55: 358042.74 | BB55: 396308.4 | BC55: 434574.05 | BD55: 472839.71 | BE55: 511105.37 | BF55: 549371.03 | BG55: 587636.68 | BH55: 625902.34 | BI55: 664168 | BJ55: 702433.65 | BK55: 740699.31 | BL55: 778964.97 | BM55: 817230.62 | BN55: 855496.28 | BO55: 893761.94 | BP55: 932027.59 | BQ55: 970293.25 | BR55: 1008558.9 | BS55: 1046824.6 | BT55: 1085090.2 | BU55: 1123355.9 | BV55: 1161621.5 | BW55: 1199887.2 | BX55: 1238152.8 | BY55: 1276418.5 | BZ55: 1314684.2 | CA55: 1352949.8 | CB55: 1391215.5 | CC55: 1429481.1 | CD55: 1467746.8 | CE55: 1506012.4 | CF55: 1544278.1 | CG55: 1582543.8 | CH55: 1620809.4
A56: Other Long Term Liabilities | C56: 0 | D56: 0 | E56: 0 | F56: 0 | G56: 0 | H56: 0 | I56: 0 | J56: 0 | K56: 0 | L56: 0 | M56: 0 | N56: 0 | O56: 0 | P56: 0 | Q56: 0 | R56: 0 | S56: 0 | T56: 0 | U56: 0 | V56: 0 | W56: 0 | X56: 0 | Y56: 0 | Z56: 0 | AA56: 0 | AB56: 0 | AC56: 0 | AD56: 0 | AE56: 0 | AF56: 0 | AG56: 0 | AH56: 0 | AI56: 0 | AJ56: 0 | AK56: 0 | AL56: 0 | AM56: 0 | AN56: 0 | AO56: 0 | AP56: 0 | AQ56: 0 | AR56: 0 | AS56: 0 | AT56: 0 | AU56: 0 | AV56: 0 | AW56: 0 | AX56: 0 | AY56: 0 | AZ56: 0 | BA56: 0 | BB56: 0 | BC56: 0 | BD56: 0 | BE56: 0 | BF56: 0 | BG56: 0 | BH56: 0 | BI56: 0 | BJ56: 0 | BK56: 0 | BL56: 0 | BM56: 0 | BN56: 0 | BO56: 0 | BP56: 0 | BQ56: 0 | BR56: 0 | BS56: 0 | BT56: 0 | BU56: 0 | BV56: 0 | BW56: 0 | BX56: 0 | BY56: 0 | BZ56: 0 | CA56: 0 | CB56: 0 | CC56: 0 | CD56: 0 | CE56: 0 | CF56: 0 | CG56: 0 | CH56: 0
A57: Notes Payable - Long term | C57: 0 | D57: 0 | E57: 0 | F57: 0 | G57: 0 | H57: 0 | I57: 0 | J57: 0 | K57: 0 | L57: 0 | M57: 0 | N57: 0 | O57: 0 | P57: 0 | Q57: 0 | R57: 0 | S57: 0 | T57: 0 | U57: 0 | V57: 0 | W57: 0 | X57: 0 | Y57: 0 | Z57: 0 | AA57: 0 | AB57: 0 | AC57: 0 | AD57: 0 | AE57: 0 | AF57: 0 | AG57: 0 | AH57: 0 | AI57: 0 | AJ57: 0 | AK57: 0 | AL57: 0 | AM57: 0 | AN57: 0 | AO57: 0 | AP57: 0 | AQ57: 0 | AR57: 0 | AS57: 0 | AT57: 0 | AU57: 0 | AV57: 0 | AW57: 0 | AX57: 0 | AY57: 0 | AZ57: 0 | BA57: 0 | BB57: 0 | BC57: 0 | BD57: 0 | BE57: 0 | BF57: 0 | BG57: 0 | BH57: 0 | BI57: 0 | BJ57: 0 | BK57: 0 | BL57: 0 | BM57: 0 | BN57: 0 | BO57: 0 | BP57: 0 | BQ57: 0 | BR57: 0 | BS57: 0 | BT57: 0 | BU57: 0 | BV57: 0 | BW57: 0 | BX57: 0 | BY57: 0 | BZ57: 0 | CA57: 0 | CB57: 0 | CC57: 0 | CD57: 0 | CE57: 0 | CF57: 0 | CG57: 0 | CH57: 0
A58: Total Long Term Liabilities | C58: 0 | D58: 0 | E58: 0 | F58: 0 | G58: 0 | H58: 0 | I58: 0 | J58: 0 | K58: 0 | L58: 0 | M58: 0 | N58: 0 | O58: 0 | P58: 0 | Q58: 0 | R58: 14970.78 | S58: 29941.56 | T58: 44912.34 | U58: 59883.12 | V58: 74853.9 | W58: 89824.68 | X58: 97201.58 | Y58: 111087.52 | Z58: 124973.46 | AA58: =SUM(AA55:AA57) -> 117859.4 | AB58: 121245.34 | AC58: 124631.28 | AD58: 128017.22 | AE58: 131403.16 | AF58: 134789.1 | AG58: 138175.04 | AH58: 135743.48 | AI58: 133311.92 | AJ58: 130880.36 | AK58: 128448.8 | AL58: =+SUM(AL55:AL57) -> 128448.8 | AM58: =+SUM(AM55:AM57) -> 128448.8 | AN58: =+SUM(AN55:AN57) -> 128448.8 | AO58: =+SUM(AO55:AO57) -> 128448.8 | AP58: =+SUM(AP55:AP57) -> 128448.8 | AQ58: =+SUM(AQ55:AQ57) -> 128448.8 | AR58: =+SUM(AR55:AR57) -> 128448.8 | AS58: =+SUM(AS55:AS57) -> 128448.8 | ... CH58: =+SUM(CH55:CH57) -> 1620809.4
A59: Total Liabilities | N59: 989410.01 | O59: 1734767.5 | P59: 1766043.6 | Q59: 1619637.4 | R59: 1601909 | S59: 1830304.6 | T59: 1910214.8 | U59: 1415832.7 | V59: 663030.63 | W59: 994429.05 | X59: 1055324 | Y59: 1433257.3 | Z59: 2317194.2 | AA59: =+AA58+AA52 -> 2642572.7 | AB59: =+AB58+AB52 -> 2191320.6 | AC59: =+AC58+AC52 -> 2073745.2 | AD59: =+AD58+AD52 -> 2706500.9 | AE59: =+AE58+AE52 -> 2760385.9 | AF59: =+AF58+AF52 -> 2661128.8 | AG59: =+AG58+AG52 -> 3002639.5 | AH59: =+AH58+AH52 -> 2781328.2 | ... CH59: =+CH58+CH52 -> 28061484
A61: Equity
A62: Common Stock | C62: 650 | D62: 650 | E62: 650 | F62: 650 | G62: 975 | H62: 975 | I62: 975 | J62: 975 | K62: 975 | L62: 975 | M62: 975 | N62: 975 | O62: 975 | P62: 977.92 | Q62: 977.92 | R62: 978.13 | S62: 978.13 | T62: 978.13 | U62: 978.13 | V62: 986.22 | W62: 986.22 | X62: 986.64 | Y62: 988.64 | Z62: 1011.81 | AA62: 1011.81 | AB62: 1011.81 | AC62: 1011.81 | AD62: 1011.81 | AE62: 1013.81 | AF62: 1013.88 | AG62: 1013.88 | AH62: 1018.21 | AI62: 1058.21 | AJ62: 1058.21 | AK62: 1058.21 | AL62: 1058.21 | AM62: 1058.21 | AN62: 1058.21 | AO62: 1058.21 | AP62: 1058.21 | AQ62: 1058.21 | AR62: 1058.21 | AS62: 1058.21 | AT62: 1058.21 | AU62: 1058.21 | AV62: 1058.21 | AW62: 1058.21 | AX62: 1058.21 | AY62: 1058.21 | AZ62: 1058.21 | BA62: 1058.21 | BB62: 1058.21 | BC62: 1058.21 | BD62: 1058.21 | BE62: 1058.21 | BF62: 1058.21 | BG62: 1058.21 | BH62: 1058.21 | BI62: 1058.21 | BJ62: 1058.21 | BK62: 1058.21 | BL62: 1058.21 | BM62: 1058.21 | BN62: 1058.21 | BO62: 1058.21 | BP62: 1058.21 | BQ62: 1058.21 | BR62: 1058.21 | BS62: 1058.21 | BT62: 1058.21 | BU62: 1058.21 | BV62: 1058.21 | BW62: 1058.21 | BX62: 1058.21 | BY62: 1058.21 | BZ62: 1058.21 | CA62: 1058.21 | CB62: 1058.21 | CC62: 1058.21 | CD62: 1058.21 | CE62: 1058.21 | CF62: 1058.21 | CG62: 1058.21 | CH62: 1058.21
A63: Preferred Stock | C63: 0 | D63: 0 | E63: 0 | F63: 0 | G63: 0 | H63: 0 | I63: 0 | J63: 159.33 | K63: 169.95 | L63: 175.26 | M63: 180.57 | N63: 180.57 | O63: 180.57 | P63: 180.57 | Q63: 180.57 | R63: 180.57 | S63: 180.57 | T63: 180.57 | U63: 571.01 | V63: 571.01 | W63: 571.01 | X63: 571.01 | Y63: 571.01 | Z63: 571.01 | AA63: 571.01 | AB63: 571.01 | AC63: 730.42 | AD63: 730.42 | AE63: 730.42 | AF63: 730.42 | AG63: 730.42 | AH63: 730.42 | AI63: 973.69 | AJ63: 1094.16 | AK63: 1094.16 | AL63: 1094.16 | AM63: 1094.16 | AN63: 1094.16 | AO63: 1094.16 | AP63: 1094.16 | AQ63: 1094.16 | AR63: 1094.16 | AS63: 1094.16 | AT63: 1094.16 | AU63: 1094.16 | AV63: 1094.16 | AW63: 1094.16 | AX63: 1094.16 | AY63: 1094.16 | AZ63: 1094.16 | BA63: 1094.16 | BB63: 1094.16 | BC63: 1094.16 | BD63: 1094.16 | BE63: 1094.16 | BF63: 1094.16 | BG63: 1094.16 | BH63: 1094.16 | BI63: 1094.16 | BJ63: 1094.16 | BK63: 1094.16 | BL63: 1094.16 | BM63: 1094.16 | BN63: 1094.16 | BO63: 1094.16 | BP63: 1094.16 | BQ63: 1094.16 | BR63: 1094.16 | BS63: 1094.16 | BT63: 1094.16 | BU63: 1094.16 | BV63: 1094.16 | BW63: 1094.16 | BX63: 1094.16 | BY63: 1094.16 | BZ63: 1094.16 | CA63: 1094.16 | CB63: 1094.16 | CC63: 1094.16 | CD63: 1094.16 | CE63: 1094.16 | CF63: 1094.16 | CG63: 1094.16 | CH63: 1094.16
A64: Paid in Capital | C64: 0 | D64: 0 | E64: 0 | F64: 0 | G64: 3900 | H64: 3900 | I64: 3900 | J64: 1494740.7 | K64: 1582230.1 | L64: 1617880.2 | M64: 1667874.9 | N64: 1667874.9 | O64: 1667874.9 | P64: 1667909.9 | Q64: 1667909.9 | R64: 1667912.4 | S64: 1667912.4 | T64: 1667912.4 | U64: 10411905 | V64: 10432120 | W64: 10432120 | X64: 10432125 | Y64: 10437123 | Z64: 11461994 | AA64: 11464891 | AB64: 11467908 | AC64: 19216736 | AD64: 19219633 | AE64: 19560860 | AF64: 20219474 | AG64: 20222371 | AH64: 20219891 | AI64: 42052083 | AJ64: 52696825 | AK64: 52691005 | AL64: 52691005 | AM64: 52691005 | AN64: 52691005 | AO64: 52691005 | AP64: 52691005 | AQ64: 52691005 | AR64: 52691005 | AS64: 52691005 | AT64: 52691005 | AU64: 52691005 | AV64: 52691005 | AW64: 52691005 | AX64: 52691005 | AY64: 52691005 | AZ64: 52691005 | BA64: 52691005 | BB64: 52691005 | BC64: 52691005 | BD64: 52691005 | BE64: 52691005 | BF64: 52691005 | BG64: 52691005 | BH64: 52691005 | BI64: 52691005 | BJ64: 52691005 | BK64: 52691005 | BL64: 52691005 | BM64: 52691005 | BN64: 52691005 | BO64: 52691005 | BP64: 52691005 | BQ64: 52691005 | BR64: 52691005 | BS64: 52691005 | BT64: 52691005 | BU64: 52691005 | BV64: 52691005 | BW64: 52691005 | BX64: 52691005 | BY64: 52691005 | BZ64: 52691005 | CA64: 52691005 | CB64: 52691005 | CC64: 52691005 | CD64: 52691005 | CE64: 52691005 | CF64: 52691005 | CG64: 52691005 | CH64: 52691005
A65: Retained Earnings | C65: 0 | D65: 0 | E65: 0 | F65: 0 | G65: 0 | H65: 0 | I65: 0 | J65: 0 | K65: 0 | L65: 0 | M65: 0 | N65: 0 | O65: -614970.68 | P65: -614970.68 | Q65: -614970.68 | R65: -614970.68 | S65: -614970.68 | T65: -614970.68 | U65: -614970.68 | V65: -614970.68 | W65: -614970.68 | X65: -614970.68 | Y65: -614970.68 | Z65: -614970.68 | AA65: -6971776.3 | AB65: -6971776.3 | AC65: -6971776.3 | AD65: -6971776.3 | AE65: -6971776.3 | AF65: -6971776.3 | AG65: -6971776.3 | AH65: -6971776.3 | AI65: -6971776.3 | AJ65: -6971776.3 | AK65: -6971776.3 | AL65: -6971776.3 | AM65: =+AL65+AL67 -> -19056861 | AN65: =+AM65 -> -19056861 | AO65: =+AN65 -> -19056861 | AP65: =+AO65 -> -19056861 | AQ65: =+AP65 -> -19056861 | AR65: =+AQ65 -> -19056861 | AS65: =+AR65 -> -19056861 | AT65: =+AS65 -> -19056861 | AU65: =+AT65 -> -19056861 | ... AX65: =+AW65 -> -19056861 | AY65: =+AX65+AX67 -> -35714743 | AZ65: =+AY65 -> -35714743 | BA65: =+AZ65 -> -35714743 | BB65: =+BA65 -> -35714743 | BC65: =+BB65 -> -35714743 | BD65: =+BC65 -> -35714743 | BE65: =+BD65 -> -35714743 | BF65: =+BE65 -> -35714743 | BG65: =+BF65 -> -35714743 | ... BJ65: =+BI65 -> -35714743 | BK65: =+BJ65+BJ67 -> -38186350 | BL65: =+BK65 -> -38186350 | BM65: =+BL65 -> -38186350 | BN65: =+BM65 -> -38186350 | BO65: =+BN65 -> -38186350 | BP65: =+BO65 -> -38186350 | BQ65: =+BP65 -> -38186350 | BR65: =+BQ65 -> -38186350 | BS65: =+BR65 -> -38186350 | ... BV65: =+BU65 -> -38186350 | BW65: =+BV65+BV67 -> -20581046 | BX65: =+BW65 -> -20581046 | BY65: =+BX65 -> -20581046 | BZ65: =+BY65 -> -20581046 | CA65: =+BZ65 -> -20581046 | CB65: =+CA65 -> -20581046 | CC65: =+CB65 -> -20581046 | CD65: =+CC65 -> -20581046 | CE65: =+CD65 -> -20581046 | ... CH65: =+CG65 -> -20581046
A66: Treasury Stock | C66: 0 | D66: 0 | E66: 0 | F66: -175 | G66: -175 | H66: -175 | I66: -175 | J66: -175 | K66: -55707 | L66: -55707 | M66: -55707 | N66: -55707 | O66: -55707 | P66: -55707 | Q66: -55707 | R66: -55707 | S66: -55707 | T66: -55707 | U66: -55707 | V66: -55707 | W66: -55707 | X66: -55707 | Y66: -55707 | Z66: -55707 | AA66: -55707 | AB66: -55707 | AC66: -55707 | AD66: -461777.4 | AE66: -461777.4 | AF66: -489077.4 | AG66: -489077.4 | AH66: -489077.4 | AI66: -489077.4 | AJ66: -489077.4 | AK66: -489077.4 | AL66: -489077.4 | AM66: -489077.4 | AN66: -489077.4 | AO66: -489077.4 | AP66: -489077.4 | AQ66: -489077.4 | AR66: -489077.4 | AS66: -489077.4 | AT66: -489077.4 | AU66: -489077.4 | AV66: -489077.4 | AW66: -489077.4 | AX66: -489077.4 | AY66: -489077.4 | AZ66: -489077.4 | BA66: -489077.4 | BB66: -489077.4 | BC66: -489077.4 | BD66: -489077.4 | BE66: -489077.4 | BF66: -489077.4 | BG66: -489077.4 | BH66: -489077.4 | BI66: -489077.4 | BJ66: -489077.4 | BK66: -489077.4 | BL66: -489077.4 | BM66: -489077.4 | BN66: -489077.4 | BO66: -489077.4 | BP66: -489077.4 | BQ66: -489077.4 | BR66: -489077.4 | BS66: -489077.4 | BT66: -489077.4 | BU66: -489077.4 | BV66: -489077.4 | BW66: -489077.4 | BX66: -489077.4 | BY66: -489077.4 | BZ66: -489077.4 | CA66: -489077.4 | CB66: -489077.4 | CC66: -489077.4 | CD66: -489077.4 | CE66: -489077.4 | CF66: -489077.4 | CG66: -489077.4 | CH66: -489077.4
A67: Net Income | C67: 73653.07 | D67: 54661.14 | E67: 37580.48 | F67: 26362.2 | G67: -32379.8 | H67: 20317.49 | I67: 12153.28 | J67: -20034.62 | K67: -94152.9 | L67: -200885.39 | M67: -261026.96 | N67: -526736.54 | O67: -46387.71 | P67: -352553.71 | Q67: -460104.59 | R67: -645958.74 | S67: -812388.43 | T67: -1294763.5 | U67: -1878788.8 | V67: -2344973.6 | W67: -2597161.3 | X67: -3119429.2 | Y67: -3521735.4 | Z67: -6356805.6 | AA67: -851483.07 | AB67: -1650318.1 | AC67: -1303332.6 | AD67: -1830692.7 | AE67: -3151722.4 | AF67: -4538685.9 | AG67: -5883965.7 | AH67: -6822500 | AI67: -8016841.4 | AJ67: -9064888.4 | AK67: -10533801 | AL67: =+AK67+IS!O77 -> -12085085 | AM67: =+IS!P77 -> -683986.22 | AN67: =+AM67+IS!Q77 -> -1669289.5 | AO67: =+AN67+IS!R77 -> -2911102.5 | AP67: =+AO67+IS!S77 -> -4319025.1 | AQ67: =+AP67+IS!T77 -> -5859505.7 | AR67: =+AQ67+IS!U77 -> -7448549.6 | AS67: =+AR67+IS!V77 -> -8980208.7 | AT67: =+AS67+IS!W77 -> -10534374 | AU67: =+AT67+IS!X77 -> -12081007 | ... AX67: =+AW67+IS!AA77 -> -16657882 | AY67: =+IS!AB77 -> -335500.79 | AZ67: =+AY67+IS!AC73 -> -589525.24 | BA67: =+AZ67+IS!AD73 -> -835689.7 | BB67: =+BA67+IS!AE73 -> -1074827.2 | BC67: =+BB67+IS!AF73 -> -1307686.6 | BD67: =+BC67+IS!AG73 -> -1536324.8 | BE67: =+BD67+IS!AH73 -> -1697524.8 | BF67: =+BE67+IS!AI73 -> -1879031.5 | BG67: =+BF67+IS!AJ73 -> -2048023.3 | ... BJ67: =+BI67+IS!AM73 -> -2471606.4 | BK67: =+IS!AN77 -> 1282838.7 | BL67: =+BK67+IS!AO73 -> 2659310.4 | BM67: =+BL67+IS!AP73 -> 4054517.8 | BN67: =+BM67+IS!AQ73 -> 5465902.8 | BO67: =+BN67+IS!AR73 -> 6891967.1 | BP67: =+BO67+IS!AS73 -> 8330870.4 | BQ67: =+BP67+IS!AT73 -> 9848359.2 | BR67: =+BQ67+IS!AU73 -> 11352290 | BS67: =+BR67+IS!AV73 -> 12879282 | ... BV67: =+BU67+IS!AY73 -> 17605304 | BW67: =+IS!AZ77 -> 3364581.7 | BX67: =+BW67+IS!BA73 -> 6831338.7 | BY67: =+BX67+IS!BB73 -> 10325130 | BZ67: =+BY67+IS!BC73 -> 13843514 | CA67: =+BZ67+IS!BD73 -> 17384533 | CB67: =+CA67+IS!BE73 -> 20946849 | CC67: =+CB67+IS!BF73 -> 24598412 | CD67: =+CC67+IS!BG73 -> 28245064 | CE67: =+CD67+IS!BH73 -> 31925569 | ... CH67: =+CG67+IS!BK73 -> 43152600
A68: Total Equity | C68: -13931.07 | D68: -32923 | E68: -50003.66 | F68: -61396.94 | G68: -115913.94 | H68: -63216.65 | I68: -71380.86 | J68: 1387431.2 | K68: 1345281 | L68: 1274203.9 | M68: 1264062.3 | N68: 998352.74 | O68: 951965.03 | P68: 645836.95 | Q68: 538286.07 | R68: 352434.63 | S68: 186004.94 | T68: -296370.09 | U68: 7863987.7 | V68: 7418025.9 | W68: 7165838.2 | X68: 6643575.7 | Y68: 6246269.5 | Z68: 4436093.6 | AA68: =SUM(AA62:AA67) -> 3587507.5 | AB68: =SUM(AB62:AB67) -> 2791689.2 | AC68: =SUM(AC62:AC67) -> 10887662 | AD68: =SUM(AD62:AD67) -> 9957128.6 | AE68: =SUM(AE62:AE67) -> 8977328 | AF68: =SUM(AF62:AF67) -> 8221679 | AG68: =SUM(AG62:AG67) -> 6879296.1 | AH68: =SUM(AH62:AH67) -> 5938286.3 | ... CH68: =SUM(CH62:CH67) -> 74775634
A70: Total Liabilities & Shareholder's Equity | C70: 1132440.1 | D70: 1095493.2 | E70: 1076291 | F70: 1003518.5 | G70: 914001.2 | H70: 892202.16 | I70: 1082374.8 | J70: 2504507.6 | K70: 2073812.9 | L70: 2159492.7 | M70: 2083478.1 | N70: 1987762.8 | O70: 2686732.5 | P70: 2411880.6 | Q70: 2157923.5 | R70: 1954343.6 | S70: 2016309.5 | T70: 1613844.7 | U70: 9279820.4 | V70: 8081056.5 | W70: 8160267.2 | X70: 7698899.7 | Y70: 7679526.9 | Z70: 6753287.8 | AA70: =+AA68+AA59 -> 6230080.2 | AB70: =+AB68+AB59 -> 4983009.8 | AC70: =+AC68+AC59 -> 12961407 | AD70: =+AD68+AD59 -> 12663630 | AE70: =+AE68+AE59 -> 11737714 | AF70: =+AF68+AF59 -> 10882808 | AG70: =+AG68+AG59 -> 9881935.7 | AH70: =+AH68+AH59 -> 8719614.6 | ... CH70: =+CH68+CH59 -> 1.0283712e+08
A73: Diff | C73: 0 | D73: 0 | E73: 0 | F73: 0 | G73: 0 | H73: 0 | I73: 0 | J73: 0 | K73: 0 | L73: 0 | M73: 0 | N73: 0 | O73: 0 | P73: 0 | Q73: 0 | R73: 0 | S73: 0 | T73: 0 | U73: 0 | V73: 0 | W73: 0 | X73: 0 | Y73: 0 | Z73: 0 | AA73: =+AA39-AA70 -> 0 | AB73: =+AB39-AB70 -> 0 | AC73: =+AC39-AC70 -> 0 | AD73: =+AD39-AD70 -> 0 | AE73: =+AE39-AE70 -> 0 | AF73: =+AF39-AF70 -> 0 | AG73: =+AG39-AG70 -> 0 | AH73: =+AH39-AH70 -> 0 | ... CH73: =+CH39-CH70 -> -4816873.2
AA78: 168823.35 | AB78: -14063.37 | AC78: -163291.03 | AD78: 594496.37 | AE78: 67929.29 | AF78: -573183.92 | AG78: -20297.13 | AH78: 474877.63 | AI78: -171559.34 | AJ78: 94677.19 | AK78: -55191.05
AB80: =AA78-AB78 -> 182886.72 | AC80: =AB78-AC78 -> 149227.66 | AD80: =AC78-AD78 -> -757787.4
AB83: =+AB43-AA43 -> -60360.72
